Workbook

Sheet Daily Cost Calc
A1: DAILY COST OF CARE CALCULATIONS
A2: Total Institutional Costs | B2: ='BILLING RATE CALC'!F23 -> 3.6405419e+08
A3: Daily Cost (Divided by 366 days)* | B3: =B2/366 -> 994683.57
A4: Average Daily Institutional Population for Fiscal Year 2024 | B4: ='Inmate Avg Daily Population'!N18 -> 4446.5833
A5: Annual Total Mandays for Fiscal Year 2024 | B5: =B4*366 -> 1627449.5
A6: Daily Cost per Institutional Prisoner | B6: ='BILLING RATE CALC'!G23 -> 223.69615
A9: Total Community Residential Centers Costs | B9: ='COST ALLOCATION'!J41 -> 24033917
A10: Daily Cost (Divided by 366 days)* | B10: =B9/366 -> 65666.441
A11: Average Daily CRC Population for Fiscal Year 2024 | B11: ='Inmate Avg Daily Population'!N20+'Inmate Avg Daily Population'!N21 -> 387
A12: Annual Total Mandays for Fiscal Year 2024 | B12: =B11*366 -> 141642
A13: Daily Cost Per Community Residential Center Inmate | B13: =B10/B11 -> 169.68073
A16: Total Probation/Parole Costs | B16: ='COST ALLOCATION'!J38+'COST ALLOCATION'!J37 -> 20170807
A17: Daily Cost (Divided by 366 days)* | B17: =B16/366 -> 55111.494
A18: Average Daily Probationers/Parole Served for Fiscal Year 2024 | B18: ='Monthly PO Workload Stats'!H393 -> 3968.1667 | C18: ?
A19: Annual Total Mandays for Fiscal Year 2024 | B19: =B18*366 -> 1452349
A20: Daily Cost per Probationer/Parolee | B20: =B17/B18 -> 13.888402
A23: Total Community Jail Costs | B23: ='COST ALLOCATION'!J36 -> 10146338
A24: Daily Cost (Divided by 366 days)* | B24: =B23/366 -> 27722.235
A25: Average Daily Community Jail Population for Fiscal Year 2024 | B25: ='Avg Daily Community Jails'!H42 -> 34.45765 | C25: ?
A26: Annual Total Mandays for Fiscal Year 2024 | B26: =B25*366 -> 12611.5
A27: Daily Cost per Prisoner | B27: =B24/B25 -> 804.53063
A30: Total Electronic Monitoring Costs | B30: ='COST ALLOCATION'!J40 -> 2732110.3
A31: Daily Cost (Divided by 366 days)* | B31: =B30/366 -> 7464.7823
A32: Average Daily Electronic Monitoring Population for Fiscal Year 2024 | B32: ='Inmate Avg Daily Population'!N23 -> 244.08333 | C32: ?
A33: Annual Total Mandays for Fiscal Year 2024 | B33: =B32*366 -> 89334.5
A34: Daily Cost per Prisoner | B34: =B31/B32 -> 30.582925
A37: Total Out-of-State Contractual Costs | B37: ='COST ALLOCATION'!J39 -> 150381.89
A38: Daily Cost (Divided by 366 days)* | B38: =B37/366 -> 410.87948
A39: Average Daily Out-of-State Population for Fiscal Year 2024 | B39: ='Inmate Avg Daily Population'!N26+'Inmate Avg Daily Population'!N27 -> 6.9166667
A40: Annual Total Mandays for Fiscal Year 2024 | B40: =B39*366 -> 2531.5
A41: Daily Cost Per Prisoner | B41: =B38/B39 -> 59.404263
A44: Total Pretrial Costs | B44: ='COST ALLOCATION'!J35 -> 14756514
A45: Daily Cost (Divided by 366 days)* | B45: =B44/366 -> 40318.344
A46: Average Daily Pretrial Population for Fiscal Year 2024 | B46: ='Inmate Avg Daily Population'!N25 -> 1339.0833
A47: Annual Total Mandays for Fiscal Year 2024 | B47: =B46*366 -> 490104.5
A48: Daily Cost Per Prisoner | B48: =B45/B46 -> 30.108913
A49: 2024 Leap Year*
A51: Revised 09/25/24 lj

Sheet Sched-A
A1: COST SHEET FOR DETENTION SERVICES
A2: Section I - General Information
A3: Name of Facility: | B3: Department of Corrections | E3: Physical Address of Facility: | H3: Juneau, Alaska
A4: Phone Number: | B4: (907) 465-3460
A5: Section II - Financial Data Summary
A6: Total Operating Cost for Jail:
A7: A. Time Frame | C7: From: | D7: 45108 | E7: To: | F7: 45473
D8: (month/year) | F8: (month/year) | H8: Annual Cost
A9: B. Total Personnel salary/wage costs (Schedule B - Part I) | H9: ='Sched-B1'!B17 -> 1.2349913e+08
A10: C. Total Personnel Benefits/Other Personnel Services (Schedule B - Part II) | H10: ='Sched-B1'!C17+'Sched-B1'!D17+'Sched-B1'!E17 -> 83945662
A11: D. Total Consultants and Contract Services (Schedule C) | H11: ='Sched-C'!D24 -> 31053517
A12: E. Other Direct Operating costs (Schedule D1 and D2) | H12: ='Sched-D1'!F708+'Sched-D2'!F148 -> 1.1935211e+08
A13: F. Indirect Costs (Schedule E)* | H13: ='Sched-E'!E3 -> 12640735
A14: G. Equipment Depreciation costs (Schedule F) | H14: ='Sched-F-G'!C18 -> 765227.61
A15: H. Building Depreciation Costs (Schedule G) | H15: ='Sched-F-G'!D39 -> 8407145.9
A16: I. Total Operating Costs (Sum of Schedules B-G) | H16: =SUM(H9:H15) -> 3.7966354e+08 | I16: Actuals COC 2025
A17: Total Actual Operating Cost for Prior Fiscal Year | H17: 3.6202259e+08 | I17: Actuals COC 2024
A19: COST SHEET FOR DETENTION SERVICES (continued)
A20: Section III - Prisoner Population Information
A21: Time Frame of Prisoner Information | E21: FROM: | F21: 45108 | G21: TO: | H21: 45473
A22: (must correspond with time frame on previous page) | F22: (month/year) | H22: (month/year)
A23: Inmate Capacity of Jail: | D23: MALE | F23: FEMALE | H23: TOTAL
D24: - | F24: - | H24: 5285
A25: Average Daily Population: | D25: MALE | F25: FEMALE | H25: TOTAL
A26: Type of Prisoner | C26: Federal | D26: - | F26: -
C27: Local | D27: - | F27: -
C28: State | D28: - | F28: -
C29: Total | D29: =H29-F29 -> 4015.0299 | F29: ='IADP-By Gender'!J21 -> 431.55342 | H29: ='Inmate Avg Daily Population'!N18 -> 4446.5833
A30: Section IV - Per Diem
A31: Proposed Per Diem Rate for Federal Prisoners: | F31: ='BILLING RATE CALC'!G23 -> 223.69615
A32: State Prisoner Per Diem Rate: | F32: ='BILLING RATE CALC'!G23 -> 223.69615
A33: Section V - Local Government Contact
A34: Please provide the name of the individual authorized to represent and to act for the Local Government in jail day rate negotiations.
A35: Name | B35: April Wilkerson | E35: Department/Office | G35: State of Alaska, Dept of Corrections
A36: Title | B36: Deputy Commissioner | E36: Street | G36: PO Box 112000
A37: Phone | B37: (907) 465-3460 | E37: City | F37: Juneau | G37: State/Zip | H37: AK, 99811
A38: Fax | B38: (907) 465-3315
A39: Section VI - Certification Statement
A40: This is to certify that, to the vest of my knowledge and belief, the data furnished in Schedules B through G are accurate, complete and current, and do not include any unallocable, or unallowable costs prohibited by OMB Circular No. A-87 (Cost Principles for State and Local Governments) or any cost not related to the jail facility as discussed on Form USM-243 (Cost Sheet for Detention Services.) The records of this agency are available for review and audit by the authorized representative of the U.S. Government to verify any jail per diem rate negotiated.
A41: Signature | F41: Date
A42: Name | B42: April Wilkerson | F42: Title | G42: Deputy Commissioner

Sheet Sched-B1
A1: TOTAL PERSONAL SERVICES
A2: BY INDIVIDUAL INSTITUTIONS
A3: Facility | B3: Total Wages | C3: Total Benefits | D3: Other Personal Services | E3: Overtime & Incentives | F3: Total Personal Services | G3: Number of Employees | H3: General Capacity
A4: Anchorage Complex | B4: 21021252 | C4: 12729683 | D4: 21555.65 | E4: =344042.2+1473166.95 -> 1817209.1 | F4: =SUM(B4:E4) -> 35589700 | G4: 251 | H4: 829
A5: Anvil Mtn. CC | B5: 4902702.8 | C5: 2723998.8 | D5: 2909.13 | E5: 195539.67 | F5: =SUM(B5:E5) -> 7825150.3 | G5: 42 | H5: 126
A6: Comb Hiland Mtn. CC | B6: 10254179 | C6: 6501905.1 | D6: 4948.47 | E6: 897001.52 | F6: =SUM(B6:E6) -> 17658035 | G6: 114 | H6: 395
A7: Fairbanks CC | B7: 7877756.4 | C7: 4760037.9 | D7: 5155.39 | E7: 563847.33 | F7: =SUM(B7:E7) -> 13206797 | G7: 93 | H7: 248
A8: Goose Creek CC | B8: 22976043 | C8: 14923607 | D8: 13511.68 | E8: 1221000.5 | F8: =SUM(B8:E8) -> 39134163 | G8: 330 | H8: 1408
A9: Ketchikan CC | B9: 2951409.6 | C9: 1896985 | D9: 2872.26 | E9: 149593.16 | F9: =SUM(B9:E9) -> 5000860 | G9: 37 | H9: 52
A10: Lemon Creek CC | B10: 6614146.5 | C10: 4148291.5 | D10: 8286.81 | E10: 355708.69 | F10: =SUM(B10:E10) -> 11126434 | G10: 80 | H10: 124
A11: Mat-Su CC | B11: 4716758.6 | C11: 2889326.3 | D11: 1603.08 | E11: 106805.28 | F11: =SUM(B11:E11) -> 7714493.3 | G11: 50 | H11: 98
A12: Palmer CC | B12: 8999241.5 | C12: 5587327.6 | D12: 4957.36 | E12: 423328.33 | F12: =SUM(B12:E12) -> 15014855 | G12: 106 | H12: =328+176 -> 504
A13: Spring Creek CC | B13: 14267988 | C13: 8651978.6 | D13: 11574.36 | E13: 1043588.6 | F13: =SUM(B13:E13) -> 23975130 | G13: 168 | H13: 535
A14: Wildwood CC | B14: 9842955.7 | C14: 6172769.2 | D14: 8920.85 | E14: 391284.29 | F14: =SUM(B14:E14) -> 16415930 | G14: 119 | H14: =354+111 -> 465
A15: Yukon Kuskokwim CC | B15: 6032830.1 | C15: 3579958.4 | D15: 3665.68 | E15: 202205.79 | F15: =SUM(B15:E15) -> 9818659.9 | G15: 52 | H15: 189
A16: Pt. MacKenzie CF | B16: 3041869.8 | C16: 1787810.1 | D16: 2023.23 | E16: 132887.71 | F16: =SUM(B16:E16) -> 4964590.8 | G16: 30 | H16: 128
A17: Total | B17: =SUM(B4:B16) -> 1.2349913e+08 | C17: =SUM(C4:C16) -> 76353679 | D17: =SUM(D4:D16) -> 91983.95 | E17: =SUM(E4:E16) -> 7500000 | F17: =SUM(F4:F16) -> 2.074448e+08 | G17: =SUM(G4:G16) -> 1472 | H17: =SUM(H4:H16) -> 5101
A19: Revised 9/11/24 lj

Sheet Sched-B2
A1: PERSONAL SERVICES BENEFITS BY INDIVIDUAL INSTITUTIONS
A2: Institution | B2: Benefit | C2: %Employer Contribution | D2: Annual Cost | E2: Sub-Total | F2: IRIS Codes
A3: Anchorage Complex | B3: Annual Physical Reimbursement | C3: not a set $ | F3: 1027
B4: AK Supplemental Benefit (SBS) | C4: 0.0613 | F4: 1028
B5: Public Employee's Retirement System Defined Benefits | C5: 0.2676 | F5: 1029
B6: Public Employee's Retirement System Defined Contribution | C6: - | F6: 1030
B7: Public Employee's Retirement System Defined Cont Health Reim | C7: - | F7: 1034
B8: Public Employee's Retiremnt Sys Defined Cont Retiree Medical | C8: - | F8: 1035
B9: Public Employee's Retiremnt Sys Defined Benefit Unfnd Liab | C9: - | F9: 1037
B10: Unemployment Insurance | C10: 0.004 | F10: 1039
B11: Group Health Insurance | C11: 1573.5 | F11: 1040
B12: Basic Life and Travel | C12: $0.00/mo.pp | F12: 1041
B13: Worker's Compensation Insurance | C13: 0.0335 | F13: 1042
B14: Leave Cash In Employer Charge | C14: 0.0231 | F14: 1047
B15: Terminal Leave Employer Charge | C15: 0.004 | F15: 1048
B16: ACOA Injury Leave Contribution | C16: $8.00/mo | F16: 1049
B17: Leave- Holiday
B18: Medicare Tax | C18: 0.0145 | F18: 1053
B19: Other Personal Services | F19: 1004 | G19: :Total Object Category
E20: =12729682.76+21555.65 -> 12751238 | G20: ='Sched-B1'!C4+'Sched-B1'!D4 -> 12751238 | H20: =E20-G20 -> 0
A21: Anvil Mtn. CC | B21: Annual Physical Reimbursement | C21: not a set $ | D21: 0
B22: AK Supplemental Benefit (SBS) | C22: 0.0613
B23: Public Employee's Retirement System Defined Benefits | C23: 0.22
B24: Public Employee's Retirement System Defined Contribution | C24: -
B25: Public Employee's Retirement System Defined Cont Health Reim | C25: -
B26: Public Employee's Retiremnt Sys Defined Cont Retiree Medical | C26: -
B27: Public Employee's Retiremnt Sys Defined Benefit Unfnd Liab | C27: -
B28: Unemployment Insurance | C28: =C10 -> 0.004
B29: Group Health Insurance | C29: =C11 -> 1573.5
B30: Basic Life & Travel | C30: $0.00/mo.pp
B31: Workman's Compensation | C31: =C13 -> 0.0335
B32: Leave Cash-in/Payout | C32: =C14 -> 0.0231
B33: Terminal Leave Charge | C33: =C15 -> 0.004
B34: Injury Leave Contribution | C34: =C16 -> $8.00/mo
B35: Medicare Tax | C35: =C18 -> 0.0145
B36: Other Personal Services
E37: =2723998.8+2909.13 -> 2726907.9 | G37: ='Sched-B1'!C5+'Sched-B1'!D5 -> 2726907.9 | H37: =E37-G37 -> 0
A38: Comb Hiland Mt.CC | B38: Annual Physical Reimbursement | C38: not a set $
B39: AK Supplemental Benefit (SBS) | C39: 0.0613
B40: Public Employee's Retirement System Defined Benefits | C40: =C5 -> 0.2676
B41: Public Employee's Retirement System Defined Contribution | C41: -
B42: Public Employee's Retirement System Defined Cont Health Reim | C42: -
B43: Public Employee's Retiremnt Sys Defined Cont Retiree Medical | C43: -
B44: Public Employee's Retiremnt Sys Defined Benefit Unfnd Liab | C44: -
B45: Unemployment Insurance | C45: =C10 -> 0.004
B46: Group Health Insurance | C46: =C11 -> 1573.5
B47: Basic Life & Travel | C47: $0.00/mo.pp
B48: Workman's Compensation | C48: =C13 -> 0.0335
B49: Leave Cash-in/Payout | C49: =C14 -> 0.0231
B50: Terminal Leave Charge | C50: =C15 -> 0.004
B51: Injury Leave Contribution | C51: $8.00/mo
B52: Medicare Tax | C52: =C18 -> 0.0145
B53: Other Personal Services
E54: =6501905.1+4948.47 -> 6506853.6 | G54: ='Sched-B1'!C6+'Sched-B1'!D6 -> 6506853.6 | H54: =E54-G54 -> 0
A55: Fairbanks CC | B55: Annual Physical Reimbursement | C55: not a set $
B56: AK Supplemental Benefit (SBS) | C56: 0.0613
B57: Public Employee's Retirement System Defined Benefits | C57: 0.22
B58: Public Employee's Retirement System Defined Contribution | C58: -
B59: Public Employee's Retirement System Defined Cont Health Reim | C59: -
B60: Public Employee's Retiremnt Sys Defined Cont Retiree Medical | C60: -
B61: Public Employee's Retiremnt Sys Defined Benefit Unfnd Liab | C61: -
B62: Unemployment Insurance | C62: 0.0036
B63: Group Health Insurance | C63: =C11 -> 1573.5
B64: Basic Life & Travel | C64: $0.00/mo.pp
B65: Workman's Compensation | C65: =C13 -> 0.0335
B66: Leave Cash-in/Payout | C66: =C14 -> 0.0231
B67: Terminal Leave Charge | C67: =C15 -> 0.004
B68: Injury Leave Contribution | C68: $8.00/mo
B69: Medicare Tax | C69: 0.0145
B70: Other Personal Services
E71: =4760037.88+5155.39 -> 4765193.3 | G71: ='Sched-B1'!C7+'Sched-B1'!D7 -> 4765193.3 | H71: =E71-G71 -> 0
A72: Goose Creek CC | B72: Annual Physical Reimbursement | C72: not a set $ | D72: 0
B73: AK Supplemental Benefit (SBS) | C73: 0.0613
B74: Public Employee's Retirement System Defined Benefits | C74: 0.22
B75: Public Employee's Retirement System Defined Contribution | C75: -
B76: Public Employee's Retirement System Defined Cont Health Reim | C76: -
B77: Public Employee's Retiremnt Sys Defined Cont Retiree Medical | C77: -
B78: Public Employee's Retiremnt Sys Defined Benefit Unfnd Liab | C78: -
B79: Unemployment Insurance | C79: 0.0036
B80: Group Health Insurance | C80: =C11 -> 1573.5
B81: Basic Life & Travel | C81: $0.00/mo.pp
B82: Workman's Compensation | C82: =C13 -> 0.0335
B83: Leave Cash-in/Payout | C83: =C14 -> 0.0231
B84: Terminal Leave Charge | C84: =C15 -> 0.004
B85: Injury Leave Contribution | C85: $8.00/mo
B86: Medicare Tax | C86: 0.0145
B87: Other Personal Services
E88: =14923607.4+13511.68 -> 14937119 | G88: ='Sched-B1'!C8+'Sched-B1'!D8 -> 14937119 | H88: =E88-G88 -> 0
A89: Ketchikan CC | B89: Annual Physical Reimbursement | C89: not a set $ | D89: 0
B90: AK Supplemental Benefit (SBS) | C90: 0.0613
B91: Public Employee's Retirement System Defined Benefits | C91: 0.22
B92: Public Employee's Retirement System Defined Contribution | C92: -
B93: Public Employee's Retirement System Defined Cont Health Reim | C93: -
B94: Public Employee's Retiremnt Sys Defined Cont Retiree Medical | C94: -
B95: Public Employee's Retiremnt Sys Defined Benefit Unfnd Liab | C95: -
B96: Unemployment Insurance | C96: 0.0036
B97: Group Health Insurance | C97: =C11 -> 1573.5
B98: Basic Life & Travel | C98: $0.00/mo.pp
B99: Workman's Compensation | C99: =C13 -> 0.0335
B100: Leave Cash-in/Payout | C100: =C14 -> 0.0231
...

Sheet Sched-C
A1: CONSULTANTS & CONTRACT SERVICES
A2: Type of Service | B2: Description of Service | C2: Number of Contracts | D2: DOC Annual Cost | E2: IRIS CODES
A3: MEDICAL | B3: Non-employee contracted | C3: =22+6+6 -> 34 | D3: 22334367 | E3: 3041
B4: physicians/nurses/PAs/X-ray
B5: Non-employee fee for services | C5: -
B6: physicians/nurses/PAs/X-ray
A8: DENTAL | B8: Non-employee contracted | C8: =5 -> 5 | D8: 442129.12 | E8: 3042
B9: dentist/hygienist/assistant
B10: Non-employee fee for service | C10: -
B11: dentist/hygienist/assistant
A13: SOCIAL COUNSELING | B13: Non-employee contracted | C13: =8+14+9 -> 31 | D13: =4312088.74+1478523.88+173758 -> 5964370.6 | E13: 3040 | F13: Batterer's RSA | G13: Fixed Cost: (BIP $173,758/PBP $ 0.0) @ DPS / JDVP
B14: substance abuse,batterers & | G14: 173758
B15: sex offender treatment
A17: PSYCHOLOGICAL | B17: Non-employee contracted | C17: =1+6 -> 7 | D17: =8103262.52-4312088.74-1478523.88 -> 2312649.9 | E17: 3040
A18: COUNSELING | B18: mental health,psychiatric &
B19: psychological services
B20: Non-employee fee for service
B21: mental health,psychiatric &
B22: psychological services
A24: TOTAL | C24: =SUM(C3:C23) -> 77 | D24: =SUM(D3:D23) -> 31053517 | E24: ok
A26: Revised 09/23/24 lj

Sheet Sched-D1
A1: OTHER DIRECT JAIL OPERATING COSTS
A2: Institution | B2: Description of Cost | D2: Annual Cost | F2: Total | G2: IRIS CODES | H2: ck
A3: Anchorage Complex | B3: Travel/Moving Cost | D3: =28994.06+12694.06 -> 41688.12 | E3: =D3 -> 41688.12 | G3: 2000/2001/2003
B4: Non-Interagency Svcs | E4: =SUM(D4:D38) -> 2530001.8
B5: Training/Conferences | D5: 10151 | G5: 3000
B6: Memberships | D6: 2951.99 | G6: 3002
B7: Management/Consulting | D7: 6615 | G7: 3005
B8: Penalties And Fines | D8: 700.16 | G8: 3013
B9: Claim/Judgement Non-Taxable | D9: 0 | G9: 3016
B10: Uncleared 1Card Transactions | G10: 3019
B11: Utilities | D11: 1418941.8 | G11: 2100 | H11: Utility Costs: Based on Alder Report Expenditures by Location
B12: Software Licensing | D12: 917.79 | G12: 3032
B13: Software Maintenance | D13: 1008 | G13: 3033
B14: Television | D14: 3517.12 | G14: 3034
B15: Long Distance | D15: 953.91 | G15: 3035
B16: Local/Equipment Charges | D16: 14196.69 | G16: 3036
B17: Data/Network | D17: 9984 | G17: 3037
B18: Cellular Phones | D18: 365.76 | G18: 3038
B19: Psychiatric | D19: 0 | G19: 3040
B20: Medical | D20: 249.37 | G20: 3041
B21: Freight | D21: 3161.73 | G21: 3043
B22: Courier | D22: 4171.18 | G22: 3044
B23: Postage | D23: 39795.93 | G23: 3045
B24: Water and Sewage | D24: 42968.72 | G24: 3049
B25: Disposal | D25: 10201.94 | G25: 3050
B26: Natural Gas/Propane | D26: 0 | G26: 3051
B27: Inspections/Testing | D27: 28604 | G27: 3055
B28: Structure, Infrastructure and Land - Repairs/Maintenance | D28: 157865.45 | G28: 3056
B29: Structure, Infrastructure and Land - Rentals/Leases | D29: 32 | G29: 3057
B30: Equipment and Machinery - Repairs/Maintenance | D30: 178745.57 | G30: 3058
B31: Equipment and Machinery - Rentals/Leases | D31: 3331.01 | G31: 3059
B32: Program Management/Consulting | D32: 331493.12 | G32: 3063
B33: Interpreter | D33: 167.08 | G33: 3064
B34: Print/Copy/Graphics | D34: 45 | G34: 3066
B35: Honorariums/Stipend | D35: 258750.7 | G35: 3067
B36: Laundry | D36: 59.5 | G36: 3068
B37: Commission Sales | D37: 56.3 | G37: 3069
B38: Contractual/ Transfer | D38: 0
B39: Interagency Services | D39: 746785.76 | E39: =SUM(D39) -> 746785.76 | G39: 3001
B40: Commodities / Supplies | E40: =SUM(D41:D46) -> 3850799.6
C41: Business | D41: 215493.45 | G41: 4000
C42: Agricultural | D42: 0
C43: Household/Institutional | D43: 3185452.5 | G43: 4002
C44: Scientific & Medical | D44: 3478.37 | G44: 4003
C45: Safety | D45: 239592.36 | G45: 4004
C46: Repair/Maintenance Supplies | D46: 206782.94 | G46: 4005
B47: Commodity/ Transfer | E47: =SUM(D47) -> 0 | G47: 4970
B48: Equipment & Industrial | D48: 1050 | E48: =D48 -> 1050 | G48: 5000/5002
F49: =SUM(E3:E48) -> 7170325.4 | H49: ='Sched-B1'!B4+'Sched-B2'!E20+'Sched-D1'!F49-39523874.11-1418941.82 -> 0
A50: Anvil Mtn. Correctional | B50: Travel/Moving Cost | D50: 59678.87 | E50: =D50 -> 59678.87 | G50: 2000
B51: Non-Interagency Svcs | E51: =SUM(D51:D89) -> 625238.97 | H51: =E51 -> 625238.97 | I51: FY24 No RS
B52: Less: DHSS RS (2) Meals & Maint | D52: =0 -> 0 | H52: =H51-E51 -> 0 | I52: Budgeted
B53: Training/Conferences | D53: 15 | G53: 3000
B54: Memberships | D54: 251.41 | G54: 3002
B55: Accounting/Auditing | D55: 30.66 | G55: 3004
B56: Penalties And Fines | D56: 1342.75 | G56: 3013
B57: Interest Expense | D57: 278.34 | G57: 3014
B58: Claim/Judgement Non-Taxable | D58: 0 | G58: 3016
B59: Uncleared 1Card Transactions | D59: 0 | G59: 3019
B60: Utilities | D60: 351284.68
B61: Software Licensing | D61: 917.78 | G61: 3032
B62: Software Maintenance | D62: 504 | G62: 3033
B63: Television | D63: 0.39 | G63: 3034
B64: Long Distance | D64: 1.54 | G64: 3035
B65: Local/Equipment Charges | D65: 8466.33 | G65: 3036
B66: Data/Network | D66: 0 | G66: 3037
B67: Cellular Phones | D67: 0 | G67: 3038
B68: Other Wireless Charges | D68: 0 | G68: 3039
B69: Psychiatric | D69: 0 | G69: 3040
B70: Medical | D70: 565 | G70: 3041
B71: Freight | D71: 123696.42 | G71: 3043
B72: Courier | D72: 0 | G72: 3044
B73: Postage | D73: 5696.61 | G73: 3045
B74: Electricity | D74: 19786.08 | G74: 3048
B75: Water and Sewage | D75: 9862.6 | G75: 3049
B76: Disposal | D76: 1576.71 | G76: 3050
B77: Natural Gas/Propane | D77: 0 | G77: 3051
B78: Heating Oil | D78: 0 | G78: 3052
B79: Inspections/Testing | D79: 0 | G79: 3055
B80: Structure, Infrastructure and Land - Repairs/Maintenance | D80: 1250 | G80: 3056
B81: Structure, Infrastructure and Land - Rentals/Leases | D81: 0 | G81: 3057
B82: Equipment and Machinery - Repairs/Maintenance | D82: 44824.37 | G82: 3058
B83: Equipment and Machinery - Rentals/Leases | D83: 5900.71 | G83: 3059
B84: Conservation/Enviromental | D84: 3115 | G84: 3061
B85: Interpreter | D85: 5.25 | G85: 3064
B86: Print/Copy/Graphics | D86: 478.2 | G86: 3066
B87: Honorariums/Stipend | D87: 45205.04 | G87: 3067
B88: Laundry | D88: 0 | G88: 3068
B89: Commission Sales | D89: 184.1 | G89: 3069
B90: Interagency Services | D90: 178600.46 | E90: =SUM(D90) -> 178600.46
B91: Commodities / Supplies | E91: =SUM(D92:D97) -> 609409.76
C92: Business | D92: 60015.59
C93: Agricultural | D93: 0
C94: Household/Institutional | D94: 447438.94
C95: Scientific & Medical | D95: 729.99
C96: Safety | D96: 26796.61
C97: Repair/Maintenance Supplies | D97: 74428.63 | G97: 4005
B98: Commodity/ Transfer | E98: =D98 -> 0
B99: Equipment & Industrial | D99: 0 | E99: =D99 -> 0 | G99: 5002
F100: =SUM(E50:E100) -> 1472928.1 | H100: ='Sched-B1'!B5+'Sched-B2'!E37+'Sched-D1'!F100-8751254.06-351284.68 -> 0
...

Sheet Sched-D2
A1: OTHER DIRECT JAIL OPERATING COSTS
A2: Institution | B2: Description of Cost | D2: Annual Cost | F2: Total | G2: IRIS CODES
A3: Prison System | B3: Personnel Services | E3: 0
A4: Expansion | B4: Travel | E4: 0
B5: Other Services & Charges | E5: =SUM(D6:D10) -> 0
C6: Education Services | D6: 0
C7: Telecommunications | D7: 0
C8: Delivery Services | D8: 0
C9: Equipment/Machinery | D9: 0
C10: Other Services | D10: 0
C11: Interagency Services | D11: 0 | E11: =SUM(D11) -> 0
B12: Commodities / Supplies | E12: =SUM(D13:D15) -> 0
C13: Business | D13: 0
C14: Safety | D14: 0
C15: Repair/Maintenance Supplies | D15: 0
B16: Capital Outlay | D16: 0 | E16: =SUM(D16) -> 0
F17: =SUM(E3:E16) -> 0 | H17: =F17-0 -> 0
A18: Facility-CAP Imp Unit | B18: Personnel Services | E18: =468179.93+218618.66+1460.49 -> 688259.08 | G18: 1001/1002/1004
B19: Travel | E19: =3366.24+8627.8 -> 11994.04
B20: Non-Interagency Svcs | D20: 396965.07 | E20: =SUM(D20:D23) -> 396965.07
B21: Uncleared 1Card Transactions | D21: 0 | G21: 3019
B22: Software Maintenance | D22: 0 | G22: 3033
B23: Commission Sales | D23: 0 | G23: 3069
B24: Interagency Services | D24: 20960.79 | E24: =SUM(D24) -> 20960.79
B25: Commodities / Supplies | E25: =SUM(D26:D29) -> 4267.37
C26: Business/Safety | D26: 1035.23 | G26: 4000/4004
C27: Household/Institutional | D27: 1246.15 | G27: 4002
C28: Safety | D28: 57 | G28: 4004
C29: Repair/Maintenance Supplies | D29: 1928.99
B30: Commodity/ Transfer | D30: 0 | E30: =D30 -> 0
B31: Capital Outlay | D31: 474415.03 | E31: =SUM(D31) -> 474415.03 | G31: 5002
B32: Less: JCIM Unbudgeted (Multiple) | E32: =-2882.6 -> -2882.6 | H32: 2882.6 | I32: FY24 Multiple Unbudgeted RS
F33: =SUM(E18:E32) -> 1593978.8 | H33: =F33+H32-1596861.38 -> 0
A34: Health & Rehabilitation | B34: Personnel Services/Interfund transfer | E34: =30017650.11+15661295.54+49969.2 -> 45728915 | H34: Grand Total of 7 components $ 88,549,597.29 BHC, PHC, HRDirector,Domestic V, Substance, Sex Offender,Re-entry)
A35: Services | B35: Travel / Moving Costs | E35: =517762.43+33598.88+3552.41+2 -> 554915.72
B36: Non-Interagency Svcs | D36: 32345144 | E36: =D36 -> 32345144 | G36: 3000
B37: Interagency Services | D37: 3007808.7 | E37: =D37 -> 3007808.7 | G37: 3001
B38: Commodities / Supplies | E38: =SUM(D39:D44) -> 6519352.6
C39: Business | D39: 230892.16
C40: Agricultural | D40: 0 | G40: 4001
C41: Household/Institutional | D41: 27522.7 | H41: =0 -> 0 | I41: FY24 N/A Less Interfund Transfer: Total by RDU
C42: Scientific & Medical | D42: 6248356.2
C43: Safety | D43: 0
C44: Repair/Maintenance Supplies | D44: 12581.53
B45: Commodity/ Transfer | D45: 0 | E45: =D45 -> 0 | G45: 4007
B46: Capital Outlay | D46: 393461 | E46: =SUM(D46) -> 393461 | G46: 5002
B47: Less: Reimb Courts (Mental Health Court) | E47: 0 | G47: Rev Codes:
B48: Less:JPHC Healthy Families Initiative | E48: -991251.26
B49: Less: JSAP FED Public Protection | E49: -205848 | G49: 5014 / Misc Grants
B50: Less: JBHC Alcohol Tax RSA (SCCC Men's Sub-Acute JAS) | E50: =-52400-199375 -> -251775 | G50: 5301/ Title 47 RSA & MH @ SCCC RSA
B51: Less: JSAP RSAT & Vivitrol RSA's | E51: 0 | G51: 5301 | H51: =F53 -> 87046450
B52: Less: JPHC Core Service Unbud RSA's & Medical Co-Pay Reimb. | E52: =0-54273.13 -> -54273.13 | H52: =251775+991251.26+205848+54273.13 -> 1503147.4 | I52: Total Alder Revenue Report (budgeted & Unbudgeted RSA's)
F53: =SUM(E34:E53)-H41 -> 87046450 | H53: =F53+H52+H41 -> 88549597 | I53: Grand Total (HRS RDU) 7 components (BHC, PHC, HRDirector,Domestic V, Substance, Sex Offender, Reentry) + RSA's
A54: Offender Habilitation | B54: Personnel Services | E54: =231804.6+131239.87+340.2 -> 363384.67
A55: Programs | B55: Travel / Moving Costs | E55: =48028.88+11866.88 -> 59895.76
B56: Non-Interagency Svcs | D56: 786442.3 | E56: =D56 -> 786442.3 | G56: 3000
B57: Interagency Services | D57: 19048.08 | E57: =D57 -> 19048.08
B58: Commodities / Supplies | E58: =SUM(D59:D64) -> 159507.62
C59: Business | D59: 96918.78
C60: Agricultural | D60: 0 | G60: 4001
C61: Household/Institutional | D61: 9465.63
C62: Scientific & Medical | D62: 0 | G62: 4004
C63: Safety | D63: 0 | G63: 4004
C64: Repair/Maintenance Supplies | D64: 53123.21
B65: Commodity/ Transfer | D65: 0 | E65: =D65 -> 0 | G65: 4007
B66: Capital Outlay | D66: 6490 | E66: =SUM(D66) -> 6490
B67: Less: JEDP Career & Tech RS | E67: -29015.36
B68: Less: JEDP Carl Perkings RS | E68: 0 | H68: 0 | I68: FY24 No Carl Perkins/ABGE/AWIB RSAs
B69: Less: JEDP AWIB-SAEE1 RS | E69: 0 | H69: 0 | I69: FY24 No Unbudgeted RS Step C
B70: Less: JEDP ABE/GED RS | E70: 0 | G70: 70200 | H70: 29015.36 | I70: Total Alder Revenue Report (1 budgeted RS)
F71: =SUM(E54:E71) -> 1365753.1 | G71: 70200 | H71: =F71+H70+H69 -> 1394768.4 | I71: Grand Total (OFH RDU) 2 components (Education Programs & Vocational Education Programs)
A72: Institutions Director's Office (IDO) | B72: Personnel Services | E72: =951992.5+558237.41+1573.96 -> 1511803.9
B73: Travel / Moving Costs | E73: 50226.54
B74: Non-Interagency Svcs | D74: 208011.68 | E74: =D74 -> 208011.68
B75: Interagency Services | D75: 1626131.5 | E75: =D75 -> 1626131.5
B76: Commodities / Supplies | E76: =SUM(D77:D80) -> 21281.15
C77: Business | D77: 20172.62 | G77: 4000
C78: Household/Institutional | D78: 1108.53 | G78: 4002
C79: Safety | D79: 0 | G79: 4002
C80: Repair/Maintenance Supplies | D80: 0 | G80: 4005
B81: Capital Outlay | D81: 0 | E81: =SUM(D81) -> 0
F82: =SUM(E72:E81) -> 3417454.7 | H82: =F82-3417454.71 -> 0
A83: Classification & Furlough | B83: Personnel Services | E83: =658890.52+395353.71+1958.98 -> 1056203.2
B84: Travel | D84: 997 | E84: =D84 -> 997
B85: Non-Interagency Svcs | D85: 12073.36 | E85: =D85 -> 12073.36
B86: Interagency Services | D86: 41317.14 | E86: =D86 -> 41317.14
B87: Commodities / Supplies | E87: =SUM(D88:D92) -> 15313.57
C88: Business | D88: 12979.57 | G88: 4000
C89: Household/Institutional | D89: 264 | G89: 4002
C90: Scientific and Medical | D90: 0 | G90: 4005
C91: Safety | D91: 2070 | G91: 4004
C92: Repair/Maintenance Supplies | D92: 0 | G92: 4005
B93: Capital Outlay | D93: 0 | E93: =SUM(D93) -> 0
F94: =SUM(E83:E93) -> 1125904.3 | H94: =F94-1125904.28 -> 0
A95: Transportation | B95: Personnel Services | E95: =3690502.97+1670327.4+794.82 -> 5361625.2
B96: Travel | E96: =128092.56+70953.55 -> 199046.11
B97: Non-Interagency Svcs | D97: 931709.19 | E97: =D97 -> 931709.19
B98: Interagency Services | D98: 248465.07 | E98: =D98 -> 248465.07
B99: Commodities / Supplies | E99: =SUM(D100:D104) -> 106404.05
C100: Business | D100: 46303.57
...

Sheet Summary-Sched-E
A2: BRU | B2: Appr Type | C2: Less: RS/Budgeted & Unbudgeted | D2: Total Expenditures of FY2022
A3: Commissioner | B3: JCOM | C3: =-257037.53 -> -257037.53 | D3: =1667869.39+C3 -> 1410831.9
A4: Admin Services | B4: JADS | C4: =-425096.25 -> -425096.25 | D4: =5412179.29+C4 -> 4987083
A5: Info Tech MIS | B5: JINT | C5: 0 | D5: 2419220
A6: Research & Rcrds | B6: JRRE | C6: 0 | D6: 1209062.7
A7: Recruitment & R | B7: JRER | C7: 0 | D7: 1129975.2
A8: Facilities Rent | B8: JREN | C8: 0 | D8: 289900
A9: Academy | B9: JCOA | C9: 0 | D9: 1633476.6
A10: Parole Board | B10: JPAB | C10: 0 | D10: 1958064.1
B11: Total | C11: =SUM(C3:C10) -> -682133.78 | D11: =SUM(D3:D10) -> 15037614
C13: Alder Total (8 components): | D13: 15719747
C14: Bud/Unbudgeted: | D14: =425096.25+257037.53 -> 682133.78
D15: =D11+D14 -> 15719747
D16: =D13-D15 -> 0 | E16: ck
A17: Revised: 09/18/24 lj
A19: Notes:
A20: FY21 COVID-19 Response & Prevention $600,000 (Unbudgeted ARU 20CVID407) JADS
A21: FY24 Employee Wellness (Unbudgeted RS) JCOM
A22: FY24 Forensic Analyst & Core Services Smooth RSAs- JADS

Sheet Sched-E
A1: COST ALLOCATION PLANS / INDIRECT COST PROPOSALS
A2: Organization Providing Service | B2: Appr Type | C2: Total Expenditures | D2: % of Time Spent in Support of Jail Operators | E2: Allowable Indirect Cost
A3: Administration & Support* | B3: JADS / JCOA JCOM / JINT JPAB / JREN JRER JRRE | C3: ='Summary-Sched-E'!D11 -> 15037614 | D3: ='COST ALLOCATION'!H6 -> 0.84060778 | E3: =C3*D3 -> 12640735
A4: TOTAL | E4: =E3 -> 12640735
C5: Reduced Total Expenditures by Reimbursements
A6: Note*: Includes SF Rent, Correctional Academy, Recruit & Retn , and Parole Board Expenditues
A7: Revised 9/18/24 lj

Sheet Property Inventory
A1: PROPERTY INVENTORY
A2: Division | B2: Division/Institution | C2: IRIS Unit | D2: Total as of 6/30/24 | E2: Aquired in FY2024 | F2: FY2024 Vehicle Inventory Total | G2: Grand Total
A3: 3 | B3: Commissioner's Office Jnu/Anch | C3: 1000 | D3: 65323.32 | F3: =9906 -> 9906 | G3: =SUM(D3:F3) -> 75229.32
B4: Administration & Support | C4: 1001 | G4: =SUM(D4:F4) -> 0
B5: Administrative Services | C5: 1100 | D5: 1166316.1 | G5: =SUM(D5:F5) -> 1166316.1
A6: 1 | B6: Juneau Admin Office / Anchorage | C6: 1100 | D6: 0 | F6: 6083 | G6: =SUM(D6:F6) -> 6083
B7: Research & Records | C7: 1200 | D7: 474671.18 | F7: 806 | G7: =SUM(D7:F7) -> 475477.18
B8: Information Technology | C8: 1300 | D8: 286849.41 | G8: =SUM(D8:F8) -> 286849.41
B9: Human Resources | C9: 1400 | D9: 23843.6 | G9: =SUM(D9:F9) -> 23843.6
B10: Procurement | C10: 1500 | D10: 21939.64 | G10: =SUM(D10:F10) -> 21939.64
B11: Recidivism Reduction Grants | C11: 1700 | D11: 1035.12 | G11: =SUM(D11:F11) -> 1035.12
B12: Recruitment & Retention | C12: 1800 | D12: 7184 | G12: =SUM(D12:F12) -> 7184
B13: Institution Director's Office (IDO) | C13: 2000 | D13: 30831.27 | F13: 7840 | G13: =SUM(D13:F13) -> 38671.27
A14: 8/9 | B14: Anchorage Complex | C14: 2100 | D14: 1977715.2 | F14: 50929 | G14: =SUM(D14:F14) -> 2028644.2
A15: 15 | B15: Anvil Mtn. Correctional | C15: 2101 | D15: 209384.82 | F15: 58215 | G15: =SUM(D15:F15) -> 267599.82
A16: 11 | B16: Hiland Mtn. Correctional | C16: 2102 | D16: 451095.71 | F16: 109544 | G16: =SUM(D16:F16) -> 560639.71
A17: 14 | B17: Fairbanks Correctional | C17: 2103 | D17: 407507.56 | F17: 49741 | G17: =SUM(D17:F17) -> 457248.56
A18: 5 | B18: Ketchikan Correctional | C18: 2104 | D18: 72940.04 | F18: 15808 | G18: =SUM(D18:F18) -> 88748.04
A19: 6 | B19: Lemon Creek Correctional | C19: 2105 | D19: 737857 | F19: 41999 | G19: =SUM(D19:F19) -> 779856
A20: 10 | B20: Mat-Su Correctional | C20: 2106 | D20: 88839.41 | F20: 29213 | G20: =SUM(D20:F20) -> 118052.41
A21: 13 | B21: Palmer Correctional | C21: 2107 | D21: 1001984.5 | F21: 407468 | G21: =SUM(D21:F21) -> 1409452.5
A22: 16 | B22: Spring Creek Correctional | C22: 2108 | D22: 1728615.5 | F22: 227551 | G22: =SUM(D22:F22) -> 1956166.5
A23: 30 | B23: Wildwood Correctional | C23: 2109 | D23: 960543.74 | F23: 136361 | G23: =SUM(D23:F23) -> 1096904.7
A24: 18 | B24: Yukon Kuskokwim Correctional | C24: 2110 | D24: 147684.08 | F24: 34084 | G24: =SUM(D24:F24) -> 181768.08
A25: 31 | B25: Pt. Mackenzie Correctional | C25: 2111 | D25: 545829.77 | F25: 210204 | G25: =SUM(D25:F25) -> 756033.77
A26: 39 | B26: Goose Creek Correctional | C26: 2112 | D26: 1434430.8 | F26: 344017 | G26: =SUM(D26:F26) -> 1778447.8
B27: Classification & Furlough | C27: 2200 | D27: 4249.26 | F27: 10884 | G27: =SUM(D27:F27) -> 15133.26
A28: 7 | B28: Inmate Transportation | C28: 2210 | D28: 34631.54 | F28: 93216 | G28: =SUM(D28:F28) -> 127847.54
A29: 37 | B29: Out of State | C29: 2220 | D29: 31189 | G29: =SUM(D29:F29) -> 31189
B30: Prison System Expansion | C30: 2230 | D30: 5450 | G30: =SUM(D30:F30) -> 5450
B31: Facility Cap Imp Unit | C31: 2250/2251 | D31: =76344.79+1111449.74 -> 1187794.5 | F31: 4615 | G31: =SUM(D31:F31) -> 1192409.5
A32: 4 | B32: Training Academy/DP3 Academy | C32: 2260 | D32: 281081.55 | F32: =4712+27357 -> 32069 | G32: =SUM(D32:F32) -> 313150.55
B33: Education Programs | C33: 2300/2310 | D33: =10757.04+91378.2 -> 102135.24 | F33: 2812 | G33: =SUM(D33:F33) -> 104947.24
B34: Institution Education Programs | C34: 2310 | D34: 0 | F34: 308 | G34: =SUM(D34:F34) -> 308
B35: Vocation Education Programs | C35: 2355 | D35: 3021.16 | G35: =SUM(D35:F35) -> 3021.16
B36: Probation & Parole Director Office | C36: 2400 | D36: 13071.41 | G36: =SUM(D36:F36) -> 13071.41
B37: Electronic Monitoring | C37: 2410/2411 | D37: =4888.62+12572 -> 17460.62 | F37: 23801 | G37: =SUM(D37:F37) -> 41261.62
A38: JNU | B38: Probation Region ONE | C38: 2420 | D38: 26670.53 | G38: =SUM(D38:F38) -> 26670.53
A39: 19A | B39: Anchorage Probation | C39: 2421 | D39: 464674.06 | F39: 47424 | G39: =SUM(D39:F39) -> 512098.06
A40: 19C | B40: Kenai Probation | C40: 2422 | D40: 43219.13 | F40: 14029 | G40: =SUM(D40:F40) -> 57248.13
A41: 19B | B41: Kodiak Probation | C41: 2423 | D41: 7835.18 | F41: 6109 | G41: =SUM(D41:F41) -> 13944.18
A42: 19D | B42: Palmer Probation | C42: 2424 | D42: 55229 | F42: =27637 -> 27637 | G42: =SUM(D42:F42) -> 82866
A43: 19E | B43: Dillingham Probation | C43: 2425 | D43: 29766 | F43: 8889 | G43: =SUM(D43:F43) -> 38655
A44: 21B | B44: Bethel Probation | C44: 2426 | D44: 36109 | F44: 9385 | G44: =SUM(D44:F44) -> 45494
A45: ANCH | B45: Probation Region TWO | C45: 2440 | D45: 39052.54 | G45: =SUM(D45:F45) -> 39052.54
A46: 21A | B46: Fairbanks Probation | C46: 2441 | D46: 67931.71 | F46: 21237 | G46: =SUM(D46:F46) -> 89168.71
A47: 21C | B47: Nome Probation | C47: 2442 | D47: 9956 | F47: 6067 | G47: =SUM(D47:F47) -> 16023
A48: 21D | B48: Barrow Probation | C48: 2443 | D48: 26510 | F48: 2938 | G48: =SUM(D48:F48) -> 29448
A49: 21E | B49: Kotzebue Probation | C49: 2444 | D49: 12591 | F49: 3369 | G49: =SUM(D49:F49) -> 15960
A50: 20A | B50: Juneau Probation | C50: 2445 | D50: 86369.54 | F50: 2571 | G50: =SUM(D50:F50) -> 88940.54
A51: 20B | B51: Ketchikan Probation | C51: 2446 | D51: 17801.14 | F51: 2488 | G51: =SUM(D51:F51) -> 20289.14
A52: 20C | B52: Sitka Probation | C52: 2447 | D52: 37445.92 | F52: 2783 | G52: =SUM(D52:F52) -> 40228.92
B53: Probation & Parole (Juneau,Palmer) | D53: 0 | F53: 6599 | G53: =SUM(D53:F53) -> 6599
B54: Pre-Trial Services | C54: 2800 | D54: 118432.21 | F54: 142253 | G54: =SUM(D54:F54) -> 260685.21
A55: 28A | B55: Parole Board | C55: 3000 | D55: 44837.63 | F55: 4520 | G55: =SUM(D55:F55) -> 49357.63
B56: Behavioral Health Care | C56: 4000 | D56: 21637.33 | G56: =SUM(D56:F56) -> 21637.33
B57: Health & Rehabilitation Services | C57: 4001 | D57: 44975.34 | G57: =SUM(D57:F57) -> 44975.34
B58: Physical Health Care | C58: 4100 | D58: 69993.72 | G58: =SUM(D58:F58) -> 69993.72
B59: Health & Rehabilitation DO | C59: 4200 | D59: 7869.42 | G59: =SUM(D59:F59) -> 7869.42
B60: Substance Abuse Programs | C60: 4300 | D60: 5642.34 | E60: 0 | G60: =SUM(D60:F60) -> 5642.34
B61: Sex Offender Managemnet Pr | C61: 4400 | D61: 8344.02 | G61: =SUM(D61:F61) -> 8344.02
A62: UUU | B62: UUU (Unidentified)/IRIS CONV | C62: CONV | D62: 1724 | G62: =SUM(D62:F62) -> 1724
B63: Garment Shop HMCC | D63: 0 | G63: =SUM(D63:F63) -> 0
B64: Goose Creek Furniture GCCC | D64: 0 | E64: 0 | F64: 7178 | G64: =SUM(D64:F64) -> 7178
A65: 36B | B65: Laundry - Lemon Creek | F65: 13516 | G65: =SUM(D65:F65) -> 13516
B66: Major Med/Guard Hire | F66: 8286 | G66: =SUM(D66:F66) -> 8286
A67: TOTAL | D67: =SUM(D3:D66) -> 14807123 | E67: =SUM(E3:E66) -> 0 | F67: =SUM(F3:F66) -> 2244752 | G67: =SUM(G3:G66) -> 17051875
D69: 14807122 | F69: 2244752
D70: =D67-D69 -> 0.4 | F70: =F67-F69 -> 0
A71: Updated: 9/18/24 lj

Sheet Sched-F-G
A1: EQUIPMENT COST | D1: SCHEDULE F
A2: By Individual Institution
A3: Institutions | B3: Cost of Equipment | C3: Equipment Allowance 6.666%
A4: Anchorage Complex | B4: ='Property Inventory'!G14 -> 2028644.2 | C4: =B4*0.06666 -> 135229.42
A5: Anvil Mtn. Correctional | B5: ='Property Inventory'!G15 -> 267599.82 | C5: =B5*0.06666 -> 17838.204
A6: Hiland Mtn. Correctional | B6: ='Property Inventory'!G16 -> 560639.71 | C6: =B6*0.06666 -> 37372.243
A7: Fairbanks Correctional | B7: ='Property Inventory'!G17 -> 457248.56 | C7: =B7*0.06666 -> 30480.189
A8: Goose Creek Correctional | B8: ='Property Inventory'!G26 -> 1778447.8 | C8: =B8*0.06666 -> 118551.33
A9: Ketchikan Correctional | B9: ='Property Inventory'!G18 -> 88748.04 | C9: =B9*0.06666 -> 5915.9443
A10: Lemon Creek Correctional | B10: ='Property Inventory'!G19 -> 779856 | C10: =B10*0.06666 -> 51985.201
A11: Mat-Su Correctional | B11: ='Property Inventory'!G20 -> 118052.41 | C11: =B11*0.06666 -> 7869.3737
A12: Palmer Correctional | B12: ='Property Inventory'!G21 -> 1409452.5 | C12: =B12*0.06666 -> 93954.102
A13: Pt. MacKenzie Correctional Farm | B13: ='Property Inventory'!G25 -> 756033.77 | C13: =B13*0.06666 -> 50397.211
A14: Spring Creek Correctional | B14: ='Property Inventory'!G22 -> 1956166.5 | C14: =B14*0.06666 -> 130398.06
A15: Wildwood Correctional | B15: ='Property Inventory'!G23 -> 1096904.7 | C15: =B15*0.06666 -> 73119.67
A16: Yukon Kuskokwim Correctional | B16: ='Property Inventory'!G24 -> 181768.08 | C16: =B16*0.06666 -> 12116.66
A18: Total Equipment Cost | B18: =SUM(B4:B17) -> 11479562 | C18: =SUM(C4:C17) -> 765227.61
A22: BUILDING DEPRECIATION | D22: SCHEDULE G
A23: By Individual Institution (Based on FY2021 Actuals)
A24: Institutions | B24: All Buildings Construction Cost | C24: Additional Construction Cost | D24: Annual Depreciation @ 2%
A25: Anchorage Complex | B25: 3522437 | C25: 0 | D25: =B25*0.02 -> 70448.74
A26: Anvil Mt. CC | B26: 16192923 | C26: 0 | D26: =B26*0.02 -> 323858.46
A27: Comb Hiland Mt.CC | B27: 45066600 | C27: 0 | D27: =B27*0.02 -> 901332
A28: Fairbanks CC | B28: 34112840 | C28: 0 | D28: =B28*0.02 -> 682256.8
A29: Goose Creek CC | B29: 78705708 | C29: 0 | D29: =B29*0.02 -> 1574114.2
A30: Ketchikan CC | B30: 7691306 | C30: 0 | D30: =B30*0.02 -> 153826.12
A31: Lemon Creek CC | B31: 28845762 | C31: 0 | D31: =B31*0.02 -> 576915.24
A32: Mat-Su Pre-Trial | B32: 10392719 | C32: 0 | D32: =B32*0.02 -> 207854.38
A33: Palmer CC | B33: =41211974*1 -> 41211974 | C33: 0 | D33: =B33*0.02 -> 824239.48
A34: Pt. MacKenzie Correctional Farm | B34: 12269054 | C34: 0 | D34: =B34*0.02 -> 245381.08
A35: Spring Creek CC | B35: 78360986 | C35: 0 | D35: =B35*0.02 -> 1567219.7
A36: Wildwood CC | B36: 51709708 | C36: 0 | D36: =B36*0.02 -> 1034194.2
A37: Yukon Kuskokwim | B37: 12275277 | C37: 0 | D37: =B37*0.02 -> 245505.54
A39: Total Building Depreciation | B39: =SUM(B25:B38) -> 420357294 | C39: =SUM(C25:C38) -> 0 | D39: =SUM(D25:D38) -> 8407145.9
A41: Total Equipment Cost & Building Depreciation | B41: (Schedule F + Schedule G) | D41: =C18+D39 -> 9172373.5
A43: Revised 09/18/24 lj
A46: Notes:

Sheet CostReim
A1: Budgeted Restricted Revenue
A2: Division/Institution | B2: Appr Group | C2: ApprType | D2: Total Reimbursement | E2: Outstanding Balance of RSA | F2: Total | G2: Revenue Code
A3: Commissioner's Office | B3: JADM | C3: JCOM | D3: =-'Summary-Sched-E'!C3 -> 257037.53 | F3: =SUM(D3:E3) -> 257037.53 | G3: 5200/5301 | H3: FY24 Employee Wellness Program (Unbudgeted RS )
A4: Parole Board | D4: 0 | F4: =SUM(D4:E4) -> 0
A5: Correctional Academy | D5: 0 | F5: =SUM(D5:E5) -> 0
A6: Administrative Services | C6: JADS | D6: =-'Summary-Sched-E'!C4 -> 425096.25 | F6: =SUM(D6:E6) -> 425096.25 | G6: 5301 | H6: RS Forensic Analyst & Core Services Smooth
A7: Information Tech MIS | C7: JINT | D7: 0 | F7: =SUM(D7:E7) -> 0 | G7: 5301 | H7: (No) Unbudgeted RS FY24
A8: Probation & Parole Director Office | B8: JPPD | D8: 0 | F8: =SUM(D8:E8) -> 0 | G8: 5014
A9: Facility-Capital Improvement | D9: =-'Sched-D2'!E32 -> 2882.6 | F9: =SUM(D9:E9) -> 2882.6 | H9: FY24 Multiple Unbudgeted RS
A10: Health & Rehabilitation Services | B10: JHRS | C10: JHDO | D10: =-'Sched-D2'!E52 -> 54273.13 | F10: =SUM(D10:E10) -> 54273.13 | G10: 5014 | H10: JPHC Medical Co-pays
A11: Health & Rehabilitation Services | B11: JHRS | C11: JSAP | D11: =-'Sched-D2'!E49 -> 205848 | F11: =SUM(D11:E11) -> 205848 | G11: 5014
A12: Health & Rehabilitation Services | B12: JHRS | C12: JSAP | D12: =-'Sched-D2'!E51 -> 0 | F12: =SUM(D12:E12) -> 0 | G12: 5301
A13: Health & Rehabilitation Services | B13: JHRS | C13: JBHC | D13: =-'Sched-D2'!E50 -> 251775 | F13: =SUM(D13:E13) -> 251775 | G13: 5007 | H13: Budgeted RS MH@SCCC
A14: Health & Rehabilitation Services | B14: JHRS | C14: JPHC | D14: =-'Sched-D2'!E48 -> 991251.26 | F14: =SUM(D14:E14) -> 991251.26 | H14: FY24 Healthy Families Initiative RS
A15: Offender Habilitation Programs | B15: JOHP | C15: JEDP/JVEP | D15: =-'Sched-D2'!E68-'Sched-D2'!E69-'Sched-D2'!E70-'Sched-D2'!E67 -> 29015.36 | F15: =SUM(D15:E15) -> 29015.36 | G15: 5301 | H15: FY24 Career & Technical Education RS
A16: Correctional Academy | D16: 0 | F16: =SUM(D16:E16) -> 0
A17: Institution Director's Office | D17: 0 | F17: =SUM(D17:E17) -> 0
A18: Transportation Unit | B18: JPOP | C18: JTRN | D18: =-'Sched-D2'!E107 -> 140000 | F18: =SUM(D18:E18) -> 140000 | G18: 5301
A19: Out of State | D19: 0 | F19: =SUM(D19:E19) -> 0
A20: Anchorage Complex
A21: Anvil Mtn. Correctional | B21: JPOP | C21: JAMC | D21: =-'Sched-D1'!D52 -> 0 | F21: =SUM(D21:E21) -> 0 | G21: 5301
A22: Hiland Mtn. Correctional | D22: 0 | F22: =SUM(D22:E22) -> 0
A23: Fairbanks Correctional | D23: 0 | F23: =SUM(D23:E23) -> 0
A24: Goose Creek Correctional | B24: JPOP | C24: JGCC | D24: =-'Sched-D1'!D211 -> 0 | F24: =SUM(D24:E24) -> 0
A25: Ketchikan Correctional | D25: 0 | F25: =SUM(D25:E25) -> 0
A26: Lemon Creek Correctional | B26: JPOP | C26: JLCC | D26: =-'Sched-D1'!D325-'Sched-D1'!D324 -> 373845.31 | F26: =SUM(D26:E26) -> 373845.31 | G26: 5301 | H26: (2 budgeted RSA's)
A27: Mat-Su Correctional | D27: 0 | F27: =SUM(D27:E27) -> 0
A28: Palmer Correctional | D28: 0 | F28: =SUM(D28:E28) -> 0
A29: Spring Creek Correctional | D29: 0 | F29: =SUM(D29:E29) -> 0
A30: Wildwood Correctional | D30: ='Sched-D1'!H545 -> 28891.2 | F30: =SUM(D30:E30) -> 28891.2 | H30: (1) Meals Budgeted RS
A31: Yukon Kuskokwim Correctional | B31: JPOP | C31: JYKC | D31: =-'Sched-D1'!D602 -> 53896.15 | F31: =SUM(D31:E31) -> 53896.15 | G31: 5301 | H31: (2) Budgeted RS
A32: Out-of-State Contractual | D32: 0 | F32: =SUM(D32:E32) -> 0
A33: Point Mackenzie Correctional | D33: 0 | F33: =SUM(D33:E33) -> 0
A34: Recidivism Reduction Grants | B34: JRRG | C34: JRRG | D34: =-'Sched-D2'!D138 -> 566339.97 | F34: =SUM(D34:E34) -> 566339.97 | G34: 5014
A35: Totals | D35: =SUM(D3:D34) -> 3380151.8 | E35: =SUM(E3:E34) -> 0 | F35: =SUM(F3:F34) -> 3380151.8 | I35: =D26+D21+D30+D31 -> 456632.66 | J35: Budgeted Meals & Laundry RS ONLY
A37: Revised: 9/18/24 lj

Sheet COST ALLOCATION
A1: COST ALLOCATION
A2: COMPONENT | E2: Appr Type | F2: TOTAL COSTS | H2: % OF TOTAL | I2: ADMIN & SUPPORT | J2: TOTAL ALL COSTS
A3: INDIRECT COST | I3: TOTAL
B4: Administration & Support RDU | E4: JCOM/JADS/JINT | F4: =-CostReim!D3-CostReim!D6-CostReim!D7 -> -682133.78 | I4: ='Sched-E'!C3 -> 15037614 | K4: Less: Budgeted RS: Forensic Analyst/ Core Services/ No Special Assign DPS
A5: DIRECT COST | I5: % by entity
H6: =G7/$G$42 -> 0.84060778 | I6: =SUM($I$4*H6) -> 12640735
B7: INSTITUTIONS | G7: =SUM(F8:F34) -> 3.670228e+08 | J7: =SUM(I6+G7) -> 3.7966354e+08
C8: 13 Institutions | F8: ='Sched-B1'!F17+'Sched-D1'!F708+'Sched-D2'!F146+CostReim!D21+CostReim!D26+CostReim!D30+CostReim!D31 -> 2.556774e+08
C9: Less: (2) Laundry & Meals RS | E9: JLCC | F9: =-CostReim!D26 -> -373845.31
C10: Less: DNR/MMM&S RSA (Closed) | E10: JPCC
C11: Less: WCC Meals RS | E11: JWCC | F11: =-CostReim!D30 -> -28891.2
C12: Less: GCCC Security DPS RS (Unbudgeted) | E12: JGCCC
C13: Less: (2) Meals YKCC | E13: JAMC /JYKC | F13: =-CostReim!D21-CostReim!D31 -> -53896.15 | K13: FY24 No Meals/Maint RS AMCC
C14: Facility Planning - Capital Improvement Program | E14: JCIM | F14: ='Sched-D2'!F33+'Sched-D2'!H32 -> 1596861.4
C15: Less: RS (Unbudgeted) | F15: =-CostReim!D9 -> -2882.6
B16: Health & Rehabilitation Services RDU | E16: JHRS | F16: ='Sched-D2'!F53+'Sched-D2'!H52 -> 88549597
C17: Less: RS (Unbudgeted RS)/ Medical Co-pay | E17: JHDO | F17: =-CostReim!D10 -> -54273.13
C18: Less: FED Public Protection Grants | E18: JSAP | F18: =-CostReim!D11 -> -205848
C19: Less: Alcohol Tax RSA (SCCC Men's Sub-Acute & Juvenile Offender Pgm) | E19: JBHC | F19: =-CostReim!D13 -> -251775
C20: Less: (1) Healthy Families RS | E20: JPHC | F20: -991251.26
C21: Less: (2) RSAT & Vivitrol RS | E21: JSAP | F21: =-CostReim!D12 -> 0
B22: Offender Habilitation Programs RDU | E22: JOFH | F22: ='Sched-D2'!F71+'Sched-D2'!H70 -> 1394768.4 | K22: Decreased by 3 RSAs (ABE/NO CARL P/MOS)
C23: Less: 3 Education RSAs | E23: JEDP | F23: =-CostReim!D15 -> -29015.36
C24: Less: 1 Voc Ed Programs RSA's (Unbudgeted) | E24: JVEP | F24: 0 | K24: Decreased by Unbud RSA's (No Step C - FY24)
B25: Institutions Director's Office | E25: JIDO | F25: ='Sched-D2'!F82 -> 3417454.7
C26: Less: DPS PREA RSA | E26: JIDO | F26: 0
B27: Prison System Expansion | E27: JPSE | F27: ='Sched-D2'!F17 -> 0
B28: Classification & Furlough | E28: JCLF | F28: ='Sched-D2'!F94 -> 1125904.3
B29: Inmate Transportation Unit | E29: JTRN | F29: ='Sched-D2'!F107+'Sched-D2'!H106 -> 6847249.6 | K29: Decreased by RSA
C30: Less: DPS Transportation RSA | F30: =-CostReim!D18 -> -140000
B31: Point of Arrest | E31: JPOA | F31: ='Sched-D2'!F113 -> 630111.89
B32: Recidivism Reduction Grant | E32: JRRG | F32: ='Sched-D2'!F138+'Sched-D2'!H137 -> 1309095.2
C33: JRRG Less: FED Public Protection Grants | F33: =-CostReim!D34 -> -566339.97 | K33: JRRG: Misc Grants
B34: Equipment & Building Depreciation | F34: ='Sched-F-G'!D41 -> 9172373.5
B35: Pretrial Services Division | E35: JPTS | G35: 14265202 | H35: =G35/$G$42 -> 0.032672194 | I35: =$I$4*H35 -> 491311.82 | J35: =SUM(I35+G35) -> 14756514
B36: Regional & Community Jails | E36: JCOJ | G36: 9808520 | H36: =G36/$G$42 -> 0.022464867 | I36: =$I$4*H36 -> 337817.98 | J36: =SUM(I36+G36) -> 10146338
B37: Probation & Parole Director's Office | E37: JPPD | G37: 1112721.7 | H37: =G37/$G$42 -> 0.0025485134 | I37: =$I$4*H37 -> 38323.56 | J37: =SUM(I37+G37) -> 1151045.3 | K37: JPPD Total EXP less FED Receipts (FY24 No FED Collected)
B38: State-wide Probation & Parole | E38: JSPP | G38: 18386507 | H38: =G38/$G$42 -> 0.042111391 | I38: =$I$4*H38 -> 633254.83 | J38: =SUM(I38+G38) -> 19019762
B39: Out of State Contractual | E39: JOOS | G39: 145374.99 | H39: =G39/$G$42 -> 0.00033295846 | I39: =$I$4*H39 -> 5006.9007 | J39: =SUM(I39+G39) -> 150381.89
B40: Electronic Monitoring | E40: JELM | G40: 2641145.9 | H40: =G40/$G$42 -> 0.0060491277 | I40: =$I$4*H40 -> 90964.445 | J40: =SUM(I40+G40) -> 2732110.3
B41: Community Residential Centers | E41: JCRC | G41: 23233718 | H41: =G41/$G$42 -> 0.053213164 | I41: =$I$4*H41 -> 800199 | J41: =SUM(I41+G41) -> 24033917
A42: TOTAL: | G42: =SUM(G3:G41) -> 4.3661599e+08 | H42: =SUM(H3:H41) -> 1 | I42: =SUM(I6:I41) -> 15037614 | J42: =SUM(J7:J41) -> 4.5165361e+08
C43: Reconciliation to Actuals
C44: DOC Total Cost: ( By Appr Type Alder Report ) | F44: =445861383.35 -> 4.4586138e+08 | K44: Alder Grand Total DOC/ FY24 NO Less Sweep $0. /
C45: Add: Depreciation Calculation | F45: =F34 -> 9172373.5 | K45: Includes JOIT FY2024
D46: Facilities Maintenance | E46: JFAC | F46: 0
C47: Subtract: | D47: Budgeted RS (2) | E47: JADS | F47: -425096.25
D48: Undgeted Employee Wellness RS | E48: JCOM | F48: -257037.53
D49: Unbudgeted RS (2) | E49: JCOM | F49: 0
D50: Less: RS (Unbudgeted) | E50: JINT | F50: 0
D51: Budgeted DPS Transport RSA | E51: JCIP | F51: -2882.6
D52: Youth Meals & Maint (3) Budgeted RS | E52: JTRN | F52: -140000
D53: Budgeted DOT/Laundry & Meals RS | E53: =E13 -> JAMC /JYKC | F53: -53896.15
D54: Unbudgeted WCC Meals RSA | E54: JLCC | F54: -373845.31
D55: Budgeted MMM&S/PCC | E55: JWCC | F55: -28891.2
D56: Unbudgeted DPS/GCCC Security | E56: JPCC | F56: =F10 -> 0
D57: Unbudgeted RS/Medical Co-pay | E57: JGCCC | F57: -54273.13
D58: Unbudgeted Healthy Families Initiative RSA | E58: JHDO | F58: -991251.26
D59: Federal Receipts - Grants | E59: JPPD | F59: =-CostReim!D8 -> 0
D60: Budgeted Career & Technical Education RSA | E60: JVEP | F60: -29015.36
D61: FED Receipts GRANTS | E61: JSAP | F61: -205848
D62: Health & Rehab Svcs: SCCC Men's RSA | E62: JBHC | F62: -251775
D63: Health & Rehab Svcs: RSAT & Vivitrol R | E63: JSAP | F63: =F21 -> 0 | K63: FY24 No Unbudgeted RS
D64: Budg /Unbudg - Offender Programs (3) RSAs | E64: JEDP | F64: 0
D65: Federal Receipts - Grants | E65: JRRG | F65: -566339.97 | K65: FY24 Includes RCs
D66: Adjusted/ | E66: JSCC | F66: 0
D67: Adjusted/PCC Due to Closure | E67: JPCC | F67: 0
A68: TOTAL: | F68: =SUM(F44:F67) -> 4.5165361e+08
F70: =F68-J42 -> 0 | G70: ck
A71: Revised: 09/19/24 lj
F74: =CostReim!D35 -> 3380151.8 | G74: CostReimb
F75: =SUM(F47:F65) -> -3380151.8 | G75: DOC Reimb
F76: =F74+F75 -> 0 | G76: ck

Sheet BILLING RATE CALC
A1: BILLING RATE CALCULATION
A2: ANNUAL TOTAL MANDAYS | E2: ='Qtrly''s-Cntsht Book'!Y19 -> 1627449.5
A3: COMPONENT | C3: TOTAL EXPENSES | E3: LESS REIMB | F3: ADJUSTED COSTS | G3: BILLING RATE
A4: INSTITUTIONS | D4: =SUM(C5:C7) -> 2.556774e+08 | F4: =SUM(D4+E5+E6+E7) -> 2.4164734e+08 | G4: =F4/$E$2 -> 148.48223
B5: Institutions / Direct Revenue | C5: ='COST ALLOCATION'!F8 -> 2.556774e+08 | E5: -13573433
B6: Less: DHSS & DOT RSAs | E6: ='COST ALLOCATION'!F13+'COST ALLOCATION'!F9 -> -427741.46
B7: Less: WCC Meals RS (Unbudgeted) | E7: ='COST ALLOCATION'!F11 -> -28891.2
A8: OFFENDER HABILITATION PROGRAMS | C8: ='COST ALLOCATION'!F22 -> 1394768.4 | D8: =SUM(C8:C8) -> 1394768.4 | F8: =SUM(D8,E9) -> 1365753.1 | G8: =F8/$E$2 -> 0.83919843
B9: Less: Education (3) RSAs , JVEP (unbudgeted) | E9: ='COST ALLOCATION'!F23+'COST ALLOCATION'!F24 -> -29015.36
A10: HEALTH & REHABILITATION SERVICES | C10: =D10 -> 88549597 | D10: ='COST ALLOCATION'!F16 -> 88549597 | E10: ='COST ALLOCATION'!F17+'COST ALLOCATION'!F18+'COST ALLOCATION'!F19+'COST ALLOCATION'!F20+'COST ALLOCATION'!F21 -> -1503147.4 | F10: =SUM(D10:E10) -> 87046450 | G10: =F10/$E$2 -> 53.486421
A11: ADMIN & SUPPORT | D11: =SUM(C12) -> 12640735 | E11: ='COST ALLOCATION'!F4 -> -682133.78 | F11: =SUM(D11:E11) -> 11958601 | G11: =F11/$E$2 -> 7.3480629
B12: % for Institution Operations | C12: ='COST ALLOCATION'!I6 -> 12640735
A13: STATEWIDE DIRECT COSTS | D13: =SUM(C15:C22) -> 22789955 | F13: =D13+SUM(E13:E21) -> 22036046 | G13: =F13/$E$2 -> 13.540234
B14: SCAAPGrant JADS-IDO/2nd Chance JRRG | E14: ='COST ALLOCATION'!F33-44686.41 -> -611026.38
B15: Institutions Director's Office | C15: ='COST ALLOCATION'!F25 -> 3417454.7
B16: Less JPPD FED Receipts | E16: ='COST ALLOCATION'!F59 -> 0
B17: Equipment & Bldg. Depreciation | C17: ='COST ALLOCATION'!F34 -> 9172373.5
B18: Facility Planning - CIP | C18: ='COST ALLOCATION'!F14 -> 1596861.4 | E18: ='COST ALLOCATION'!F15 -> -2882.6
B19: Classification & Furlough | C19: ='COST ALLOCATION'!F28 -> 1125904.3
B20: Transportation | C20: ='COST ALLOCATION'!F29 -> 6847249.6 | E20: ='COST ALLOCATION'!F30 -> -140000
B21: Point of Arrest | C21: ='COST ALLOCATION'!F31 -> 630111.89
A23: BILLING RATE | D23: =SUM(D4:D18) -> 3.8105246e+08 | E23: =SUM(E4:E22) -> -16998271 | F23: =SUM(F4:F21) -> 3.6405419e+08 | G23: =SUM(G4:G21) -> 223.69615
A24: INDIVIDUAL INSTITUTION RATES
A25: Institutions | C25: Total Cost | D25: Mandays | E25: Inst. Cost | F25: Inmate Programs | G25: Inmate Health Care | H25: Div.of Admin.& Support Cost | I25: Statewide Direct Cost | J25: TOTAL
A26: Anchorage Complex | C26: ='Sched-B1'!F4+'Sched-D1'!F49 -> 42760025 | D26: ='Inmate Avg Daily Population'!O4 -> 287066 | E26: =C26/D26 -> 148.95538 | F26: =$G$8 -> 0.83919843 | G26: =$G$10 -> 53.486421 | H26: =$G$11 -> 7.3480629 | I26: =$G$13 -> 13.540234 | J26: =SUM(E26:I26) -> 224.1693
A27: Anvil Mtn. Correctional | C27: ='Sched-B1'!F5+'Sched-D1'!F100 -> 9298078.4 | D27: ='Inmate Avg Daily Population'!O5 -> 39162 | E27: =C27/D27 -> 237.42604 | F27: =$G$8 -> 0.83919843 | G27: =$G$10 -> 53.486421 | H27: =$G$11 -> 7.3480629 | I27: =$G$13 -> 13.540234 | J27: =SUM(E27:I27) -> 312.63995
A28: Fairbanks Correctional | C28: ='Sched-B1'!F7+'Sched-D1'!F208 -> 15667147 | D28: ='Inmate Avg Daily Population'!O6 -> 82167 | E28: =C28/D28 -> 190.67445 | F28: =$G$8 -> 0.83919843 | G28: =$G$10 -> 53.486421 | H28: =$G$11 -> 7.3480629 | I28: =$G$13 -> 13.540234 | J28: =SUM(E28:I28) -> 265.88836
A29: Goose Creek Correctional | C29: ='Sched-B1'!F8+'Sched-D1'!F266 -> 51303233 | D29: ='Inmate Avg Daily Population'!O7 -> 451827 | E29: =C29/D29 -> 113.54619 | F29: =$G$8 -> 0.83919843 | G29: =$G$10 -> 53.486421 | H29: =$G$11 -> 7.3480629 | I29: =$G$13 -> 13.540234 | J29: =SUM(E29:I29) -> 188.7601
A30: Hiland Mtn. Correctional | C30: ='Sched-B1'!F6+'Sched-D1'!F152 -> 20394893 | D30: ='Inmate Avg Daily Population'!O8 -> 126575 | E30: =C30/D30 -> 161.12892 | F30: =$G$8 -> 0.83919843 | G30: =$G$10 -> 53.486421 | H30: =$G$11 -> 7.3480629 | I30: =$G$13 -> 13.540234 | J30: =SUM(E30:I30) -> 236.34284
A31: Ketchikan Correctional | C31: ='Sched-B1'!F9+'Sched-D1'!F321 -> 5870797.4 | D31: ='Inmate Avg Daily Population'!O9 -> 18666 | E31: =C31/D31 -> 314.51824 | F31: =$G$8 -> 0.83919843 | G31: =$G$10 -> 53.486421 | H31: =$G$11 -> 7.3480629 | I31: =$G$13 -> 13.540234 | J31: =SUM(E31:I31) -> 389.73215
A32: Lemon Creek Correctional | C32: ='Sched-B1'!F10+'Sched-D1'!F376 -> 13901764 | D32: ='Inmate Avg Daily Population'!O10 -> 38521.5 | E32: =C32/D32 -> 360.88325 | F32: =$G$8 -> 0.83919843 | G32: =$G$10 -> 53.486421 | H32: =$G$11 -> 7.3480629 | I32: =$G$13 -> 13.540234 | J32: =SUM(E32:I32) -> 436.09717
A33: Mat-Su Correctional | C33: ='Sched-B1'!F11+'Sched-D1'!F431 -> 8774548.6 | D33: ='Inmate Avg Daily Population'!O11 -> 30134 | E33: =C33/D33 -> 291.18433 | F33: =$G$8 -> 0.83919843 | G33: =$G$10 -> 53.486421 | H33: =$G$11 -> 7.3480629 | I33: =$G$13 -> 13.540234 | J33: =SUM(E33:I33) -> 366.39825
A34: Palmer Correctional | C34: ='Sched-B1'!F12+'Sched-D1'!F484 -> 19118157 | D34: ='Inmate Avg Daily Population'!O12 -> 178608 | E34: =C34/D34 -> 107.03976 | F34: =$G$8 -> 0.83919843 | G34: =$G$10 -> 53.486421 | H34: =$G$11 -> 7.3480629 | I34: =$G$13 -> 13.540234 | J34: =SUM(E34:I34) -> 182.25367
A35: Pt. MacKenzie Correctional Farm | C35: ='Sched-B1'!F16+'Sched-D1'!F707 -> 6822994.3 | D35: ='Inmate Avg Daily Population'!O13 -> 23637.5 | E35: =C35/D35 -> 288.65127 | F35: =$G$8 -> 0.83919843 | G35: =$G$10 -> 53.486421 | H35: =$G$11 -> 7.3480629 | I35: =$G$13 -> 13.540234 | J35: =SUM(E35:I35) -> 363.86518
A36: Spring Creek Correctional | C36: ='Sched-B1'!F13+'Sched-D1'!F542 -> 29204790 | D36: ='Inmate Avg Daily Population'!O14 -> 143929.5 | E36: =C36/D36 -> 202.91038 | F36: =$G$8 -> 0.83919843 | G36: =$G$10 -> 53.486421 | H36: =$G$11 -> 7.3480629 | I36: =$G$13 -> 13.540234 | J36: =SUM(E36:I36) -> 278.1243
A37: Wildwood Correctional | C37: ='Sched-B1'!F14+'Sched-D1'!F599 -> 20195091 | D37: ='Inmate Avg Daily Population'!O15 -> 157776.5 | E37: =C37/D37 -> 127.99809 | F37: =$G$8 -> 0.83919843 | G37: =$G$10 -> 53.486421 | H37: =$G$11 -> 7.3480629 | I37: =$G$13 -> 13.540234 | J37: =SUM(E37:I37) -> 203.21201
A38: Yukon Kuskokwim Correctional | C38: ='Sched-B1'!F15+'Sched-D1'!F650 -> 11909251 | D38: ='Inmate Avg Daily Population'!O16 -> 49379.5 | E38: =C38/D38 -> 241.17804 | F38: =$G$8 -> 0.83919843 | G38: =$G$10 -> 53.486421 | H38: =$G$11 -> 7.3480629 | I38: =$G$13 -> 13.540234 | J38: =SUM(E38:I38) -> 316.39195
A39: Totals | C39: =SUM(C26:C38) -> 2.5522077e+08 | D39: =SUM(D26:D38) -> 1627449.5 | E39: =G4 -> 148.48223 | F39: =G8 -> 0.83919843 | G39: =G10 -> 53.486421 | H39: =G11 -> 7.3480629 | I39: =G13 -> 13.540234 | J39: =SUM(E39:I39) -> 223.69615
E41: =E23+CostReim!D35+44686.41+13573432.88 -> 0 | F41: ck / ALL DOC Revenue
A43: Revised: 09/19/24 lj

Sheet Inmate Avg Daily Population
A1: ANNUAL TOTAL MANDAYS | R1: **PLEASE NOTE FY2024 is a leap year, FY2025 will need to have the formula's adjusted back to a normal year of 365 days**
B2: AVERAGE DAILY INMATE POPULATION | N2: ANNUAL AVERAGE DAILY POPULATION | O2: ANNUAL TOTAL MANDAYS
A3: Institutions | B3: 45108 | C3: 45139 | D3: 45170 | E3: 45200 | F3: 45231 | G3: 45261 | H3: 45292 | I3: 45323 | J3: 45352 | K3: 45383 | L3: 45413 | M3: 45444
A4: Anchorage Complex | B4: ='Qtrly''s-Cntsht Book'!D5 -> 752 | C4: ='Qtrly''s-Cntsht Book'!E5 -> 766 | D4: ='Qtrly''s-Cntsht Book'!F5 -> 785 | E4: ='Qtrly''s-Cntsht Book'!I5 -> 760 | F4: ='Qtrly''s-Cntsht Book'!J5 -> 768 | G4: ='Qtrly''s-Cntsht Book'!K5 -> 787 | H4: ='Qtrly''s-Cntsht Book'!N5 -> 806 | I4: ='Qtrly''s-Cntsht Book'!O5 -> 808 | J4: ='Qtrly''s-Cntsht Book'!P5 -> 790 | K4: ='Qtrly''s-Cntsht Book'!S5 -> 793 | L4: ='Qtrly''s-Cntsht Book'!T5 -> 795 | M4: ='Qtrly''s-Cntsht Book'!U5 -> 802 | N4: =SUM(B4:M4)/12 -> 784.33333 | O4: =N4*366 -> 287066
A5: Anvil Mountain CC | B5: ='Qtrly''s-Cntsht Book'!D6 -> 110 | C5: ='Qtrly''s-Cntsht Book'!E6 -> 109 | D5: ='Qtrly''s-Cntsht Book'!F6 -> 100 | E5: ='Qtrly''s-Cntsht Book'!I6 -> 105 | F5: ='Qtrly''s-Cntsht Book'!J6 -> 108 | G5: ='Qtrly''s-Cntsht Book'!K6 -> 105 | H5: ='Qtrly''s-Cntsht Book'!N6 -> 105 | I5: ='Qtrly''s-Cntsht Book'!O6 -> 111 | J5: ='Qtrly''s-Cntsht Book'!P6 -> 105 | K5: ='Qtrly''s-Cntsht Book'!S6 -> 104 | L5: ='Qtrly''s-Cntsht Book'!T6 -> 113 | M5: ='Qtrly''s-Cntsht Book'!U6 -> 109 | N5: =SUM(B5:M5)/12 -> 107 | O5: =N5*366 -> 39162
A6: Fairbanks CC | B6: ='Qtrly''s-Cntsht Book'!D7 -> 226 | C6: ='Qtrly''s-Cntsht Book'!E7 -> 225 | D6: ='Qtrly''s-Cntsht Book'!F7 -> 211 | E6: ='Qtrly''s-Cntsht Book'!I7 -> 215 | F6: ='Qtrly''s-Cntsht Book'!J7 -> 210 | G6: ='Qtrly''s-Cntsht Book'!K7 -> 218 | H6: ='Qtrly''s-Cntsht Book'!N7 -> 232 | I6: ='Qtrly''s-Cntsht Book'!O7 -> 224 | J6: ='Qtrly''s-Cntsht Book'!P7 -> 219 | K6: ='Qtrly''s-Cntsht Book'!S7 -> 236 | L6: ='Qtrly''s-Cntsht Book'!T7 -> 242 | M6: ='Qtrly''s-Cntsht Book'!U7 -> 236 | N6: =SUM(B6:M6)/12 -> 224.5 | O6: =N6*366 -> 82167
A7: Goose Creek CC | B7: ='Qtrly''s-Cntsht Book'!D8 -> 1319 | C7: ='Qtrly''s-Cntsht Book'!E8 -> 1298 | D7: ='Qtrly''s-Cntsht Book'!F8 -> 1272 | E7: ='Qtrly''s-Cntsht Book'!I8 -> 1292 | F7: ='Qtrly''s-Cntsht Book'!J8 -> 1273 | G7: ='Qtrly''s-Cntsht Book'!K8 -> 1213 | H7: ='Qtrly''s-Cntsht Book'!N8 -> 1211 | I7: ='Qtrly''s-Cntsht Book'!O8 -> 1187 | J7: ='Qtrly''s-Cntsht Book'!P8 -> 1198 | K7: ='Qtrly''s-Cntsht Book'!S8 -> 1186 | L7: ='Qtrly''s-Cntsht Book'!T8 -> 1168 | M7: ='Qtrly''s-Cntsht Book'!U8 -> 1197 | N7: =SUM(B7:M7)/12 -> 1234.5 | O7: =N7*366 -> 451827
A8: Combined Hiland Mtn CC | B8: ='Qtrly''s-Cntsht Book'!D9 -> 342 | C8: ='Qtrly''s-Cntsht Book'!E9 -> 343 | D8: ='Qtrly''s-Cntsht Book'!F9 -> 355 | E8: ='Qtrly''s-Cntsht Book'!I9 -> 348 | F8: ='Qtrly''s-Cntsht Book'!J9 -> 340 | G8: ='Qtrly''s-Cntsht Book'!K9 -> 350 | H8: ='Qtrly''s-Cntsht Book'!N9 -> 353 | I8: ='Qtrly''s-Cntsht Book'!O9 -> 341 | J8: ='Qtrly''s-Cntsht Book'!P9 -> 335 | K8: ='Qtrly''s-Cntsht Book'!S9 -> 346 | L8: ='Qtrly''s-Cntsht Book'!T9 -> 342 | M8: ='Qtrly''s-Cntsht Book'!U9 -> 355 | N8: =SUM(B8:M8)/12 -> 345.83333 | O8: =N8*366 -> 126575
A9: Ketchikan CC | B9: ='Qtrly''s-Cntsht Book'!D10 -> 52 | C9: ='Qtrly''s-Cntsht Book'!E10 -> 50 | D9: ='Qtrly''s-Cntsht Book'!F10 -> 52 | E9: ='Qtrly''s-Cntsht Book'!I10 -> 48 | F9: ='Qtrly''s-Cntsht Book'!J10 -> 49 | G9: ='Qtrly''s-Cntsht Book'!K10 -> 48 | H9: ='Qtrly''s-Cntsht Book'!N10 -> 52 | I9: ='Qtrly''s-Cntsht Book'!O10 -> 51 | J9: ='Qtrly''s-Cntsht Book'!P10 -> 52 | K9: ='Qtrly''s-Cntsht Book'!S10 -> 53 | L9: ='Qtrly''s-Cntsht Book'!T10 -> 57 | M9: ='Qtrly''s-Cntsht Book'!U10 -> 48 | N9: =SUM(B9:M9)/12 -> 51 | O9: =N9*366 -> 18666
A10: Lemon Creek CC | B10: ='Qtrly''s-Cntsht Book'!D11 -> 102 | C10: ='Qtrly''s-Cntsht Book'!E11 -> 99 | D10: ='Qtrly''s-Cntsht Book'!F11 -> 100 | E10: ='Qtrly''s-Cntsht Book'!I11 -> 100 | F10: ='Qtrly''s-Cntsht Book'!J11 -> 108 | G10: ='Qtrly''s-Cntsht Book'!K11 -> 109 | H10: ='Qtrly''s-Cntsht Book'!N11 -> 107 | I10: ='Qtrly''s-Cntsht Book'!O11 -> 103 | J10: ='Qtrly''s-Cntsht Book'!P11 -> 108 | K10: ='Qtrly''s-Cntsht Book'!S11 -> 112 | L10: ='Qtrly''s-Cntsht Book'!T11 -> 111 | M10: ='Qtrly''s-Cntsht Book'!U11 -> 104 | N10: =SUM(B10:M10)/12 -> 105.25 | O10: =N10*366 -> 38521.5
A11: Mat-Su CC | B11: ='Qtrly''s-Cntsht Book'!D12 -> 86 | C11: ='Qtrly''s-Cntsht Book'!E12 -> 75 | D11: ='Qtrly''s-Cntsht Book'!F12 -> 83 | E11: ='Qtrly''s-Cntsht Book'!I12 -> 89 | F11: ='Qtrly''s-Cntsht Book'!J12 -> 76 | G11: ='Qtrly''s-Cntsht Book'!K12 -> 82 | H11: ='Qtrly''s-Cntsht Book'!N12 -> 84 | I11: ='Qtrly''s-Cntsht Book'!O12 -> 86 | J11: ='Qtrly''s-Cntsht Book'!P12 -> 86 | K11: ='Qtrly''s-Cntsht Book'!S12 -> 82 | L11: ='Qtrly''s-Cntsht Book'!T12 -> 85 | M11: ='Qtrly''s-Cntsht Book'!U12 -> 74 | N11: =SUM(B11:M11)/12 -> 82.333333 | O11: =N11*366 -> 30134
A12: Palmer CC | B12: ='Qtrly''s-Cntsht Book'!D13 -> 469 | C12: ='Qtrly''s-Cntsht Book'!E13 -> 482 | D12: ='Qtrly''s-Cntsht Book'!F13 -> 489 | E12: ='Qtrly''s-Cntsht Book'!I13 -> 487 | F12: ='Qtrly''s-Cntsht Book'!J13 -> 491 | G12: ='Qtrly''s-Cntsht Book'!K13 -> 485 | H12: ='Qtrly''s-Cntsht Book'!N13 -> 484 | I12: ='Qtrly''s-Cntsht Book'!O13 -> 497 | J12: ='Qtrly''s-Cntsht Book'!P13 -> 496 | K12: ='Qtrly''s-Cntsht Book'!S13 -> 496 | L12: ='Qtrly''s-Cntsht Book'!T13 -> 493 | M12: ='Qtrly''s-Cntsht Book'!U13 -> 487 | N12: =SUM(B12:M12)/12 -> 488 | O12: =N12*366 -> 178608
A13: Pt. MacKenzie | B13: ='Qtrly''s-Cntsht Book'!D14 -> 59 | C13: ='Qtrly''s-Cntsht Book'!E14 -> 58 | D13: ='Qtrly''s-Cntsht Book'!F14 -> 55 | E13: ='Qtrly''s-Cntsht Book'!I14 -> 64 | F13: ='Qtrly''s-Cntsht Book'!J14 -> 66 | G13: ='Qtrly''s-Cntsht Book'!K14 -> 71 | H13: ='Qtrly''s-Cntsht Book'!N14 -> 70 | I13: ='Qtrly''s-Cntsht Book'!O14 -> 63 | J13: ='Qtrly''s-Cntsht Book'!P14 -> 69 | K13: ='Qtrly''s-Cntsht Book'!S14 -> 69 | L13: ='Qtrly''s-Cntsht Book'!T14 -> 68 | M13: ='Qtrly''s-Cntsht Book'!U14 -> 63 | N13: =SUM(B13:M13)/12 -> 64.583333 | O13: =N13*366 -> 23637.5
A14: Spring Creek CC | B14: ='Qtrly''s-Cntsht Book'!D15 -> 403 | C14: ='Qtrly''s-Cntsht Book'!E15 -> 407 | D14: ='Qtrly''s-Cntsht Book'!F15 -> 408 | E14: ='Qtrly''s-Cntsht Book'!I15 -> 416 | F14: ='Qtrly''s-Cntsht Book'!J15 -> 414 | G14: ='Qtrly''s-Cntsht Book'!K15 -> 413 | H14: ='Qtrly''s-Cntsht Book'!N15 -> 396 | I14: ='Qtrly''s-Cntsht Book'!O15 -> 374 | J14: ='Qtrly''s-Cntsht Book'!P15 -> 373 | K14: ='Qtrly''s-Cntsht Book'!S15 -> 373 | L14: ='Qtrly''s-Cntsht Book'!T15 -> 370 | M14: ='Qtrly''s-Cntsht Book'!U15 -> 372 | N14: =SUM(B14:M14)/12 -> 393.25 | O14: =N14*366 -> 143929.5
A15: Wildwood CC | B15: ='Qtrly''s-Cntsht Book'!D16 -> 433 | C15: ='Qtrly''s-Cntsht Book'!E16 -> 438 | D15: ='Qtrly''s-Cntsht Book'!F16 -> 449 | E15: ='Qtrly''s-Cntsht Book'!I16 -> 438 | F15: ='Qtrly''s-Cntsht Book'!J16 -> 425 | G15: ='Qtrly''s-Cntsht Book'!K16 -> 425 | H15: ='Qtrly''s-Cntsht Book'!N16 -> 411 | I15: ='Qtrly''s-Cntsht Book'!O16 -> 439 | J15: ='Qtrly''s-Cntsht Book'!P16 -> 440 | K15: ='Qtrly''s-Cntsht Book'!S16 -> 429 | L15: ='Qtrly''s-Cntsht Book'!T16 -> 421 | M15: ='Qtrly''s-Cntsht Book'!U16 -> 425 | N15: =SUM(B15:M15)/12 -> 431.08333 | O15: =N15*366 -> 157776.5
A16: Yukon-Kuskokwim CC | B16: ='Qtrly''s-Cntsht Book'!D17 -> 138 | C16: ='Qtrly''s-Cntsht Book'!E17 -> 146 | D16: ='Qtrly''s-Cntsht Book'!F17 -> 153 | E16: ='Qtrly''s-Cntsht Book'!I17 -> 133 | F16: ='Qtrly''s-Cntsht Book'!J17 -> 130 | G16: ='Qtrly''s-Cntsht Book'!K17 -> 130 | H16: ='Qtrly''s-Cntsht Book'!N17 -> 124 | I16: ='Qtrly''s-Cntsht Book'!O17 -> 124 | J16: ='Qtrly''s-Cntsht Book'!P17 -> 137 | K16: ='Qtrly''s-Cntsht Book'!S17 -> 130 | L16: ='Qtrly''s-Cntsht Book'!T17 -> 138 | M16: ='Qtrly''s-Cntsht Book'!U17 -> 136 | N16: =SUM(B16:M16)/12 -> 134.91667 | O16: =N16*366 -> 49379.5
A17: Tents | B17: ='Qtrly''s-Cntsht Book'!D110 -> 0 | C17: ='Qtrly''s-Cntsht Book'!E110 -> 0 | D17: ='Qtrly''s-Cntsht Book'!F110 -> 0 | E17: ='Qtrly''s-Cntsht Book'!I110 -> 0 | F17: ='Qtrly''s-Cntsht Book'!J110 -> 0 | G17: ='Qtrly''s-Cntsht Book'!K110 -> 0 | H17: ='Qtrly''s-Cntsht Book'!N110 -> 0 | I17: ='Qtrly''s-Cntsht Book'!O110 -> 0 | J17: ='Qtrly''s-Cntsht Book'!P110 -> 0 | K17: ='Qtrly''s-Cntsht Book'!S110 -> - | L17: ='Qtrly''s-Cntsht Book'!T110 -> - | M17: ='Qtrly''s-Cntsht Book'!U110 -> - | N17: =SUM(B17:M17)/12 -> 0 | O17: =N17*365 -> 0
A18: TOTAL INSTITUTIONS | B18: =SUM(B4:B17) -> 4491 | C18: =SUM(C4:C17) -> 4496 | D18: =SUM(D4:D17) -> 4512 | E18: =SUM(E4:E17) -> 4495 | F18: =SUM(F4:F17) -> 4458 | G18: =SUM(G4:G17) -> 4436 | H18: =SUM(H4:H17) -> 4435 | I18: =SUM(I4:I17) -> 4408 | ... M18: =SUM(M4:M17) -> 4408 | N18: =SUM(B18:M18)/12 -> 4446.5833 | O18: =N18*366 -> 1627449.5
A19: Other
A20: CRC's | B20: ='Qtrly''s-Cntsht Book'!D21 -> 373 | C20: ='Qtrly''s-Cntsht Book'!E21 -> 381 | D20: ='Qtrly''s-Cntsht Book'!F21 -> 384 | E20: ='Qtrly''s-Cntsht Book'!I21 -> 402 | F20: ='Qtrly''s-Cntsht Book'!J21 -> 393 | G20: ='Qtrly''s-Cntsht Book'!K21 -> 373 | H20: ='Qtrly''s-Cntsht Book'!N21 -> 368 | I20: ='Qtrly''s-Cntsht Book'!O21 -> 398 | J20: ='Qtrly''s-Cntsht Book'!P21 -> 387 | K20: ='Qtrly''s-Cntsht Book'!S21 -> 387 | L20: ='Qtrly''s-Cntsht Book'!T21 -> 402 | M20: ='Qtrly''s-Cntsht Book'!U21 -> 396 | N20: =SUM(B20:M20)/12 -> 387 | O20: =N20*366 -> 141642
A21: CRC Offender Supervision | B21: ='Qtrly''s-Cntsht Book'!D22 -> 0 | C21: ='Qtrly''s-Cntsht Book'!E22 -> 0 | D21: ='Qtrly''s-Cntsht Book'!F22 -> 0 | E21: ='Qtrly''s-Cntsht Book'!I22 -> 0 | F21: ='Qtrly''s-Cntsht Book'!J22 -> 0 | G21: ='Qtrly''s-Cntsht Book'!K22 -> 0 | H21: ='Qtrly''s-Cntsht Book'!N22 -> 0 | I21: ='Qtrly''s-Cntsht Book'!O22 -> 0 | J21: ='Qtrly''s-Cntsht Book'!P22 -> 0 | K21: ='Qtrly''s-Cntsht Book'!S22 -> 0 | L21: ='Qtrly''s-Cntsht Book'!T22 -> 0 | M21: ='Qtrly''s-Cntsht Book'!U22 -> 0 | N21: =SUM(B21:M21)/12 -> 0 | O21: =N21*365 -> 0
A22: Treatment Beds | B22: ='Qtrly''s-Cntsht Book'!D23 -> 24 | C22: ='Qtrly''s-Cntsht Book'!E23 -> 25 | D22: ='Qtrly''s-Cntsht Book'!F23 -> 21 | E22: ='Qtrly''s-Cntsht Book'!I23 -> 20 | F22: ='Qtrly''s-Cntsht Book'!J23 -> 18 | G22: ='Qtrly''s-Cntsht Book'!K23 -> 19 | H22: ='Qtrly''s-Cntsht Book'!N23 -> 19 | I22: ='Qtrly''s-Cntsht Book'!O23 -> 23 | J22: ='Qtrly''s-Cntsht Book'!P23 -> 25 | K22: ='Qtrly''s-Cntsht Book'!S23 -> 25 | L22: ='Qtrly''s-Cntsht Book'!T23 -> 20 | M22: ='Qtrly''s-Cntsht Book'!U23 -> 18 | N22: =SUM(B22:M22)/12 -> 21.416667 | O22: =N22*366 -> 7838.5
A23: Electronic Monitoring | B23: ='Qtrly''s-Cntsht Book'!D24 -> 207 | C23: ='Qtrly''s-Cntsht Book'!E24 -> 211 | D23: ='Qtrly''s-Cntsht Book'!F24 -> 218 | E23: ='Qtrly''s-Cntsht Book'!I24 -> 226 | F23: ='Qtrly''s-Cntsht Book'!J24 -> 230 | G23: ='Qtrly''s-Cntsht Book'!K24 -> 223 | H23: ='Qtrly''s-Cntsht Book'!N24 -> 236 | I23: ='Qtrly''s-Cntsht Book'!O24 -> 257 | J23: ='Qtrly''s-Cntsht Book'!P24 -> 269 | K23: ='Qtrly''s-Cntsht Book'!S24 -> 269 | L23: ='Qtrly''s-Cntsht Book'!T24 -> 292 | M23: ='Qtrly''s-Cntsht Book'!U24 -> 291 | N23: =SUM(B23:M23)/12 -> 244.08333 | O23: =N23*366 -> 89334.5
A24: TWO (New) | B24: ='Qtrly''s-Cntsht Book'!D25 -> 0 | C24: ='Qtrly''s-Cntsht Book'!E25 -> 0 | D24: ='Qtrly''s-Cntsht Book'!F25 -> 0 | E24: ='Qtrly''s-Cntsht Book'!I25 -> 0 | F24: ='Qtrly''s-Cntsht Book'!J25 -> 0 | G24: ='Qtrly''s-Cntsht Book'!K25 -> 0 | H24: ='Qtrly''s-Cntsht Book'!N25 -> 0 | I24: ='Qtrly''s-Cntsht Book'!O25 -> 0 | J24: ='Qtrly''s-Cntsht Book'!P25 -> 0 | K24: ='Qtrly''s-Cntsht Book'!S25 -> 0 | L24: ='Qtrly''s-Cntsht Book'!T25 -> 0 | M24: ='Qtrly''s-Cntsht Book'!U25 -> 0 | N24: =SUM(B24:M24)/12 -> 0 | O24: =N24*365 -> 0
A25: Pretrial EM (New) | B25: ='Qtrly''s-Cntsht Book'!D26 -> 1357 | C25: ='Qtrly''s-Cntsht Book'!E26 -> 1323 | D25: ='Qtrly''s-Cntsht Book'!F26 -> 1344 | E25: ='Qtrly''s-Cntsht Book'!I26 -> 1365 | F25: ='Qtrly''s-Cntsht Book'!J26 -> 1374 | G25: ='Qtrly''s-Cntsht Book'!K26 -> 1389 | H25: ='Qtrly''s-Cntsht Book'!N26 -> 1385 | I25: ='Qtrly''s-Cntsht Book'!O26 -> 1363 | J25: ='Qtrly''s-Cntsht Book'!P26 -> 1338 | K25: ='Qtrly''s-Cntsht Book'!S26 -> 1293 | L25: ='Qtrly''s-Cntsht Book'!T26 -> 1273 | M25: ='Qtrly''s-Cntsht Book'!U26 -> 1265 | N25: =SUM(B25:M25)/12 -> 1339.0833 | O25: =N25*366 -> 490104.5
A26: Colorado | B26: ='Qtrly''s-Cntsht Book'!D88 -> 0 | C26: ='Qtrly''s-Cntsht Book'!E88 -> 0 | D26: ='Qtrly''s-Cntsht Book'!F88 -> 0 | E26: ='Qtrly''s-Cntsht Book'!I88 -> 0 | F26: ='Qtrly''s-Cntsht Book'!J88 -> 0 | G26: ='Qtrly''s-Cntsht Book'!K88 -> 0 | H26: ='Qtrly''s-Cntsht Book'!N88 -> 0 | I26: ='Qtrly''s-Cntsht Book'!O88 -> 0 | J26: ='Qtrly''s-Cntsht Book'!P88 -> 0 | K26: ='Qtrly''s-Cntsht Book'!S27 -> 0 | L26: ='Qtrly''s-Cntsht Book'!T88 -> 0 | M26: ='Qtrly''s-Cntsht Book'!U88 -> 0 | N26: =SUM(B26:M26)/12 -> 0 | O26: =N26*365 -> 0
A27: Other Out Of State | B27: ='Qtrly''s-Cntsht Book'!D28 -> 7 | C27: ='Qtrly''s-Cntsht Book'!E28 -> 7 | D27: ='Qtrly''s-Cntsht Book'!F28 -> 7 | E27: ='Qtrly''s-Cntsht Book'!I28 -> 7 | F27: ='Qtrly''s-Cntsht Book'!J28 -> 7 | G27: ='Qtrly''s-Cntsht Book'!K28 -> 7 | H27: ='Qtrly''s-Cntsht Book'!N28 -> 7 | I27: ='Qtrly''s-Cntsht Book'!O28 -> 7 | J27: ='Qtrly''s-Cntsht Book'!P28 -> 7 | K27: ='Qtrly''s-Cntsht Book'!S28 -> 7 | L27: ='Qtrly''s-Cntsht Book'!T28 -> 7 | M27: ='Qtrly''s-Cntsht Book'!U28 -> 6 | N27: =SUM(B27:M27)/12 -> 6.9166667 | O27: =N27*366 -> 2531.5
A28: TOTAL OTHER | B28: ='Qtrly''s-Cntsht Book'!D29 -> 1968 | C28: ='Qtrly''s-Cntsht Book'!E29 -> 1947 | D28: ='Qtrly''s-Cntsht Book'!F29 -> 1974 | E28: ='Qtrly''s-Cntsht Book'!I29 -> 2020 | F28: ='Qtrly''s-Cntsht Book'!J29 -> 2022 | G28: ='Qtrly''s-Cntsht Book'!K29 -> 2011 | H28: ='Qtrly''s-Cntsht Book'!N29 -> 2015 | I28: ='Qtrly''s-Cntsht Book'!O29 -> 2048 | J28: ='Qtrly''s-Cntsht Book'!P29 -> 2026 | K28: ='Qtrly''s-Cntsht Book'!S29 -> 1981 | L28: ='Qtrly''s-Cntsht Book'!T29 -> 1994 | M28: ='Qtrly''s-Cntsht Book'!U29 -> 1976 | N28: =SUM(B28:M28)/12 -> 1998.5 | O28: =SUM(O20:O27) -> 731451
A29: GRAND TOTAL | B29: =B18+B28 -> 6459 | C29: =C18+C28 -> 6443 | D29: =D18+D28 -> 6486 | E29: =E18+E28 -> 6515 | F29: =F18+F28 -> 6480 | G29: =G18+G28 -> 6447 | H29: =H18+H28 -> 6450 | I29: =I18+I28 -> 6456 | ... M29: =M18+M28 -> 6384 | N29: =SUM(B29:M29)/12 -> 6445.0833 | O29: =O18+O28 -> 2358900.5
A35: Updated: 09/19/24 lj

Sheet Avg Daily Community Jails
A1: JULY 2023 TO JUNE 2024-NUMBER OF PERSONS
A3: BEDS | B3: 4 | C3: 6 | D3: 7 | E3: 8 | F3: 6 | G3: 7 | H3: 22 | I3: 10 | J3: 9 | K3: 12 | L3: 14 | M3: 15 | N3: 10 | O3: 13 | P3: 12 | Q3: 155
B4: Bristol Bay | C4: Cordova | D4: Craig | E4: Dillingham | F4: Haines | G4: Homer | H4: Kodiak | I4: Kotzebue | J4: NSB | K4: Petersburg | L4: Seward | M4: Sitka | N4: Unalaska | O4: Valdez | P4: Wrangell
A5: July | B5: 33 | C5: 9 | D5: 23 | E5: 25 | F5: 0 | G5: 44 | H5: 38 | I5: 72 | J5: 29 | K5: 3 | L5: 22 | M5: 24 | N5: 4 | O5: 25 | P5: 3
A6: August | B6: 6 | C6: 8 | D6: 19 | E6: 34 | F6: 2 | G6: 41 | H6: 54 | I6: 58 | J6: 44 | K6: 6 | L6: 22 | M6: 20 | N6: 2 | O6: 7 | P6: 5
A7: September | B7: 17 | C7: 7 | D7: 14 | E7: 15 | F7: 1 | G7: 42 | H7: 36 | I7: 51 | J7: 33 | K7: 6 | M7: 23 | N7: 13 | O7: 5 | P7: 5
A8: October | B8: 16 | C8: 3 | D8: 16 | E8: 17 | F8: 3 | G8: 52 | H8: 46 | I8: 54 | J8: 32 | K8: 1 | M8: 27 | N8: 5 | O8: 15 | P8: 6
A9: November | B9: 9 | C9: 7 | D9: 18 | E9: 21 | F9: 0 | G9: 35 | H9: 37 | I9: 53 | J9: 26 | K9: 15 | M9: 16 | N9: 1 | O9: 13 | P9: 3
A10: December | B10: 5 | C10: 4 | D10: 12 | E10: 23 | F10: 2 | G10: 34 | H10: 35 | I10: 33 | J10: 19 | K10: 9 | M10: 15 | N10: 7 | O10: 7 | P10: 3
A11: January | B11: 4 | C11: 5 | D11: 24 | E11: 7 | F11: 1 | G11: 31 | H11: 49 | I11: 49 | J11: 22 | K11: 4 | M11: 14 | N11: 4 | O11: 11 | P11: 2
A12: February | B12: 4 | C12: 2 | D12: 16 | E12: 20 | F12: 1 | G12: 24 | H12: 39 | I12: 49 | J12: 20 | K12: 8 | M12: 16 | N12: 11 | O12: 11 | P12: 5
A13: March | B13: 9 | C13: 1 | D13: 19 | E13: 9 | F13: 1 | G13: 32 | H13: 32 | I13: 52 | J13: 28 | K13: 8 | M13: 21 | N13: 7 | O13: 7 | P13: 8
A14: April | B14: 9 | C14: 4 | D14: 17 | E14: 8 | F14: 0 | G14: 32 | H14: 58 | I14: 60 | J14: 30 | K14: 4 | M14: 14 | N14: 9 | O14: 21 | P14: 7
A15: May | B15: 15 | C15: 7 | D15: 8 | E15: 32 | F15: 4 | G15: 37 | H15: 44 | I15: 58 | J15: 21 | K15: 7 | M15: 18 | N15: 6 | O15: 21 | P15: 3
A16: June | B16: 14 | C16: 5 | D16: 18 | E16: 8 | F16: 5 | G16: 54 | H16: 35 | I16: 45 | J16: 27 | K16: 5 | M16: 10 | N16: 8 | O16: 15 | P16: 3 | Q16: Total
A17: Total | B17: =SUM(B5:B16) -> 141 | C17: =SUM(C5:C16) -> 62 | D17: =SUM(D5:D16) -> 204 | E17: 219 | F17: =SUM(F5:F16) -> 20 | G17: =SUM(G5:G16) -> 458 | H17: =SUM(H5:H16) -> 503 | I17: =SUM(I5:I16) -> 634 | J17: =SUM(J5:J16) -> 331 | K17: =SUM(K5:K16) -> 76 | L17: =SUM(L5:L16) -> 44 | M17: =SUM(M5:M16) -> 218 | ... P17: =SUM(P5:P16) -> 53 | Q17: Persons
A18: Average | B18: 11.75 | C18: 5.17 | D18: 17 | E18: 18.25 | F18: 1.67 | G18: 38.17 | H18: 41.92 | I18: 52.83 | J18: 27.58 | K18: 6.33 | L18: 22 | M18: 18.17 | N18: 6.42 | O18: 13.17 | P18: 4.42 | Q18: =SUM(B17:P17) -> 3198
A20: JULY 2023 TO JUNE 2024--NUMBER OF MAN-DAYS
A22: CAP DAYS | B22: 15 | C22: 7 | D22: 15 | E22: 20 | F22: 14 | G22: 10 | H22: 30 | I22: 30 | J22: 30 | K22: 15 | L22: 30 | M22: 10 | N22: 30 | O22: 10 | P22: 30 | Q22: 266
B23: Bristol Bay | C23: Cordova | D23: Craig | E23: Dillingham | F23: Haines | G23: Homer | H23: Kodiak | I23: Kotzebue | J23: NSB | K23: Petersburg | L23: Seward | M23: Sitka | N23: Unalaska | O23: Valdez | P23: Wrangell
A24: July | B24: 93 | C24: 38.5 | D24: 119 | E24: 123 | F24: 0 | G24: 87.5 | H24: 156.5 | I24: 221.5 | J24: 98.5 | K24: 6 | L24: 75.5 | M24: 46 | N24: 18 | O24: 123 | P24: 2
A25: August | B25: 18.5 | C25: 37 | D25: 75.5 | E25: 115 | F25: 11 | G25: 81 | H25: 224 | I25: 205 | J25: 110.5 | K25: 10 | L25: 48.5 | M25: 63.5 | N25: 15 | O25: 10.5 | P25: 19
A26: September | B26: 87 | C26: 9 | D26: 110 | E26: 23 | F26: 2 | G26: 76 | H26: 153.5 | I26: 201 | J26: 267 | K26: 22.5 | M26: 62 | N26: 54.5 | O26: 36 | P26: 39
A27: October | B27: 64 | C27: 22.5 | D27: 68 | E27: 42 | F27: 4.5 | G27: 109.5 | H27: 230.5 | I27: 206 | J27: 181.5 | K27: 7 | M27: 89.5 | N27: 8.5 | O27: 87.5 | P27: 31
A28: November | B28: 48.5 | C28: 31.5 | D28: 66 | E28: 61 | F28: 0 | G28: 77.5 | H28: 209.5 | I28: 209 | J28: 158 | K28: 84.5 | M28: 70 | N28: 1 | O28: 65 | P28: 4
A29: December | B29: 20.5 | C29: 6.5 | D29: 51.5 | E29: 132.5 | F29: 3.5 | G29: 74 | H29: 259 | I29: 117 | J29: 59 | K29: 31 | M29: 39.5 | N29: 48 | O29: 40 | P29: 5
A30: January | B30: 15 | C30: 40.5 | D30: 91 | E30: 37 | F30: 2 | G30: 83 | H30: 240.5 | I30: 240 | J30: 140 | K30: 18.5 | M30: 32.5 | N30: 17 | O30: 34.5 | P30: 11
A31: February | B31: 17 | C31: 21.5 | D31: 62.5 | E31: 139.5 | F31: 0.5 | G31: 63 | H31: 263 | I31: 240 | J31: 128 | K31: 15.5 | M31: 59 | N31: 51 | O31: 21.5 | P31: 10
A32: March | B32: 47.5 | C32: 1.5 | D32: 73 | E32: 29.5 | F32: 1 | G32: 87.5 | H32: 158 | I32: 222.5 | J32: 161.5 | K32: 25.5 | M32: 47 | N32: 77 | O32: 40 | P32: 29
A33: April | B33: 38 | C33: 15 | D33: 79.5 | E33: 22.5 | F33: 0 | G33: 65.5 | H33: 224.5 | I33: 225 | J33: 141.5 | K33: 15.5 | M33: 31 | N33: 34 | O33: 132 | P33: 40
A34: May | B34: 64.5 | C34: 7 | D34: 54 | E34: 82 | F34: 4 | G34: 67.5 | H34: 189.5 | I34: 235 | J34: 117 | K34: 17.5 | M34: 54 | N34: 14 | O34: 59 | P34: 25
A35: June | B35: 67 | C35: 11.5 | D35: 124 | E35: 12 | F35: 18 | G35: 117 | H35: 188.5 | I35: 170.5 | J35: 129.5 | K35: 8 | M35: 28.5 | N35: 28.5 | O35: 33.5 | P35: 7 | Q35: Total
A36: Total | B36: =SUM(B24:B35) -> 580.5 | C36: =SUM(C24:C35) -> 242 | D36: =SUM(D24:D35) -> 974 | E36: =SUM(E24:E35) -> 819 | F36: =SUM(F24:F35) -> 46.5 | G36: =SUM(G24:G35) -> 989 | H36: =SUM(H24:H35) -> 2497 | I36: =SUM(I24:I35) -> 2492.5 | ... P36: =SUM(P24:P35) -> 222 | Q36: Man-days
A37: Average | B37: 48.38 | C37: 20.17 | D37: 81.17 | E37: 68.25 | F37: 3.88 | G37: 82.42 | H37: 208.08 | I37: 207.71 | J37: 141 | K37: 21.79 | L37: 62 | M37: 51.88 | N37: 30.54 | O37: 56.88 | P37: 18.5 | Q37: =SUM(B36:P36) -> 12611.5
A41: COC 2025 | B41: =Q37/366 -> 34.45765
A42: Average Daily Community Jail Population for Fiscal Year 2024 | H42: =B41 -> 34.45765
A47: **PLEASE NOTE FY2024 is a leap year, FY2025 will need to have the formula's adjusted back to a normal year of 365 days**
A48: Revised: 09/19/24 lj

Sheet IADP-By Gender
A1: DAILY AVERAGE BY INSTITUTION BY SEX BY CRIME DEGREE: FY2024
A3: LOCATION | B3: Misdemeanor Male Inmate | C3: Misdemeanor Male Unsentenced | D3: Misdemeanor Female Inmate | E3: Misdemeanor Female Unsentenced | F3: Felon Female Inmate | G3: Felon Female Unsentenced | H3: Grand Total
A4: ANCHORAGE JAIL | B4: 15.309589 | C4: 79.09863 | D4: 0 | E4: 0.002739726 | F4: 0 | G4: 0 | H4: =SUM(Table1[[#This Row],[Misdemeanor Male Inmate ]:[Felon Female Unsentenced]]) -> 94.410959
A5: ANVIL MTN CC | B5: 2.6027397 | C5: 12.89863 | D5: 0.31780822 | E5: 3.1150685 | F5: 0.12876712 | G5: 5.6356164 | H5: =SUM(Table1[[#This Row],[Misdemeanor Male Inmate ]:[Felon Female Unsentenced]]) -> 24.69863
A6: COOK INLET PRETRIAL | B6: 7.6931507 | C6: 51.917808 | D6: 0 | E6: 0 | F6: 0 | G6: 0 | H6: =SUM(Table1[[#This Row],[Misdemeanor Male Inmate ]:[Felon Female Unsentenced]]) -> 59.610959
A7: FAIRBANKS CC | B7: 3.7013699 | C7: 33.389041 | D7: 0.95068493 | E7: 7.7616438 | F7: 1.2849315 | G7: 23.90411 | H7: =SUM(Table1[[#This Row],[Misdemeanor Male Inmate ]:[Felon Female Unsentenced]]) -> 70.991781
A8: GOOSE CREEK CC | B8: 64.419178 | C8: 57.208219 | D8: 0 | E8: 0 | F8: 0 | G8: 0 | H8: =SUM(Table1[[#This Row],[Misdemeanor Male Inmate ]:[Felon Female Unsentenced]]) -> 121.6274
A9: HILAND MTN CC | B9: 0 | C9: 0.002739726 | D9: 18.334247 | E9: 48.490411 | F9: 105.50137 | G9: 175.04658 | H9: =SUM(Table1[[#This Row],[Misdemeanor Male Inmate ]:[Felon Female Unsentenced]]) -> 347.37534
A10: KETCHIKAN CC | B10: 1.4630137 | C10: 6.5452055 | D10: 0.27123288 | E10: 2.3123288 | F10: 0.52876712 | G10: 6.1068493 | H10: =SUM(Table1[[#This Row],[Misdemeanor Male Inmate ]:[Felon Female Unsentenced]]) -> 17.227397
A11: LEMON CREEK CC | B11: 7.6931507 | C11: 13.547945 | D11: 0.58082192 | E11: 2.7506849 | F11: 1.1890411 | G11: 3.1479452 | H11: =SUM(Table1[[#This Row],[Misdemeanor Male Inmate ]:[Felon Female Unsentenced]]) -> 28.909589
A12: MATSU PRETRIAL | B12: 1.0164384 | C12: 17.043836 | D12: 0.002739726 | E12: 0.75890411 | F12: 0.010958904 | G12: 0.35342466 | H12: =SUM(Table1[[#This Row],[Misdemeanor Male Inmate ]:[Felon Female Unsentenced]]) -> 19.186301
A13: PALMER-MED CC | B13: 29.715068 | C13: 0.057534247 | D13: 0 | E13: 0 | F13: 0 | G13: 0 | H13: =SUM(Table1[[#This Row],[Misdemeanor Male Inmate ]:[Felon Female Unsentenced]]) -> 29.772603
A14: PALMER-MIN CC | B14: 4.1232877 | C14: 0.068493151 | D14: 0 | E14: 0 | F14: 0 | G14: 0 | H14: =SUM(Table1[[#This Row],[Misdemeanor Male Inmate ]:[Felon Female Unsentenced]]) -> 4.1917808
A15: PT. MACKENZIE CF | B15: 6.969863 | C15: 0.30410959 | D15: 0 | E15: 0 | F15: 0 | G15: 0 | H15: =SUM(Table1[[#This Row],[Misdemeanor Male Inmate ]:[Felon Female Unsentenced]]) -> 7.2739726
A16: SPRING CREEK CC | B16: 40.479452 | C16: 7.5150685 | D16: 0 | E16: 0 | F16: 0 | G16: 0 | H16: =SUM(Table1[[#This Row],[Misdemeanor Male Inmate ]:[Felon Female Unsentenced]]) -> 47.994521 | J16: AVG Daily
A17: WILDWOOD CC | B17: 33.890411 | C17: 7.5342466 | D17: 0 | E17: 0 | F17: 0 | G17: 0 | H17: =SUM(Table1[[#This Row],[Misdemeanor Male Inmate ]:[Felon Female Unsentenced]]) -> 41.424658 | J17: Female
A18: WILDWOOD PRETRIAL | B18: 1.9123288 | C18: 10.756164 | D18: 0.65479452 | E18: 3.939726 | F18: 3.1972603 | G18: 8.8794521 | H18: =SUM(Table1[[#This Row],[Misdemeanor Male Inmate ]:[Felon Female Unsentenced]]) -> 29.339726 | J18: Population
A19: WILDWOOD TRANSIT | B19: 5.1342466 | C19: 3.8684932 | D19: 0 | E19: 0 | F19: 0 | G19: 0 | H19: =SUM(Table1[[#This Row],[Misdemeanor Male Inmate ]:[Felon Female Unsentenced]]) -> 9.0027397 | J19: (Sched-A)
A20: YUKON-KUSKOKWIM CC | B20: 7.9753425 | C20: 11.041096 | D20: 0.23561644 | E20: 1.7589041 | F20: 0.78630137 | G20: 3.6136986 | H20: =SUM(Table1[[#This Row],[Misdemeanor Male Inmate ]:[Felon Female Unsentenced]]) -> 25.410959
A21: Total INSTITUTION | B21: =SUBTOTAL(109,B4:B20) -> 234.09863 | C21: =SUBTOTAL(109,C4:C20) -> 312.79726 | D21: =SUBTOTAL(109,D4:D20) -> 21.347945 | E21: =SUBTOTAL(109,E4:E20) -> 70.890411 | F21: =SUBTOTAL(109,F4:F20) -> 112.6274 | G21: =SUBTOTAL(109,G4:G20) -> 226.68767 | H21: =SUM(Table1[[#This Row],[Misdemeanor Male Inmate ]:[Felon Female Unsentenced]]) -> 978.44932 | J21: =SUM(Table1[[#This Row],[Misdemeanor Female Inmate ]:[Felon Female Unsentenced]]) -> 431.55342
A22: AKEELA HOUSE | B22: 0 | C22: 0 | D22: 0 | E22: 0.49589041 | F22: 0 | G22: 0 | H22: =SUM(Table1[[#This Row],[Misdemeanor Male Inmate ]:[Felon Female Unsentenced]]) -> 0.49589041
A23: CORDOVA CTR | B23: 27.446575 | C23: 15.882192 | D23: 0.53972603 | E23: 0.45753425 | F23: 0.57534247 | G23: 0.12876712 | H23: 100.05753
A24: GLACIER MANOR | B24: 2.0767123 | C24: 0.18356164 | D24: 0.26849315 | E24: 0.0082191781 | F24: 5.0027397 | G24: 0.0054794521 | H24: 22.627397
A25: MIDTOWN CTR - ANCH | B25: 0 | C25: 0 | D25: 4.1479452 | E25: 1.2054795 | F25: 14.50411 | G25: 0.55342466 | H25: 20.410959
A26: NORTH STAR CTR | B26: 7.3068493 | C26: 5.2164384 | D26: 2.7616438 | E26: 1.3561644 | F26: 3.2493151 | G26: 0.87671233 | H26: 47.309589
A27: PARKVIEW | B27: 12.00274 | C27: 0 | D27: 0 | E27: 0 | F27: 0 | G27: 0 | H27: 96.547945
A28: SEASIDE CRC-NOME | B28: 5.3534247 | C28: 9.0054795 | D28: 1.0219178 | E28: 4.5863014 | F28: 0.58082192 | G28: 0.58630137 | H28: 35.580822
A29: TUNDRA CTR | B29: 9.4328767 | C29: 1.309589 | D29: 0.48219178 | E29: 0.063013699 | F29: 1.0493151 | G29: 0.0082191781 | H29: 29.063014
A30: Total CRC | B30: =SUBTOTAL(109,B22:B29) -> 63.619178 | C30: =SUBTOTAL(109,C22:C29) -> 31.59726 | D30: =SUBTOTAL(109,D22:D29) -> 9.2219178 | E30: =SUBTOTAL(109,E22:E29) -> 8.1726027 | F30: =SUBTOTAL(109,F22:F29) -> 24.961644 | G30: =SUBTOTAL(109,G22:G29) -> 2.1589041 | H30: =SUM(Table1[[#This Row],[Misdemeanor Male Inmate ]:[Felon Female Unsentenced]]) -> 139.73151
A31: COLORADO STATE PRISON | B31: 1.0027397 | C31: 0 | D31: 1.0027397 | E31: 0 | F31: 0 | G31: 0 | H31: 2.0054795
A32: FEDERAL BUREAU PRISONS | B32: 0 | C32: 1.230137 | D32: 0 | E32: 0 | F32: 0 | G32: 0 | H32: 5.2410959
A33: INDIANA STATE PRISON | B33: 0 | C33: 0 | D33: 0 | E33: 0 | F33: 0 | G33: 0 | H33: 0.95616438
A34: WASHINGTON STATE | B34: 0 | C34: 0.26027397 | D34: 0 | E34: 0.04109589 | F34: 0 | G34: 0 | H34: 1.7616438
A35: Total OUT OF STATE | B35: =SUBTOTAL(109,B31:B34) -> 1.0027397 | C35: =SUBTOTAL(109,C31:C34) -> 1.490411 | D35: =SUBTOTAL(109,D31:D34) -> 1.0027397 | E35: =SUBTOTAL(109,E31:E34) -> 0.04109589 | F35: =SUBTOTAL(109,F31:F34) -> 0 | G35: =SUBTOTAL(109,G31:G34) -> 0 | H35: =SUM(Table1[[#This Row],[Misdemeanor Male Inmate ]:[Felon Female Unsentenced]]) -> 3.5369863
A36: ANCHORAGE EM | B36: 20.334247 | C36: 0 | D36: 6.6630137 | E36: 0.010958904 | F36: 17.306849 | G36: 0 | H36: 124.73973
A37: CORDOVA EM | B37: 0.01369863 | C37: 0 | D37: 0 | E37: 0 | F37: 0 | G37: 0 | H37: 0.01369863
A38: EM - ANCHORAGE - ADM | B38: 0.068493151 | C38: 0.019178082 | D38: 0.076712329 | E38: 0 | F38: 0 | G38: 0 | H38: 0.16712329
A39: EM - ANCHORAGE - APS | B39: 1.1945205 | C39: 0.0082191781 | D39: 0.60273973 | E39: 0 | F39: 0 | G39: 0 | H39: 1.8054795
A40: EM - ANCHORAGE - PPM | B40: 0.032876712 | C40: 0 | D40: 0 | E40: 0 | F40: 0 | G40: 0 | H40: 0.032876712
A41: EM - KENAI - APS | B41: 0.01369863 | C41: 0 | D41: 0.0054794521 | E41: 0 | F41: 0 | G41: 0 | H41: 0.019178082
A42: EM - KENAI - VMS | B42: 0.37534247 | C42: 0 | D42: 0.20821918 | E42: 0 | F42: 0 | G42: 0 | H42: 0.58630137
A43: EM - KODIAK - APS | B43: 0.41369863 | C43: 0 | D43: 0.016438356 | E43: 0 | F43: 0 | G43: 0 | H43: 0.43013699
A44: EM - PALMER - APS | B44: 0.23835616 | C44: 0 | D44: 0.18356164 | E44: 0 | F44: 0 | G44: 0 | H44: 0.42191781
A45: EM - PALMER - PPM | B45: 0.093150685 | C45: 0 | D45: 0.032876712 | E45: 0.0054794521 | F45: 0 | G45: 0 | H45: 0.13150685
A46: EM AKEELA HOUSE | B46: 0 | C46: 0 | D46: 0 | E46: 0 | F46: 0.66849315 | G46: 0 | H46: 0.66849315
A47: EM CLITHEROE | B47: 0.17808219 | C47: 0 | D47: 0 | E47: 0 | F47: 0 | G47: 0 | H47: 1.9479452
... A57: PALMER EM | B57: 9.2 | C57: 0 | D57: 1.8630137 | E57: 0 | F57: 8.9342466 | G57: 0 | H57: 49.219178
A58: Total EM | B58: =SUBTOTAL(109,B37:B57) -> 24.654795 | C58: =SUBTOTAL(109,C37:C57) -> 0.02739726 | D58: =SUBTOTAL(109,D37:D57) -> 6.1287671 | E58: =SUBTOTAL(109,E37:E57) -> 0.01369863 | F58: =SUBTOTAL(109,F37:F57) -> 16.879452 | G58: =SUBTOTAL(109,G37:G57) -> 0 | H58: =SUM(Table1[[#This Row],[Misdemeanor Male Inmate ]:[Felon Female Unsentenced]]) -> 47.70411
A61: Revised: 09/19/24 lj

Sheet Monthly PO Workload Stats
B2: Year | C2: Jul | D2: Aug | E2: Sep | F2: Oct | G2: Nov | H2: Dec | I2: Jan | J2: Feb | K2: Mar | L2: Apr | M2: May | N2: June | O2: Average Caseload | P2: Average Caseload Difference | Q2: Percent Caseload Difference
A3: Anchorage Probation Office | B3: FY00 | C3: 1998 | D3: 2016 | E3: 1984 | F3: 2010 | G3: 2067 | H3: 2078 | I3: 2078 | J3: 2085 | K3: 2134 | L3: 2136 | M3: 2135 | N3: 2143 | O3: =SUM(C3:N3)/12 -> 2072
B4: FY01 | C4: 2155 | D4: 2157 | E4: 2172 | F4: 2180 | G4: 2183 | H4: 2205 | I4: 2192 | J4: 2191 | K4: 2183 | L4: 2183 | M4: 2191 | N4: 2189 | O4: =SUM(C4:N4)/12 -> 2181.75 | P4: =SUM(O4-O3) -> 109.75 | Q4: =SUM(P4/O3) -> 0.052968147
B5: FY02 | C5: 2201 | D5: 2233 | E5: 2235 | F5: 2252 | G5: 2259 | H5: 2271 | I5: 2271 | J5: 2307 | K5: 2319 | L5: 2331 | M5: 2343 | N5: 2355 | O5: =SUM(C5:N5)/12 -> 2281.4167 | P5: =SUM(O5-O4) -> 99.666667 | Q5: =SUM(P5/O4) -> 0.045681983
B6: FY03 | C6: 2324 | D6: 2433 | E6: 2266 | F6: 2266 | G6: 2306 | H6: 2306 | I6: 2306 | J6: 2334 | K6: 2230 | L6: 2230 | M6: 2230 | N6: 2230 | O6: =SUM(C6:N6)/12 -> 2288.4167 | P6: =SUM(O6-O5) -> 7 | Q6: =SUM(P6/O5) -> 0.003068269
B7: FY04 | C7: 2408 | D7: 2335 | E7: 2353 | F7: 2353 | G7: 2311 | H7: 2367 | I7: 2367 | J7: 2352 | K7: 2336 | L7: 2336 | M7: 2292 | N7: 2318 | O7: =SUM(C7:N7)/12 -> 2344 | P7: =SUM(O7-O6) -> 55.583333 | Q7: =SUM(P7/O6) -> 0.024288992
B8: FY05 | C8: 2312 | D8: 2305 | E8: 2318 | F8: 2318 | G8: 2350 | H8: 2314 | I8: 2314 | J8: 2426 | K8: 2400 | L8: 2454 | M8: 2536 | N8: 2334 | O8: =SUM(C8:N8)/12 -> 2365.0833 | P8: =SUM(O8-O7) -> 21.083333 | Q8: =SUM(P8/O7) -> 0.0089945961
B9: FY06 | C9: 2357 | D9: 2384 | E9: 2387 | F9: 2410 | G9: 2414 | H9: 2444 | I9: 2444 | J9: 2433 | K9: 2417 | L9: 2424 | M9: 2443 | N9: 2445 | O9: =SUM(C9:N9)/12 -> 2416.8333 | P9: =SUM(O9-O8) -> 51.75 | Q9: =SUM(P9/O8) -> 0.021880836
B10: FY07 | C10: 2453 | D10: 2437 | E10: 2420 | F10: 2487 | G10: 2437 | H10: 2479 | I10: 2466 | J10: 2488 | K10: 2477 | L10: 2562 | M10: 2557 | N10: 2455 | O10: =SUM(C10:N10)/12 -> 2476.5 | P10: =SUM(O10-O9) -> 59.666667 | Q10: =SUM(P10/O9) -> 0.024687953
B11: FY08 | C11: 2495 | D11: 2542 | E11: 2644 | F11: 2580 | G11: 2273 | H11: 2302 | I11: 2395 | J11: 2404 | K11: 2394 | L11: 2426 | M11: 2689 | N11: 2739 | O11: =SUM(C11:N11)/12 -> 2490.25 | P11: =SUM(O11-O10) -> 13.75 | Q11: =SUM(P11/O10) -> 0.0055521906
B12: FY09 | C12: 2704 | D12: 2698 | E12: 2694 | F12: 2677 | G12: 2732 | H12: 2755 | I12: 2778 | J12: 2778 | K12: 2775 | L12: 2782 | M12: 2819 | N12: 2864 | O12: =SUM(C12:N12)/12 -> 2754.6667 | P12: =SUM(O12-O11) -> 264.41667 | Q12: =SUM(P12/O11) -> 0.10618077
B13: FY10 | C13: 2871 | D13: 2904 | E13: 2884 | F13: 2895 | G13: 2826 | H13: 2865 | I13: 2853 | J13: 2903 | K13: 2885 | L13: 2910 | M13: 2930 | N13: 2884 | O13: =SUM(C13:N13)/12 -> 2884.1667 | P13: =SUM(O13-O12) -> 129.5 | Q13: =SUM(P13/O12) -> 0.047011133
B14: FY11 | C14: 2896 | D14: 2980 | E14: 2969 | F14: 2961 | G14: 3022 | H14: 3037 | I14: 3049 | J14: 3076 | K14: 3088 | L14: 3074 | M14: 3058 | N14: 2954 | O14: =SUM(C14:N14)/12 -> 3013.6667 | P14: =SUM(O14-O13) -> 129.5 | Q14: =SUM(P14/O13) -> 0.044900318
B15: FY12 | C15: 3027 | D15: 3039 | E15: 3034 | F15: 3040 | G15: 3022 | H15: 3057 | I15: 3074 | J15: 3088 | K15: 3056 | L15: 3094 | M15: 3138 | N15: 3130 | O15: =SUM(C15:N15)/12 -> 3066.5833 | P15: =SUM(O15-O14) -> 52.916667 | Q15: =SUM(P15/O14) -> 0.017558898
... B27: FY24 | C27: 1729 | D27: 1726 | E27: 1720 | F27: 1745 | G27: 1749 | H27: 1745 | I27: 1752 | J27: 1750 | K27: 1706 | L27: 1689 | M27: 1680 | N27: 1678 | O27: =SUM(C27:N27)/12 -> 1722.4167 | P27: =SUM(O27-O26) -> 12.166667 | Q27: =SUM(P27/O26) -> 0.0071139697
A28: Barrow Probation Office | B28: Year | C28: Jul | D28: Aug | E28: Sep | F28: Oct | G28: Nov | H28: Dec | I28: Jan | J28: Feb | K28: Mar | L28: Apr | M28: May | N28: June
B29: FY00 | C29: 83 | D29: 80 | E29: 74 | F29: 78 | G29: 79 | H29: 81 | I29: 82 | J29: 83 | K29: 82 | L29: 83 | M29: 85 | N29: 87 | O29: =SUM(C29:N29)/12 -> 81.416667
B30: FY01 | C30: 92 | D30: 93 | E30: 94 | F30: 97 | G30: 98 | H30: 95 | I30: 89 | J30: 93 | K30: 90 | L30: 97 | M30: 99 | N30: 92 | O30: =SUM(C30:N30)/12 -> 94.083333 | P30: =SUM(O30-O29) -> 12.666667 | Q30: =SUM(P30/O29) -> 0.1555783
B31: FY02 | C31: 90 | D31: 91 | E31: 92 | F31: 100 | G31: 99 | H31: 111 | I31: 102 | J31: 94 | K31: 96 | L31: 98 | M31: 93 | N31: 89 | O31: =SUM(C31:N31)/12 -> 96.25 | P31: =SUM(O31-O30) -> 2.1666667 | Q31: =SUM(P31/O30) -> 0.023029229
B32: FY03 | C32: 72 | D32: 74 | E32: 73 | F32: 73 | G32: 73 | H32: 73 | I32: 73 | J32: 65 | K32: 65 | L32: 65 | M32: 65 | N32: 60 | O32: =SUM(C32:N32)/12 -> 69.25 | P32: =SUM(O32-O31) -> -27 | Q32: =SUM(P32/O31) -> -0.28051948
B33: FY04 | C33: 59 | D33: 58 | E33: 59 | F33: 60 | G33: 56 | H33: 54 | I33: 54 | J33: 51 | K33: 53 | L33: 59 | M33: 64 | N33: 62 | O33: =SUM(C33:N33)/12 -> 57.416667 | P33: =SUM(O33-O32) -> -11.833333 | Q33: =SUM(P33/O32) -> -0.17087846
B34: FY05 | C34: 66 | D34: 68 | E34: 66 | F34: 65 | G34: 63 | H34: 68 | I34: 63 | J34: 57 | K34: 45 | L34: 45 | M34: 47 | N34: 49 | O34: =SUM(C34:N34)/12 -> 58.5 | P34: =SUM(O34-O33) -> 1.0833333 | Q34: =SUM(P34/O33) -> 0.018867925
B35: FY06 | C35: 47 | D35: 45 | E35: 45 | F35: 47 | G35: 47 | H35: 42 | I35: 40 | J35: 42 | K35: 47 | L35: 46 | M35: 41 | N35: 39 | O35: =SUM(C35:N35)/12 -> 44 | P35: =SUM(O35-O34) -> -14.5 | Q35: =SUM(P35/O34) -> -0.24786325
B36: FY07 | C36: 40 | D36: 40 | E36: 40 | F36: 43 | G36: 37 | H36: 38 | I36: 37 | J36: 39 | K36: 41 | L36: 51 | M36: 50 | N36: 37 | O36: =SUM(C36:N36)/12 -> 41.083333 | P36: =SUM(O36-O35) -> -2.9166667 | Q36: =SUM(P36/O35) -> -0.066287879
B37: FY08 | C37: 39 | D37: 39 | E37: 44 | F37: 39 | G37: 42 | H37: 41 | I37: 40 | J37: 37 | K37: 36 | L37: 36 | M37: 40 | N37: 41 | O37: =SUM(C37:N37)/12 -> 39.5 | P37: =SUM(O37-O36) -> -1.5833333 | Q37: =SUM(P37/O36) -> -0.038539554
B38: FY09 | C38: 32 | D38: 34 | E38: 31 | F38: 32 | G38: 33 | H38: 31 | I38: 31 | J38: 31 | K38: 34 | L38: 36 | M38: 40 | N38: 39 | O38: =SUM(C38:N38)/12 -> 33.666667 | P38: =SUM(O38-O37) -> -5.8333333 | Q38: =SUM(P38/O37) -> -0.14767932
B39: FY10 | C39: 43 | D39: 43 | E39: 41 | F39: 0 | G39: 0 | H39: 0 | I39: 35 | J39: 35 | K39: 38 | L39: 36 | M39: 35 | N39: 32 | O39: =SUM(C39:N39)/9 -> 37.555556 | P39: =SUM(O39-O38) -> 3.8888889 | Q39: =SUM(P39/O38) -> 0.11551155
B40: FY11 | C40: 32 | D40: 33 | E40: 46 | F40: 60 | G40: 63 | H40: 62 | I40: 63 | J40: 64 | K40: 61 | L40: 60 | M40: 67 | N40: 70 | O40: =SUM(C40:N40)/12 -> 56.75 | P40: =SUM(O40-O39) -> 19.194444 | Q40: =SUM(P40/O39) -> 0.51109467
B41: FY12 | C41: 68 | D41: 65 | E41: 62 | F41: 61 | G41: 65 | H41: 66 | I41: 68 | J41: 66 | K41: 70 | L41: 68 | M41: 65 | N41: 68 | O41: =SUM(C41:N41)/12 -> 66 | P41: =SUM(O41-O40) -> 9.25 | Q41: =SUM(P41/O40) -> 0.16299559
B42: FY13 | C42: 70 | D42: 71 | E42: 74 | F42: 74 | G42: 74 | H42: 79 | I42: 77 | J42: 80 | K42: 70 | L42: 66 | M42: 65 | N42: 57 | O42: =SUM(C42:N42)/12 -> 71.416667 | P42: =SUM(O42-O41) -> 5.4166667 | Q42: =SUM(P42/O41) -> 0.082070707
B43: FY14 | C43: 55 | D43: 70 | E43: 75 | F43: 77 | G43: 78 | H43: 51 | I43: 46 | J43: 50 | K43: 52 | L43: 52 | M43: 53 | N43: 59 | O43: =SUM(C43:N43)/12 -> 59.833333 | P43: =SUM(O43-O42) -> -11.583333 | Q43: =SUM(P43/O42) -> -0.1621937
B44: FY15 | C44: 56 | D44: 56 | E44: 56 | F44: 60 | G44: 51 | H44: 50 | I44: 54 | J44: 54 | K44: 7 | L44: 7 | M44: 8 | N44: 8 | O44: =SUM(C44:N44)/12 -> 38.916667 | P44: =SUM(O44-O43) -> -20.916667 | Q44: =SUM(P44/O43) -> -0.34958217
B45: FY16 | C45: 8 | D45: 7 | E45: 7 | F45: 6 | G45: 4 | H45: 4 | I45: 5 | J45: 5 | K45: 5 | L45: 5 | M45: 32 | N45: 29 | O45: =SUM(C45:N45)/12 -> 9.75 | P45: =SUM(O45-O44) -> -29.166667 | Q45: =SUM(P45/O44) -> -0.74946467
B46: FY17 | C46: 30 | D46: 32 | E46: 34 | F46: 35 | G46: 33 | H46: 31 | I46: 31 | J46: 29 | K46: 29 | L46: 27 | M46: 26 | N46: 24 | O46: =SUM(C46:N46)/12 -> 30.083333 | P46: =SUM(O46-O45) -> 20.333333 | Q46: =SUM(P46/O45) -> 2.0854701
B47: FY18 | C47: 47 | D47: 45 | E47: 42 | F47: 41 | G47: 38 | H47: 37 | I47: 41 | J47: 39 | K47: 38 | L47: 35 | M47: 37 | N47: 39 | O47: =SUM(C47:N47)/12 -> 39.916667 | P47: =SUM(O47-O46) -> 9.8333333 | Q47: =SUM(P47/O46) -> 0.32686981 | R47: Increase in July due to Bethel vacant cases being assigned to Barrow for coverage
B48: FY19 | C48: 37 | D48: 34 | E48: 32 | F48: 32 | G48: 36 | H48: 38 | I48: 37 | J48: 37 | K48: 33 | L48: 36 | M48: 36 | N48: 32 | O48: =SUM(C48:N48)/12 -> 35 | P48: =SUM(O48-O47) -> -4.9166667 | Q48: =SUM(P48/O47) -> -0.12317328
B49: FY20 | C49: 29 | D49: 29 | E49: 30 | F49: 31 | G49: 30 | H49: 31 | I49: 32 | J49: 33 | K49: 39 | L49: 37 | M49: 40 | N49: 40 | O49: =SUM(C49:N49)/12 -> 33.416667 | P49: =SUM(O49-O48) -> -1.5833333 | Q49: =SUM(P49/O48) -> -0.045238095
B50: FY21 | C50: 39 | D50: 35 | E50: 37 | F50: 37 | G50: 36 | H50: 32 | I50: 33 | J50: 33 | K50: 34 | L50: 32 | M50: 32 | N50: 32 | O50: =SUM(C50:N50)/12 -> 34.333333 | P50: =SUM(O50-O49) -> 0.91666667 | Q50: =SUM(P50/O49) -> 0.027431421
B51: FY22 | C51: 33 | D51: 31 | E51: 28 | F51: 30 | G51: 30 | H51: 29 | I51: 29 | J51: 29 | K51: 31 | L51: 30 | M51: 30 | N51: 30 | O51: =SUM(C51:N51)/12 -> 30 | P51: =SUM(O51-O50) -> -4.3333333 | Q51: =SUM(P51/O50) -> -0.12621359
B52: FY23 | C52: 30 | D52: 31 | E52: 32 | F52: 30 | G52: 30 | H52: 31 | I52: 62 | J52: 65 | K52: 64 | L52: 65 | M52: 69 | N52: 75 | O52: =SUM(C52:N52)/12 -> 48.666667 | P52: =SUM(O52-O51) -> 18.666667 | Q52: =SUM(P52/O51) -> 0.62222222
B53: FY24 | C53: 77 | D53: 81 | E53: 82 | F53: 80 | G53: 80 | H53: 74 | I53: 72 | J53: 77 | K53: 77 | L53: 76 | M53: 79 | N53: 82 | O53: =SUM(C53:N53)/12 -> 78.083333 | P53: =SUM(O53-O52) -> 29.416667 | Q53: =SUM(P53/O52) -> 0.60445205
A55: Bethel Probation Office | B55: Year | C55: Jul | D55: Aug | E55: Sep | F55: Oct | G55: Nov | H55: Dec | I55: Jan | J55: Feb | K55: Mar | L55: Apr | M55: May | N55: June
B56: FY00 | C56: 305 | D56: 299 | E56: 289 | F56: 276 | G56: 277 | H56: 295 | I56: 283 | J56: 273 | K56: 259 | L56: 249 | M56: 241 | N56: 237 | O56: =SUM(C56:N56)/12 -> 273.58333
B57: FY01 | C57: 237 | D57: 230 | E57: 230 | F57: 230 | G57: 231 | H57: 215 | I57: 218 | J57: 212 | K57: 214 | L57: 217 | M57: 220 | N57: 218 | O57: =SUM(C57:N57)/12 -> 222.66667 | P57: =SUM(O57-O56) -> -50.916667 | Q57: =SUM(P57/O56) -> -0.18611027
B58: FY02 | C58: 231 | D58: 230 | E58: 234 | F58: 229 | G58: 230 | H58: 240 | I58: 245 | J58: 250 | K58: 255 | L58: 260 | M58: 265 | N58: 270 | O58: =SUM(C58:N58)/12 -> 244.91667 | P58: =SUM(O58-O57) -> 22.25 | Q58: =SUM(P58/O57) -> 0.09992515
B59: FY03 | C59: 280 | D59: 237 | E59: 253 | F59: 253 | G59: 253 | H59: 253 | I59: 253 | J59: 253 | K59: 253 | L59: 260 | M59: 265 | N59: 270 | O59: =SUM(C59:N59)/12 -> 256.91667 | P59: =SUM(O59-O58) -> 12 | Q59: =SUM(P59/O58) -> 0.048996257
B60: FY04 | C60: 288 | D60: 261 | E60: 258 | F60: 267 | G60: 259 | H60: 267 | I60: 272 | J60: 273 | K60: 300 | L60: 296 | M60: 319 | N60: 317 | O60: =SUM(C60:N60)/12 -> 281.41667 | P60: =SUM(O60-O59) -> 24.5 | Q60: =SUM(P60/O59) -> 0.095361661
B61: FY05 | C61: 297 | D61: 306 | E61: 312 | F61: 311 | G61: 312 | H61: 252 | I61: 312 | J61: 314 | K61: 316 | L61: 235 | M61: 248 | N61: 323 | O61: =SUM(C61:N61)/12 -> 294.83333 | P61: =SUM(O61-O60) -> 13.416667 | Q61: =SUM(P61/O60) -> 0.047675452
B62: FY06 | C62: 322 | D62: 318 | E62: 302 | F62: 299 | G62: 301 | H62: 296 | I62: 286 | J62: 290 | K62: 283 | L62: 284 | M62: 289 | N62: 279 | O62: =SUM(C62:N62)/12 -> 295.75 | P62: =SUM(O62-O61) -> 0.91666667 | Q62: =SUM(P62/O61) -> 0.0031091012
B63: FY07 | C63: 278 | D63: 270 | E63: 262 | F63: 253 | G63: 261 | H63: 259 | I63: 254 | J63: 255 | K63: 249 | L63: 267 | M63: 263 | N63: 250 | O63: =SUM(C63:N63)/12 -> 260.08333 | P63: =SUM(O63-O62) -> -35.666667 | Q63: =SUM(P63/O62) -> -0.12059735
B64: FY08 | C64: 247 | D64: 250 | E64: 240 | F64: 238 | G64: 230 | H64: 228 | I64: 230 | J64: 228 | K64: 226 | L64: 224 | M64: 228 | N64: 233 | O64: =SUM(C64:N64)/12 -> 233.5 | P64: =SUM(O64-O63) -> -26.583333 | Q64: =SUM(P64/O63) -> -0.10221083
B65: FY09 | C65: 212 | D65: 216 | E65: 221 | F65: 228 | G65: 226 | H65: 230 | I65: 222 | J65: 225 | K65: 236 | L65: 242 | M65: 246 | N65: 252 | O65: =SUM(C65:N65)/12 -> 229.66667 | P65: =SUM(O65-O64) -> -3.8333333 | Q65: =SUM(P65/O64) -> -0.016416845
B66: FY10 | C66: 247 | D66: 248 | E66: 247 | F66: 247 | G66: 254 | H66: 258 | I66: 257 | J66: 255 | K66: 252 | L66: 251 | M66: 249 | N66: 259 | O66: =SUM(C66:N66)/12 -> 252 | P66: =SUM(O66-O65) -> 22.333333 | Q66: =SUM(P66/O65) -> 0.09724238
B67: FY11 | C67: 264 | D67: 260 | E67: 262 | F67: 259 | G67: 247 | H67: 238 | I67: 224 | J67: 232 | K67: 239 | L67: 243 | M67: 246 | N67: 247 | O67: =SUM(C67:N67)/12 -> 246.75 | P67: =SUM(O67-O66) -> -5.25 | Q67: =SUM(P67/O66) -> -0.020833333 | R67: 15 SO cases shifted to Kenai
B68: FY12 | C68: 257 | D68: 248 | E68: 250 | F68: 264 | G68: 265 | H68: 270 | I68: 279 | J68: 279 | K68: 266 | L68: 260 | M68: 260 | N68: 272 | O68: =SUM(C68:N68)/12 -> 264.16667 | P68: =SUM(O68-O67) -> 17.416667 | Q68: =SUM(P68/O67) -> 0.070584262
B69: FY13 | C69: 276 | D69: 277 | E69: 283 | F69: 298 | G69: 294 | H69: 295 | I69: 289 | J69: 284 | K69: 288 | L69: 290 | M69: 303 | N69: 300 | O69: =SUM(C69:N69)/12 -> 289.75 | P69: =SUM(O69-O68) -> 25.583333 | Q69: =SUM(P69/O68) -> 0.096845426
B70: FY14 | C70: 305 | D70: 296 | E70: 293 | F70: 294 | G70: 286 | H70: 283 | I70: 274 | J70: 260 | K70: 259 | L70: 266 | M70: 259 | N70: 266 | O70: =SUM(C70:N70)/12 -> 278.41667 | P70: =SUM(O70-O69) -> -11.333333 | Q70: =SUM(P70/O69) -> -0.039114179
B71: FY15 | C71: 256 | D71: 252 | E71: 248 | F71: 249 | G71: 253 | H71: 244 | I71: 234 | J71: 221 | K71: 233 | L71: 230 | M71: 238 | N71: 251 | O71: =SUM(C71:N71)/12 -> 242.41667 | P71: =SUM(O71-O70) -> -36 | Q71: =SUM(P71/O70) -> -0.1293026
B72: FY16 | C72: 254 | D72: 242 | E72: 239 | F72: 236 | G72: 231 | H72: 238 | I72: 229 | J72: 248 | K72: 244 | L72: 254 | M72: 257 | N72: 258 | O72: =SUM(C72:N72)/12 -> 244.16667 | P72: =SUM(O72-O71) -> 1.75 | Q72: =SUM(P72/O71) -> 0.0072189756
B73: FY17 | C73: 255 | D73: 254 | E73: 247 | F73: 241 | G73: 243 | H73: 231 | I73: 230 | J73: 227 | K73: 234 | L73: 233 | M73: 238 | N73: 233 | O73: =SUM(C73:N73)/12 -> 238.83333 | P73: =SUM(O73-O72) -> -5.3333333 | Q73: =SUM(P73/O72) -> -0.021843003
B74: FY18 | C74: 209 | D74: 206 | E74: 206 | F74: 201 | G74: 197 | H74: 190 | I74: 185 | J74: 183 | K74: 148 | L74: 143 | M74: 166 | N74: 170 | O74: =SUM(C74:N74)/12 -> 183.66667 | P74: =SUM(O74-O73) -> -55.166667 | Q74: =SUM(P74/O73) -> -0.23098395 | R74: 26 cases shifted to Kenai
B75: FY19 | C75: 173 | D75: 173 | E75: 171 | F75: 174 | G75: 174 | H75: 175 | I75: 183 | J75: 189 | K75: 198 | L75: 225 | M75: 235 | N75: 254 | O75: =SUM(C75:N75)/12 -> 193.66667 | P75: =SUM(O75-O74) -> 10 | Q75: =SUM(P75/O74) -> 0.054446461
B76: FY20 | C76: 268 | D76: 175 | E76: 179 | F76: 183 | G76: 196 | H76: 202 | I76: 211 | J76: 212 | K76: 210 | L76: 215 | M76: 223 | N76: 223 | O76: =SUM(C76:N76)/12 -> 208.08333 | P76: =SUM(O76-O75) -> 14.416667 | Q76: =SUM(P76/O75) -> 0.07444062
B77: FY21 | C77: 225 | D77: 227 | E77: 222 | F77: 224 | G77: 226 | H77: 228 | I77: 224 | J77: 173 | K77: 211 | L77: 221 | M77: 228 | N77: 229 | O77: =SUM(C77:N77)/12 -> 219.83333 | P77: =SUM(O77-O76) -> 11.75 | Q77: =SUM(P77/O76) -> 0.056467761 | R77: Cases shifted to Fairbanks/Nome/Kotzebue due to staffing issues
B78: FY22 | C78: 242 | D78: 241 | E78: 245 | F78: 246 | G78: 249 | H78: 252 | I78: 257 | J78: 257 | K78: 258 | L78: 257 | M78: 265 | N78: 264 | O78: =SUM(C78:N78)/12 -> 252.75 | P78: =SUM(O78-O77) -> 32.916667 | Q78: =SUM(P78/O77) -> 0.14973465
B79: FY23 | C79: 264 | D79: 269 | E79: 274 | F79: 278 | G79: 278 | H79: 284 | I79: 288 | J79: 290 | K79: 294 | L79: 301 | M79: 289 | N79: 246 | O79: =SUM(C79:N79)/12 -> 279.58333 | P79: =SUM(O79-O78) -> 26.833333 | Q79: =SUM(P79/O78) -> 0.10616551
B80: FY24 | C80: 247 | D80: 196 | E80: 182 | F80: 179 | G80: 181 | H80: 184 | I80: 188 | J80: 185 | K80: 177 | L80: 173 | M80: 170 | N80: 167 | O80: =SUM(C80:N80)/12 -> 185.75 | P80: =SUM(O80-O79) -> -93.833333 | Q80: =SUM(P80/O79) -> -0.33561848
A81: Dillingham Probation Office | B81: Year | C81: Jul | D81: Aug | E81: Sep | F81: Oct | G81: Nov | H81: Dec | I81: Jan | J81: Feb | K81: Mar | L81: Apr | M81: May | N81: June
B82: FY00 | C82: 65 | D82: 62 | E82: 57 | F82: 56 | G82: 52 | H82: 51 | I82: 49 | J82: 55 | K82: 59 | L82: 55 | M82: 54 | N82: 66 | O82: =SUM(C82:N82)/12 -> 56.75
B83: FY01 | C83: 67 | D83: 72 | E83: 72 | F83: 73 | G83: 71 | H83: 74 | I83: 74 | J83: 74 | K83: 70 | L83: 66 | M83: 62 | N83: 63 | O83: =SUM(C83:N83)/12 -> 69.833333 | P83: =SUM(O83-O82) -> 13.083333 | Q83: =SUM(P83/O82) -> 0.23054332
B84: FY02 | C84: 68 | D84: 75 | E84: 74 | F84: 79 | G84: 75 | H84: 74 | I84: 64 | J84: 75 | K84: 76 | L84: 78 | M84: 79 | N84: 81 | O84: =SUM(C84:N84)/12 -> 74.833333 | P84: =SUM(O84-O83) -> 5 | Q84: =SUM(P84/O83) -> 0.071599045
B85: FY03 | C85: 76 | D85: 79 | E85: 76 | F85: 74 | G85: 72 | H85: 70 | I85: 68 | J85: 59 | K85: 67 | L85: 66 | M85: 67 | N85: 64 | O85: =SUM(C85:N85)/12 -> 69.833333 | P85: =SUM(O85-O84) -> -5 | Q85: =SUM(P85/O84) -> -0.066815145
B86: FY04 | C86: 67 | D86: 57 | E86: 57 | F86: 58 | G86: 57 | H86: 60 | I86: 55 | J86: 55 | K86: 64 | L86: 61 | M86: 68 | N86: 67 | O86: =SUM(C86:N86)/12 -> 60.5 | P86: =SUM(O86-O85) -> -9.3333333 | Q86: =SUM(P86/O85) -> -0.13365155
B87: FY05 | C87: 71 | D87: 62 | E87: 61 | F87: 59 | G87: 54 | H87: 56 | I87: 56 | J87: 58 | K87: 60 | L87: 65 | M87: 72 | N87: 75 | O87: =SUM(C87:N87)/12 -> 62.416667 | P87: =SUM(O87-O86) -> 1.9166667 | Q87: =SUM(P87/O86) -> 0.031680441
B88: FY06 | C88: 76 | D88: 73 | E88: 67 | F88: 66 | G88: 66 | H88: 68 | I88: 69 | J88: 72 | K88: 69 | L88: 75 | M88: 73 | N88: 74 | O88: =SUM(C88:N88)/12 -> 70.666667 | P88: =SUM(O88-O87) -> 8.25 | Q88: =SUM(P88/O87) -> 0.13217623
B89: FY07 | C89: 72 | D89: 72 | E89: 71 | F89: 73 | G89: 77 | H89: 76 | I89: 76 | J89: 78 | K89: 74 | L89: 88 | M89: 92 | N89: 76 | O89: =SUM(C89:N89)/12 -> 77.083333 | P89: =SUM(O89-O88) -> 6.4166667 | Q89: =SUM(P89/O88) -> 0.090801887
B90: FY08 | C90: 76 | D90: 79 | E90: 94 | F90: 75 | G90: 79 | H90: 77 | I90: 83 | J90: 83 | K90: 86 | L90: 85 | M90: 82 | N90: 89 | O90: =SUM(C90:N90)/12 -> 82.333333 | P90: =SUM(O90-O89) -> 5.25 | Q90: =SUM(P90/O89) -> 0.068108108
B91: FY09 | C91: 92 | D91: 91 | E91: 95 | F91: 93 | G91: 96 | H91: 94 | I91: 91 | J91: 90 | K91: 91 | L91: 95 | M91: 96 | N91: 73 | O91: =SUM(C91:N91)/12 -> 91.416667 | P91: =SUM(O91-O90) -> 9.0833333 | Q91: =SUM(P91/O90) -> 0.11032389
B92: FY10 | C92: 72 | D92: 72 | E92: 65 | F92: 62 | G92: 61 | H92: 65 | I92: 68 | J92: 70 | K92: 68 | L92: 70 | M92: 71 | N92: 73 | O92: =SUM(C92:N92)/12 -> 68.083333 | P92: =SUM(O92-O91) -> -23.333333 | Q92: =SUM(P92/O91) -> -0.25524157
B93: FY11 | C93: 72 | D93: 70 | E93: 73 | F93: 77 | G93: 74 | H93: 74 | I93: 76 | J93: 75 | K93: 77 | L93: 82 | M93: 85 | N93: 88 | O93: =SUM(C93:N93)/12 -> 76.916667 | P93: =SUM(O93-O92) -> 8.8333333 | Q93: =SUM(P93/O92) -> 0.12974296
B94: FY12 | C94: 88 | D94: 84 | E94: 81 | F94: 81 | G94: 79 | H94: 79 | I94: 77 | J94: 82 | K94: 80 | L94: 73 | M94: 76 | N94: 76 | O94: =SUM(C94:N94)/12 -> 79.666667 | P94: =SUM(O94-O93) -> 2.75 | Q94: =SUM(P94/O93) -> 0.035752979
... B99: FY17 | C99: 52 | D99: 53 | E99: 56 | F99: 51 | G99: 48 | H99: 50 | I99: 51 | J99: 48 | K99: 50 | L99: 52 | M99: 53 | N99: 53 | O99: =SUM(C99:N99)/12 -> 51.416667 | P99: =SUM(O99-O98) -> -10.5 | Q99: =SUM(P99/O98) -> -0.16958277
B100: FY18 | C100: 47 | D100: 47 | E100: 47 | F100: 49 | G100: 46 | H100: 47 | I100: 49 | J100: 47 | K100: 43 | L100: 40 | M100: 3 | N100: 2 | O100: =SUM(C100:N100)/12 -> 38.916667 | P100: =SUM(O100-O99) -> -12.5 | Q100: =SUM(P100/O99) -> -0.24311183 | R100: Cases shifted to Kodiak following PO III retirement
B101: FY19 | C101: 2 | D101: 2 | E101: 2 | F101: 2 | G101: 2 | H101: 2 | I101: 2 | J101: 34 | K101: 2 | L101: 2 | M101: 2 | N101: 1 | O101: =SUM(C101:N101)/12 -> 4.5833333 | P101: =SUM(O101-O100) -> -34.333333 | Q101: =SUM(P101/O100) -> -0.88222698
B102: FY20 | C102: 0 | D102: 0 | E102: 0 | F102: 0 | G102: 0 | H102: 0 | I102: 0 | J102: 0 | K102: 0 | L102: 0 | M102: 0 | N102: 0 | O102: =SUM(C102:N102)/12 -> 0 | P102: =SUM(O102-O101) -> -4.5833333 | Q102: =SUM(P102/O101) -> -1
B103: FY21 | C103: 44 | D103: 45 | E103: 46 | F103: 43 | G103: 45 | H103: 46 | I103: 47 | J103: 46 | K103: 48 | L103: 50 | M103: 52 | N103: 54 | O103: =SUM(C103:N103)/12 -> 47.166667 | P103: =SUM(O103-O102) -> 47.166667 | Q103: =SUM(P103/O102) -> #DIV/0!
B104: FY22 | C104: 75 | D104: 55 | E104: 55 | F104: 54 | G104: 57 | H104: 57 | I104: 56 | J104: 57 | K104: 59 | L104: 59 | M104: 61 | N104: 64 | O104: =SUM(C104:N104)/12 -> 59.083333 | P104: =SUM(O104-O103) -> 11.916667 | Q104: =SUM(P104/O103) -> 0.25265018
B105: FY23 | C105: 64 | D105: 63 | E105: 65 | F105: 65 | G105: 67 | H105: 66 | I105: 68 | J105: 69 | K105: 69 | L105: 71 | M105: 70 | N105: 72 | O105: =SUM(C105:N105)/12 -> 67.416667 | P105: =SUM(O105-O104) -> 8.3333333 | Q105: =SUM(P105/O104) -> 0.14104372
B106: FY24 | C106: 72 | D106: 71 | E106: 72 | F106: 73 | G106: 74 | H106: 71 | I106: 70 | J106: 69 | K106: 69 | L106: 67 | M106: 69 | N106: 68 | O106: =SUM(C106:N106)/12 -> 70.416667 | P106: =SUM(O106-O105) -> 3 | Q106: =SUM(P106/O105) -> 0.044499382
A108: Fairbanks Probation Office | B108: Year | C108: Jul | D108: Aug | E108: Sep | F108: Oct | G108: Nov | H108: Dec | I108: Jan | J108: Feb | K108: Mar | L108: Apr | M108: May | N108: June
B109: FY00 | C109: 683 | D109: 675 | E109: 696 | F109: 659 | G109: 661 | H109: 650 | I109: 666 | J109: 688 | K109: 667 | L109: 670 | M109: 639 | N109: 653 | O109: =SUM(C109:N109)/12 -> 667.25
B110: FY01 | C110: 624 | D110: 643 | E110: 636 | F110: 670 | G110: 642 | H110: 655 | I110: 650 | J110: 660 | K110: 644 | L110: 672 | M110: 658 | N110: 659 | O110: =SUM(C110:N110)/12 -> 651.08333 | P110: =SUM(O110-O109) -> -16.166667 | Q110: =SUM(P110/O109) -> -0.0242288
B111: FY02 | C111: 661 | D111: 673 | E111: 672 | F111: 632 | G111: 611 | H111: 620 | I111: 633 | J111: 653 | K111: 659 | L111: 665 | M111: 671 | N111: 677 | O111: =SUM(C111:N111)/12 -> 652.25 | P111: =SUM(O111-O110) -> 1.1666667 | Q111: =SUM(P111/O110) -> 0.0017918853
B112: FY03 | C112: 561 | D112: 574 | E112: 593 | F112: 589 | G112: 589 | H112: 589 | I112: 589 | J112: 589 | K112: 589 | L112: 589 | M112: 589 | N112: 623 | O112: =SUM(C112:N112)/12 -> 588.58333 | P112: =SUM(O112-O111) -> -63.666667 | Q112: =SUM(P112/O111) -> -0.097610834
B113: FY04 | C113: 585 | D113: 542 | E113: 535 | F113: 545 | G113: 547 | H113: 584 | I113: 608 | J113: 604 | K113: 592 | L113: 599 | M113: 628 | N113: 595 | O113: =SUM(C113:N113)/12 -> 580.33333 | P113: =SUM(O113-O112) -> -8.25 | Q113: =SUM(P113/O112) -> -0.014016707
B114: FY05 | C114: 601 | D114: 626 | E114: 662 | F114: 646 | G114: 635 | H114: 634 | I114: 628 | J114: 656 | K114: 666 | L114: 657 | M114: 576 | N114: 650 | O114: =SUM(C114:N114)/12 -> 636.41667 | P114: =SUM(O114-O113) -> 56.083333 | Q114: =SUM(P114/O113) -> 0.096639862
B115: FY06 | C115: 648 | D115: 660 | E115: 652 | F115: 651 | G115: 646 | H115: 659 | I115: 646 | J115: 702 | K115: 699 | L115: 703 | M115: 711 | N115: 718 | O115: =SUM(C115:N115)/12 -> 674.58333 | P115: =SUM(O115-O114) -> 38.166667 | Q115: =SUM(P115/O114) -> 0.059971193
B116: FY07 | C116: 731 | D116: 726 | E116: 720 | F116: 696 | G116: 731 | H116: 721 | I116: 713 | J116: 701 | K116: 691 | L116: 789 | M116: 764 | N116: 691 | O116: =SUM(C116:N116)/12 -> 722.83333 | P116: =SUM(O116-O115) -> 48.25 | Q116: =SUM(P116/O115) -> 0.071525633
B117: FY08 | C117: 684 | D117: 691 | E117: 716 | F117: 676 | G117: 671 | H117: 676 | I117: 674 | J117: 667 | K117: 669 | L117: 676 | M117: 714 | N117: 718 | O117: =SUM(C117:N117)/12 -> 686 | P117: =SUM(O117-O116) -> -36.833333 | Q117: =SUM(P117/O116) -> -0.050956883
B118: FY09 | C118: 681 | D118: 689 | E118: 680 | F118: 661 | G118: 661 | H118: 678 | I118: 672 | J118: 687 | K118: 677 | L118: 674 | M118: 674 | N118: 691 | O118: =SUM(C118:N118)/12 -> 677.08333 | P118: =SUM(O118-O117) -> -8.9166667 | Q118: =SUM(P118/O117) -> -0.012998056
...

Sheet Qtrly's-Cntsht Book
A1: ANNUAL TOTAL MANDAYS
A2: FY2024 | B2: AVERAGE DAILY INMATE POPULATION
B3: Max | C3: Gen Capacity | G3: AVERAGE QTRLY | H3: Total Quarterly Mandays | L3: AVERAGE QTRLY | M3: Total Quarterly Mandays | Q3: AVERAGE QTRLY | R3: Total Quarterly Mandays | V3: AVERAGE QTRLY | W3: Total Quarterly Mandays | X3: ANNUAL AVERAGE DAILY | Y3: ANNUAL TOTAL MANDAYS | AA3: **PLEASE NOTE FY2024 is a leap year, FY2025 will need to have the formula's adjusted back to a normal year of 365 days**
A4: Institutions | B4: Capactiy | D4: 45108 | E4: 45139 | F4: 45170 | I4: 45200 | J4: 45231 | K4: 45261 | N4: 45292 | O4: 45323 | P4: 45352 | S4: 45383 | T4: 45413 | U4: 45444
A5: Anchorage Complex | B5: 863 | C5: 829 | D5: 752 | E5: 766 | F5: 785 | G5: =SUM(D5:F5)/3 -> 767.66667 | H5: =G5*92 -> 70625.333 | I5: 760 | J5: 768 | K5: 787 | L5: =SUM(I5:K5)/3 -> 771.66667 | M5: =L5*92 -> 70993.333 | N5: 806 | O5: 808 | P5: 790 | Q5: =SUM(N5:P5)/3 -> 801.33333 | R5: =Q5*91 -> 72921.333 | S5: 793 | T5: 795 | U5: 802 | V5: =SUM(S5:U5)/3 -> 796.66667 | W5: =V5*91 -> 72496.667 | X5: =SUM(D5+E5+F5+I5+J5+K5+N5+O5+P5+S5+T5+U5)/12 -> 784.33333 | Y5: =X5*366 -> 287066
A6: Anvil Mountain CC | B6: 128 | C6: 126 | D6: 110 | E6: 109 | F6: 100 | G6: =SUM(D6:F6)/3 -> 106.33333 | H6: =G6*92 -> 9782.6667 | I6: 105 | J6: 108 | K6: 105 | L6: =SUM(I6:K6)/3 -> 106 | M6: =L6*92 -> 9752 | N6: 105 | O6: 111 | P6: 105 | Q6: =SUM(N6:P6)/3 -> 107 | R6: =Q6*91 -> 9737 | S6: 104 | T6: 113 | U6: 109 | V6: =SUM(S6:U6)/3 -> 108.66667 | W6: =V6*91 -> 9888.6667 | X6: =SUM(D6+E6+F6+I6+J6+K6+N6+O6+P6+S6+T6+U6)/12 -> 107 | Y6: =X6*366 -> 39162
A7: Fairbanks CC | B7: 259 | C7: 248 | D7: 226 | E7: 225 | F7: 211 | G7: =SUM(D7:F7)/3 -> 220.66667 | H7: =G7*92 -> 20301.333 | I7: 215 | J7: 210 | K7: 218 | L7: =SUM(I7:K7)/3 -> 214.33333 | M7: =L7*92 -> 19718.667 | N7: 232 | O7: 224 | P7: 219 | Q7: =SUM(N7:P7)/3 -> 225 | R7: =Q7*91 -> 20475 | S7: 236 | T7: 242 | U7: 236 | V7: =SUM(S7:U7)/3 -> 238 | W7: =V7*91 -> 21658 | X7: =SUM(D7+E7+F7+I7+J7+K7+N7+O7+P7+S7+T7+U7)/12 -> 224.5 | Y7: =X7*366 -> 82167
A8: Goose Creek CC | B8: 1472 | C8: 1408 | D8: 1319 | E8: 1298 | F8: 1272 | G8: =SUM(D8:F8)/3 -> 1296.3333 | H8: =G8*92 -> 119262.67 | I8: 1292 | J8: 1273 | K8: 1213 | L8: =SUM(I8:K8)/3 -> 1259.3333 | M8: =L8*92 -> 115858.67 | N8: 1211 | O8: 1187 | P8: 1198 | Q8: =SUM(N8:P8)/3 -> 1198.6667 | R8: =Q8*91 -> 109078.67 | S8: 1186 | T8: 1168 | U8: 1197 | V8: =SUM(S8:U8)/3 -> 1183.6667 | W8: =V8*91 -> 107713.67 | X8: =SUM(D8+E8+F8+I8+J8+K8+N8+O8+P8+S8+T8+U8)/12 -> 1234.5 | Y8: =X8*366 -> 451827
A9: Combined Hiland Mtn CC | B9: 404 | C9: 395 | D9: 342 | E9: 343 | F9: 355 | G9: =SUM(D9:F9)/3 -> 346.66667 | H9: =G9*92 -> 31893.333 | I9: 348 | J9: 340 | K9: 350 | L9: =SUM(I9:K9)/3 -> 346 | M9: =L9*92 -> 31832 | N9: 353 | O9: 341 | P9: 335 | Q9: =SUM(N9:P9)/3 -> 343 | R9: =Q9*91 -> 31213 | S9: 346 | T9: 342 | U9: 355 | V9: =SUM(S9:U9)/3 -> 347.66667 | W9: =V9*91 -> 31637.667 | X9: =SUM(D9+E9+F9+I9+J9+K9+N9+O9+P9+S9+T9+U9)/12 -> 345.83333 | Y9: =X9*366 -> 126575
A10: Ketchikan CC | B10: 58 | C10: 52 | D10: 52 | E10: 50 | F10: 52 | G10: =SUM(D10:F10)/3 -> 51.333333 | H10: =G10*92 -> 4722.6667 | I10: 48 | J10: 49 | K10: 48 | L10: =SUM(I10:K10)/3 -> 48.333333 | M10: =L10*92 -> 4446.6667 | N10: 52 | O10: 51 | P10: 52 | Q10: =SUM(N10:P10)/3 -> 51.666667 | R10: =Q10*91 -> 4701.6667 | S10: 53 | T10: 57 | U10: 48 | V10: =SUM(S10:U10)/3 -> 52.666667 | W10: =V10*91 -> 4792.6667 | X10: =SUM(D10+E10+F10+I10+J10+K10+N10+O10+P10+S10+T10+U10)/12 -> 51 | Y10: =X10*366 -> 18666
A11: Lemon Creek CC | B11: 130 | C11: 124 | D11: 102 | E11: 99 | F11: 100 | G11: =SUM(D11:F11)/3 -> 100.33333 | H11: =G11*92 -> 9230.6667 | I11: 100 | J11: 108 | K11: 109 | L11: =SUM(I11:K11)/3 -> 105.66667 | M11: =L11*92 -> 9721.3333 | N11: 107 | O11: 103 | P11: 108 | Q11: =SUM(N11:P11)/3 -> 106 | R11: =Q11*91 -> 9646 | S11: 112 | T11: 111 | U11: 104 | V11: =SUM(S11:U11)/3 -> 109 | W11: =V11*91 -> 9919 | X11: =SUM(D11+E11+F11+I11+J11+K11+N11+O11+P11+S11+T11+U11)/12 -> 105.25 | Y11: =X11*366 -> 38521.5
A12: Mat-Su CC | B12: 102 | C12: 98 | D12: 86 | E12: 75 | F12: 83 | G12: =SUM(D12:F12)/3 -> 81.333333 | H12: =G12*92 -> 7482.6667 | I12: 89 | J12: 76 | K12: 82 | L12: =SUM(I12:K12)/3 -> 82.333333 | M12: =L12*92 -> 7574.6667 | N12: 84 | O12: 86 | P12: 86 | Q12: =SUM(N12:P12)/3 -> 85.333333 | R12: =Q12*91 -> 7765.3333 | S12: 82 | T12: 85 | U12: 74 | V12: =SUM(S12:U12)/3 -> 80.333333 | W12: =V12*91 -> 7310.3333 | X12: =SUM(D12+E12+F12+I12+J12+K12+N12+O12+P12+S12+T12+U12)/12 -> 82.333333 | Y12: =X12*366 -> 30134
A13: Combined Palmer CC | B13: =338+176 -> 514 | C13: =328+176 -> 504 | D13: 469 | E13: 482 | F13: 489 | G13: =SUM(D13:F13)/3 -> 480 | H13: =G13*92 -> 44160 | I13: 487 | J13: 491 | K13: 485 | L13: =SUM(I13:K13)/3 -> 487.66667 | M13: =L13*92 -> 44865.333 | N13: 484 | O13: 497 | P13: 496 | Q13: =SUM(N13:P13)/3 -> 492.33333 | R13: =Q13*91 -> 44802.333 | S13: 496 | T13: 493 | U13: 487 | V13: =SUM(S13:U13)/3 -> 492 | W13: =V13*91 -> 44772 | X13: =SUM(D13+E13+F13+I13+J13+K13+N13+O13+P13+S13+T13+U13)/12 -> 488 | Y13: =X13*366 -> 178608
A14: Pt. MacKenzie | B14: 128 | C14: 128 | D14: 59 | E14: 58 | F14: 55 | G14: =SUM(D14:F14)/3 -> 57.333333 | H14: =G14*92 -> 5274.6667 | I14: 64 | J14: 66 | K14: 71 | L14: =SUM(I14:K14)/3 -> 67 | M14: =L14*92 -> 6164 | N14: 70 | O14: 63 | P14: 69 | Q14: =SUM(N14:P14)/3 -> 67.333333 | R14: =Q14*91 -> 6127.3333 | S14: 69 | T14: 68 | U14: 63 | V14: =SUM(S14:U14)/3 -> 66.666667 | W14: =V14*91 -> 6066.6667 | X14: =SUM(D14+E14+F14+I14+J14+K14+N14+O14+P14+S14+T14+U14)/12 -> 64.583333 | Y14: =X14*366 -> 23637.5
A15: Spring Creek CC | B15: 551 | C15: 535 | D15: 403 | E15: 407 | F15: 408 | G15: =SUM(D15:F15)/3 -> 406 | H15: =G15*92 -> 37352 | I15: 416 | J15: 414 | K15: 413 | L15: =SUM(I15:K15)/3 -> 414.33333 | M15: =L15*92 -> 38118.667 | N15: 396 | O15: 374 | P15: 373 | Q15: =SUM(N15:P15)/3 -> 381 | R15: =Q15*91 -> 34671 | S15: 373 | T15: 370 | U15: 372 | V15: =SUM(S15:U15)/3 -> 371.66667 | W15: =V15*91 -> 33821.667 | X15: =SUM(D15+E15+F15+I15+J15+K15+N15+O15+P15+S15+T15+U15)/12 -> 393.25 | Y15: =X15*366 -> 143929.5
A16: Combined Wildwood CC* | B16: =360+116 -> 476 | C16: =354+111 -> 465 | D16: 433 | E16: 438 | F16: 449 | G16: =SUM(D16:F16)/3 -> 440 | H16: =G16*92 -> 40480 | I16: 438 | J16: 425 | K16: 425 | L16: =SUM(I16:K16)/3 -> 429.33333 | M16: =L16*92 -> 39498.667 | N16: 411 | O16: 439 | P16: 440 | Q16: =SUM(N16:P16)/3 -> 430 | R16: =Q16*91 -> 39130 | S16: 429 | T16: 421 | U16: 425 | V16: =SUM(S16:U16)/3 -> 425 | W16: =V16*91 -> 38675 | X16: =SUM(D16+E16+F16+I16+J16+K16+N16+O16+P16+S16+T16+U16)/12 -> 431.08333 | Y16: =X16*366 -> 157776.5
A17: Yukon-Kuskokwim CC | B17: 200 | C17: 189 | D17: 138 | E17: 146 | F17: 153 | G17: =SUM(D17:F17)/3 -> 145.66667 | H17: =G17*92 -> 13401.333 | I17: 133 | J17: 130 | K17: 130 | L17: =SUM(I17:K17)/3 -> 131 | M17: =L17*92 -> 12052 | N17: 124 | O17: 124 | P17: 137 | Q17: =SUM(N17:P17)/3 -> 128.33333 | R17: =Q17*91 -> 11678.333 | S17: 130 | T17: 138 | U17: 136 | V17: =SUM(S17:U17)/3 -> 134.66667 | W17: =V17*91 -> 12254.667 | X17: =SUM(D17+E17+F17+I17+J17+K17+N17+O17+P17+S17+T17+U17)/12 -> 134.91667 | Y17: =X17*366 -> 49379.5
A18: Tents | D18: 0 | E18: 0 | F18: 0 | G18: =SUM(D18:F18)/3 -> 0 | H18: =G18*92 -> 0 | L18: =SUM(I18:K18)/3 -> 0 | M18: =L18*92 -> 0 | Q18: =SUM(N18:P18)/3 -> 0 | R18: =Q18*91 -> 0 | S18: - | T18: - | U18: - | V18: =SUM(S18:U18)/3 -> 0 | W18: =V18*91 -> 0 | X18: 0 | Y18: =X18*366 -> 0
A19: TOTAL INSTITUTIONS | D19: =SUM(D5:D18) -> 4491 | E19: =SUM(E5:E18) -> 4496 | F19: =SUM(F5:F18) -> 4512 | G19: =SUM(D19:F19)/3 -> 4499.6667 | H19: =G19*92 -> 413969.33 | I19: =SUM(I5:I18) -> 4495 | J19: =SUM(J5:J18) -> 4458 | K19: =SUM(K5:K18) -> 4436 | L19: =SUM(I19:K19)/3 -> 4463 | M19: =L19*92 -> 410596 | N19: =SUM(N5:N18) -> 4435 | O19: =SUM(O5:O18) -> 4408 | P19: =SUM(P5:P18) -> 4408 | Q19: =SUM(N19:P19)/3 -> 4417 | R19: =Q19*91 -> 401947 | S19: =SUM(S5:S18) -> 4409 | T19: =SUM(T5:T17) -> 4403 | U19: =SUM(U5:U18) -> 4408 | V19: =SUM(S19:U19)/3 -> 4406.6667 | W19: =V19*91 -> 401006.67 | X19: =SUM(D19+E19+F19+I19+J19+K19+N19+O19+P19+S19+T19+U19)/12 -> 4446.5833 | Y19: =X19*366 -> 1627449.5
A20: Other | R20: =Q20*91 -> 0 | Y20: =X20*366 -> 0
A21: CRC's (Use Monthly Avgs Tab) | B21: 510 | C21: - | D21: 373 | E21: 381 | F21: 384 | G21: =SUM(D21:F21)/3 -> 379.33333 | H21: =G21*92 -> 34898.667 | I21: 402 | J21: 393 | K21: 373 | L21: =SUM(I21:K21)/3 -> 389.33333 | M21: =L21*92 -> 35818.667 | N21: 368 | O21: 398 | P21: 387 | Q21: =SUM(N21:P21)/3 -> 384.33333 | R21: =Q21*91 -> 34974.333 | S21: 387 | T21: 402 | U21: 396 | V21: =SUM(S21:U21)/3 -> 395 | W21: =V21*91 -> 35945 | X21: =SUM(D21+E21+F21+I21+J21+K21+N21+O21+P21+S21+T21+U21)/12 -> 387 | Y21: =X21*366 -> 141642
A22: CRC Offender Supervision | B22: - | C22: - | D22: 0 | E22: 0 | F22: 0 | G22: =SUM(D22:F22)/3 -> 0 | H22: =G22*92 -> 0 | I22: 0 | J22: 0 | K22: 0 | L22: =SUM(I22:K22)/3 -> 0 | M22: =L22*92 -> 0 | N22: 0 | O22: 0 | P22: 0 | Q22: =SUM(N22:P22)/3 -> 0 | R22: =Q22*91 -> 0 | S22: 0 | T22: 0 | U22: 0 | V22: =SUM(S22:U22)/3 -> 0 | W22: =V22*91 -> 0 | X22: =SUM(D22+E22+F22+I22+J22+K22+N22+O22+P22+S22+T22+U22)/12 -> 0 | Y22: =X22*366 -> 0
A23: Treatment Beds | B23: 19 | C23: - | D23: 24 | E23: 25 | F23: 21 | G23: =SUM(D23:F23)/3 -> 23.333333 | H23: =G23*92 -> 2146.6667 | I23: 20 | J23: 18 | K23: 19 | L23: =SUM(I23:K23)/3 -> 19 | M23: =L23*92 -> 1748 | N23: 19 | O23: 23 | P23: 25 | Q23: =SUM(N23:P23)/3 -> 22.333333 | R23: =Q23*91 -> 2032.3333 | S23: 25 | T23: 20 | U23: 18 | V23: =SUM(S23:U23)/3 -> 21 | W23: =V23*91 -> 1911 | X23: =SUM(D23+E23+F23+I23+J23+K23+N23+O23+P23+S23+T23+U23)/12 -> 21.416667 | Y23: =X23*366 -> 7838.5
A24: Electronic Monitoring | B24: n/a | C24: - | D24: 207 | E24: 211 | F24: 218 | G24: =SUM(D24:F24)/3 -> 212 | H24: =G24*92 -> 19504 | I24: 226 | J24: 230 | K24: 223 | L24: =SUM(I24:K24)/3 -> 226.33333 | M24: =L24*92 -> 20822.667 | N24: 236 | O24: 257 | P24: 269 | Q24: =SUM(N24:P24)/3 -> 254 | R24: =Q24*91 -> 23114 | S24: 269 | T24: 292 | U24: 291 | V24: =SUM(S24:U24)/3 -> 284 | W24: =V24*91 -> 25844 | X24: =SUM(D24+E24+F24+I24+J24+K24+N24+O24+P24+S24+T24+U24)/12 -> 244.08333 | Y24: =X24*366 -> 89334.5
A25: TWO (New) | B25: n/a | C25: - | D25: 0 | E25: 0 | F25: 0 | G25: =SUM(D25:F25)/3 -> 0 | H25: =G25*92 -> 0 | I25: 0 | J25: 0 | K25: 0 | L25: =SUM(I25:K25)/3 -> 0 | M25: =L25*92 -> 0 | N25: 0 | O25: 0 | P25: 0 | Q25: =SUM(N25:P25)/3 -> 0 | R25: =Q25*91 -> 0 | S25: 0 | T25: 0 | U25: 0 | V25: =SUM(S25:U25)/3 -> 0 | W25: =V25*91 -> 0 | X25: =SUM(D25+E25+F25+I25+J25+K25+N25+O25+P25+S25+T25+U25)/9 -> 0 | Y25: =X25*366 -> 0
A26: Pretrial EM Not Reported | B26: n/a | C26: - | D26: 1357 | E26: 1323 | F26: 1344 | G26: =SUM(D26:F26)/3 -> 1341.3333 | H26: =G26*92 -> 123402.67 | I26: 1365 | J26: 1374 | K26: 1389 | L26: =SUM(I26:K26)/3 -> 1376 | M26: =L26*92 -> 126592 | N26: 1385 | O26: 1363 | P26: 1338 | Q26: =SUM(N26:P26)/3 -> 1362 | R26: =Q26*91 -> 123942 | S26: 1293 | T26: 1273 | U26: 1265 | V26: =SUM(S26:U26)/3 -> 1277 | W26: =V26*91 -> 116207 | X26: =SUM(D26+E26+F26+I26+J26+K26+N26+O26+P26+S26+T26+U26)/12 -> 1339.0833 | Y26: =X26*366 -> 490104.5
A27: Colorado | B27: n/a | C27: - | D27: 0 | E27: 0 | F27: 0 | G27: =SUM(D27:F27)/3 -> 0 | H27: =G27*92 -> 0 | I27: 0 | J27: 0 | K27: 0 | L27: =SUM(I27:K27)/3 -> 0 | M27: =L27*92 -> 0 | N27: 0 | O27: 0 | P27: 0 | Q27: =SUM(N27:P27)/3 -> 0 | R27: =Q27*91 -> 0 | S27: 0 | T27: 0 | U27: 0 | V27: =SUM(S27:U27)/3 -> 0 | W27: =V27*91 -> 0 | X27: 0 | Y27: =X27*366 -> 0
A28: Other Out Of State | B28: n/a | C28: - | D28: 7 | E28: 7 | F28: 7 | G28: =SUM(D28:F28)/3 -> 7 | H28: =G28*92 -> 644 | I28: 7 | J28: 7 | K28: 7 | L28: =SUM(I28:K28)/3 -> 7 | M28: =L28*92 -> 644 | N28: 7 | O28: 7 | P28: 7 | Q28: =SUM(N28:P28)/3 -> 7 | R28: =Q28*91 -> 637 | S28: 7 | T28: 7 | U28: 6 | V28: =SUM(S28:U28)/3 -> 6.6666667 | W28: =V28*91 -> 606.66667 | X28: =SUM(D28+E28+F28+I28+J28+K28+N28+O28+P28+S28+T28+U28)/12 -> 6.9166667 | Y28: =X28*366 -> 2531.5
A29: TOTAL OTHER | D29: =SUM(D21:D28) -> 1968 | E29: =SUM(E21:E28) -> 1947 | F29: =SUM(F21:F28) -> 1974 | G29: =SUM(D29:F29)/3 -> 1963 | H29: =G29*92 -> 180596 | I29: =SUM(I21:I28) -> 2020 | J29: =SUM(J21:J28) -> 2022 | K29: =SUM(K21:K28) -> 2011 | L29: =SUM(I29:K29)/3 -> 2017.6667 | M29: =L29*92 -> 185625.33 | N29: =SUM(N21:N28) -> 2015 | O29: =SUM(O21:O28) -> 2048 | P29: =SUM(P21:P28) -> 2026 | Q29: =SUM(N29:P29)/3 -> 2029.6667 | R29: =Q29*91 -> 184699.67 | S29: =SUM(S21:S28) -> 1981 | T29: =SUM(T21:T28) -> 1994 | U29: =SUM(U21:U28) -> 1976 | V29: =SUM(S29:U29)/3 -> 1983.6667 | W29: =V29*91 -> 180513.67 | X29: =SUM(X21:X28) -> 1998.5 | Y29: =X29*366 -> 731451
A30: GRAND TOTAL | D30: =D19+D29 -> 6459 | E30: =E19+E29 -> 6443 | F30: =F19+F29 -> 6486 | G30: =G19+G29 -> 6462.6667 | H30: =SUM(H19+H29) -> 594565.33 | I30: =I19+I29 -> 6515 | J30: =J19+J29 -> 6480 | K30: =K19+K29 -> 6447 | L30: =SUM(I30:K30)/3 -> 6480.6667 | M30: =SUM(M19+M29) -> 596221.33 | N30: =N19+N29 -> 6450 | O30: =O19+O29 -> 6456 | P30: =P19+P29 -> 6434 | Q30: =SUM(N30:P30)/3 -> 6446.6667 | R30: =Q30*91 -> 586646.67 | S30: =S19+S29 -> 6390 | T30: =T19+T29 -> 6397 | U30: =U19+U29 -> 6384 | V30: =SUM(S30:U30)/3 -> 6390.3333 | W30: =SUM(W19+W29) -> 581520.33 | X30: =X19+X29 -> 6445.0833 | Y30: =X30*366 -> 2358900.5
A33: FY2023 | B33: AVERAGE DAILY INMATE POPULATION
B34: Max | C34: Gen Capacity | G34: AVERAGE QTRLY | H34: Total Quarterly Mandays | L34: AVERAGE QTRLY | M34: Total Quarterly Mandays | Q34: AVERAGE QTRLY | R34: Total Quarterly Mandays | V34: AVERAGE QTRLY | W34: Total Quarterly Mandays | X34: ANNUAL AVERAGE DAILY | Y34: ANNUAL TOTAL MANDAYS
A35: Institutions | B35: Capactiy | D35: 44743 | E35: 44774 | F35: 44805 | I35: 44835 | J35: 44866 | K35: 44896 | N35: 44927 | O35: 44958 | P35: 44986 | S35: 45017 | T35: 45047 | U35: 45078
A36: Anchorage Complex | B36: 863 | C36: 829 | D36: 848.2 | E36: 854.6 | F36: 834 | G36: =SUM(D36:F36)/3 -> 845.6 | H36: =G36*92 -> 77795.2 | I36: 762.5 | J36: 770.8 | K36: 791 | L36: =SUM(I36:K36)/3 -> 774.76667 | M36: =L36*92 -> 71278.533 | N36: 775 | O36: 757 | P36: 781 | Q36: =SUM(N36:P36)/3 -> 771 | R36: =Q36*90 -> 69390 | S36: 777 | T36: 774 | U36: 769 | V36: =SUM(S36:U36)/3 -> 773.33333 | W36: =V36*91 -> 70373.333 | X36: =SUM(D36+E36+F36+I36+J36+K36+N36+O36+P36+S36+T36+U36)/12 -> 791.175 | Y36: =X36*365 -> 288778.88
A37: Anvil Mountain CC | B37: 128 | C37: 126 | D37: 116.8 | E37: 118.3 | F37: 119 | G37: =SUM(D37:F37)/3 -> 118.03333 | H37: =G37*92 -> 10859.067 | I37: 101 | J37: 101.9 | K37: 107 | L37: =SUM(I37:K37)/3 -> 103.3 | M37: =L37*92 -> 9503.6 | N37: 101 | O37: 99 | P37: 100 | Q37: =SUM(N37:P37)/3 -> 100 | R37: =Q37*90 -> 9000 | S37: 102 | T37: 102 | U37: 102 | V37: =SUM(S37:U37)/3 -> 102 | W37: =V37*91 -> 9282 | X37: =SUM(D37+E37+F37+I37+J37+K37+N37+O37+P37+S37+T37+U37)/12 -> 105.83333 | Y37: =X37*365 -> 38629.167
A38: Fairbanks CC | B38: 259 | C38: 248 | D38: 262.3 | E38: 250.4 | F38: 246 | G38: =SUM(D38:F38)/3 -> 252.9 | H38: =G38*92 -> 23266.8 | I38: 228.5 | J38: 229.2 | K38: 228 | L38: =SUM(I38:K38)/3 -> 228.56667 | M38: =L38*92 -> 21028.133 | N38: 227 | O38: 229 | P38: 248 | Q38: =SUM(N38:P38)/3 -> 234.66667 | R38: =Q38*90 -> 21120 | S38: 238 | T38: 235 | U38: 228 | V38: =SUM(S38:U38)/3 -> 233.66667 | W38: =V38*91 -> 21263.667 | X38: =SUM(D38+E38+F38+I38+J38+K38+N38+O38+P38+S38+T38+U38)/12 -> 237.45 | Y38: =X38*365 -> 86669.25
A39: Goose Creek CC | B39: 1472 | C39: 1408 | D39: 1340.3 | E39: 1234.1 | F39: 1249 | G39: =SUM(D39:F39)/3 -> 1274.4667 | H39: =G39*92 -> 117250.93 | I39: 1337.5 | J39: 1364.8 | K39: 1271 | L39: =SUM(I39:K39)/3 -> 1324.4333 | M39: =L39*92 -> 121847.87 | N39: 1268 | O39: 1297 | P39: 1299 | Q39: =SUM(N39:P39)/3 -> 1288 | R39: =Q39*90 -> 115920 | S39: 1316 | T39: 1333 | U39: 1338 | V39: =SUM(S39:U39)/3 -> 1329 | W39: =V39*91 -> 120939 | X39: =SUM(D39+E39+F39+I39+J39+K39+N39+O39+P39+S39+T39+U39)/12 -> 1303.975 | Y39: =X39*365 -> 475950.88
A40: Combined Hiland Mtn CC | B40: 404 | C40: 395 | D40: 348.5 | E40: 353.6 | F40: 357 | G40: =SUM(D40:F40)/3 -> 353.03333 | H40: =G40*92 -> 32479.067 | I40: 360.1 | J40: 345 | K40: 330 | L40: =SUM(I40:K40)/3 -> 345.03333 | M40: =L40*92 -> 31743.067 | N40: 325 | O40: 348 | P40: 343 | Q40: =SUM(N40:P40)/3 -> 338.66667 | R40: =Q40*90 -> 30480 | S40: 355 | T40: 355 | U40: 348 | V40: =SUM(S40:U40)/3 -> 352.66667 | W40: =V40*91 -> 32092.667 | X40: =SUM(D40+E40+F40+I40+J40+K40+N40+O40+P40+S40+T40+U40)/12 -> 347.35 | Y40: =X40*365 -> 126782.75
A41: Ketchikan CC | B41: 58 | C41: 52 | D41: 57.8 | E41: 50.7 | F41: 53 | G41: =SUM(D41:F41)/3 -> 53.833333 | H41: =G41*92 -> 4952.6667 | I41: 51.9 | J41: 46.6 | K41: 43 | L41: =SUM(I41:K41)/3 -> 47.166667 | M41: =L41*92 -> 4339.3333 | N41: 47 | O41: 50 | P41: 49 | Q41: =SUM(N41:P41)/3 -> 48.666667 | R41: =Q41*90 -> 4380 | S41: 50 | T41: 52 | U41: 48 | V41: =SUM(S41:U41)/3 -> 50 | W41: =V41*91 -> 4550 | X41: =SUM(D41+E41+F41+I41+J41+K41+N41+O41+P41+S41+T41+U41)/12 -> 49.916667 | Y41: =X41*365 -> 18219.583
A42: Lemon Creek CC | B42: 232/130 | C42: 226/124 | D42: 215.8 | E42: 217.1 | F42: 203 | G42: =SUM(D42:F42)/3 -> 211.96667 | H42: =G42*92 -> 19500.933 | I42: 174.8 | J42: 121 | K42: 108 | L42: =SUM(I42:K42)/3 -> 134.6 | M42: =L42*92 -> 12383.2 | N42: 119 | O42: 116 | P42: 113 | Q42: =SUM(N42:P42)/3 -> 116 | R42: =Q42*90 -> 10440 | S42: 102 | T42: 103 | U42: 107 | V42: =SUM(S42:U42)/3 -> 104 | W42: =V42*91 -> 9464 | X42: =SUM(D42+E42+F42+I42+J42+K42+N42+O42+P42+S42+T42+U42)/12 -> 141.64167 | Y42: =X42*365 -> 51699.208
A43: Mat-Su CC | B43: 102 | C43: 98 | D43: 83.1 | E43: 88.6 | F43: 77 | G43: =SUM(D43:F43)/3 -> 82.9 | H43: =G43*92 -> 7626.8 | I43: 66.5 | J43: 62.3 | K43: 82 | L43: =SUM(I43:K43)/3 -> 70.266667 | M43: =L43*92 -> 6464.5333 | N43: 91 | O43: 83 | P43: 98 | Q43: =SUM(N43:P43)/3 -> 90.666667 | R43: =Q43*90 -> 8160 | S43: 87 | T43: 87 | U43: 78 | V43: =SUM(S43:U43)/3 -> 84 | W43: =V43*91 -> 7644 | X43: =SUM(D43+E43+F43+I43+J43+K43+N43+O43+P43+S43+T43+U43)/12 -> 81.958333 | Y43: =X43*365 -> 29914.792
A44: Combined Palmer CC | B44: 116 | C44: 116 | D44: =258.9+138.5 -> 397.4 | E44: =274.9+168.4 -> 443.3 | F44: =277.8+170.4 -> 448.2 | G44: =SUM(D44:F44)/3 -> 429.63333 | H44: =G44*92 -> 39526.267 | I44: =282.6+173.5 -> 456.1 | J44: =293.2+170.9 -> 464.1 | K44: =SUM(293.9+165.6) -> 459.5 | L44: =SUM(I44:K44)/3 -> 459.9 | M44: =L44*92 -> 42310.8 | N44: =(289+169) -> 458 | O44: =SUM(289+165) -> 454 | P44: 457 | Q44: =SUM(N44:P44)/3 -> 456.33333 | R44: =Q44*90 -> 41070 | S44: 447 | T44: 434 | U44: 453 | V44: =SUM(S44:U44)/3 -> 444.66667 | W44: =V44*91 -> 40464.667 | X44: =SUM(D44+E44+F44+I44+J44+K44+N44+O44+P44+S44+T44+U44)/12 -> 447.63333 | Y44: =X44*365 -> 163386.17
A45: Pt. MacKenzie | B45: 128 | C45: 128 | D45: 60.5 | E45: 56.3 | F45: 71.8 | G45: =SUM(D45:F45)/3 -> 62.866667 | H45: =G45*92 -> 5783.7333 | I45: 72 | J45: 75 | K45: 73 | L45: =SUM(I45:K45)/3 -> 73.333333 | M45: =L45*92 -> 6746.6667 | N45: 63 | O45: 61 | P45: 65 | Q45: =SUM(N45:P45)/3 -> 63 | R45: =Q45*90 -> 5670 | S45: 64 | T45: 54 | U45: 56 | V45: =SUM(S45:U45)/3 -> 58 | W45: =V45*91 -> 5278 | X45: =SUM(D45+E45+F45+I45+J45+K45+N45+O45+P45+S45+T45+U45)/12 -> 64.3 | Y45: =X45*365 -> 23469.5
A46: Spring Creek CC | B46: 551 | C46: 535 | D46: 349.8 | E46: 378.1 | F46: 387.7 | G46: =SUM(D46:F46)/3 -> 371.86667 | H46: =G46*92 -> 34211.733 | I46: 393 | J46: 396.9 | K46: 402 | L46: =SUM(I46:K46)/3 -> 397.3 | M46: =L46*92 -> 36551.6 | N46: 401 | O46: 406 | P46: 410 | Q46: =SUM(N46:P46)/3 -> 405.66667 | R46: =Q46*90 -> 36510 | S46: 407 | T46: 409 | U46: 407 | V46: =SUM(S46:U46)/3 -> 407.66667 | W46: =V46*91 -> 37097.667 | X46: =SUM(D46+E46+F46+I46+J46+K46+N46+O46+P46+S46+T46+U46)/12 -> 395.625 | Y46: =X46*365 -> 144403.12
A47: Combined Wildwood CC* | B47: =360+116 -> 476 | C47: =354+111 -> 465 | D47: =320.6+129.2 -> 449.8 | E47: =314.7+118.2 -> 432.9 | F47: =311.4+109.3 -> 420.7 | G47: =SUM(D47:F47)/3 -> 434.46667 | H47: =G47*92 -> 39970.933 | I47: =315.8+105.5 -> 421.3 | J47: =316.8+108.2 -> 425 | K47: =SUM(313+108) -> 421 | L47: =SUM(I47:K47)/3 -> 422.43333 | M47: =L47*92 -> 38863.867 | N47: =SUM(306+116) -> 422 | O47: =SUM(306+105) -> 411 | P47: 401 | Q47: =SUM(N47:P47)/3 -> 411.33333 | R47: =Q47*90 -> 37020 | S47: 403 | T47: 413 | U47: 413 | V47: =SUM(S47:U47)/3 -> 409.66667 | W47: =V47*91 -> 37279.667 | X47: =SUM(D47+E47+F47+I47+J47+K47+N47+O47+P47+S47+T47+U47)/12 -> 419.475 | Y47: =X47*365 -> 153108.38
A48: Yukon-Kuskokwim CC | B48: 200 | C48: 189 | D48: 209.2 | E48: 190.6 | F48: 191.5 | G48: =SUM(D48:F48)/3 -> 197.1 | H48: =G48*92 -> 18133.2 | I48: 176.3 | J48: 175.3 | K48: 157 | L48: =SUM(I48:K48)/3 -> 169.53333 | M48: =L48*92 -> 15597.067 | N48: 159 | O48: 161 | P48: 146 | Q48: =SUM(N48:P48)/3 -> 155.33333 | R48: =Q48*90 -> 13980 | S48: 135 | T48: 140 | U48: 149 | V48: =SUM(S48:U48)/3 -> 141.33333 | W48: =V48*91 -> 12861.333 | X48: =SUM(D48+E48+F48+I48+J48+K48+N48+O48+P48+S48+T48+U48)/12 -> 165.825 | Y48: =X48*365 -> 60526.125
A49: Tents | D49: 0 | E49: 0 | F49: 0 | G49: =SUM(D49:F49)/3 -> 0 | H49: =G49*92 -> 0 | L49: =SUM(I49:K49)/3 -> 0 | M49: =L49*92 -> 0 | Q49: =SUM(N49:P49)/3 -> 0 | R49: =Q49*90 -> 0 | S49: - | T49: - | U49: - | V49: =SUM(S49:U49)/3 -> 0 | W49: =V49*91 -> 0 | X49: 0 | Y49: =X49*365 -> 0
A50: TOTAL INSTITUTIONS | D50: =SUM(D36:D49) -> 4739.5 | E50: =SUM(E36:E49) -> 4668.6 | F50: =SUM(F36:F49) -> 4657.9 | G50: =SUM(D50:F50)/3 -> 4688.6667 | H50: =G50*92 -> 431357.33 | I50: =SUM(I36:I49) -> 4601.5 | J50: =SUM(J36:J49) -> 4577.9 | K50: =SUM(K36:K49) -> 4472.5 | L50: =SUM(I50:K50)/3 -> 4550.6333 | M50: =L50*92 -> 418658.27 | N50: =SUM(N36:N49) -> 4456 | O50: =SUM(O36:O49) -> 4472 | P50: =SUM(P36:P49) -> 4510 | Q50: =SUM(N50:P50)/3 -> 4479.3333 | R50: =Q50*90 -> 403140 | S50: =SUM(S36:S49) -> 4483 | T50: =SUM(T36:T48) -> 4491 | U50: =SUM(U36:U49) -> 4496 | V50: =SUM(S50:U50)/3 -> 4490 | W50: =V50*91 -> 408590 | X50: =SUM(D50+E50+F50+I50+J50+K50+N50+O50+P50+S50+T50+U50)/12 -> 4552.1583 | Y50: =X50*365 -> 1661537.8
A51: Other | R51: =Q51*90 -> 0 | Y51: =X51*365 -> 0
A52: CRC's | B52: =463+56 -> 519 | C52: - | D52: 314 | E52: 341 | F52: 359.27 | G52: =SUM(D52:F52)/3 -> 338.09 | H52: =G52*92 -> 31104.28 | I52: 352.03 | J52: 318 | K52: 339 | L52: =SUM(I52:K52)/3 -> 336.34333 | M52: =L52*92 -> 30943.587 | N52: 338 | O52: 364 | P52: 381 | Q52: =SUM(N52:P52)/3 -> 361 | R52: =Q52*90 -> 32490 | S52: 367 | T52: 358 | U52: 358 | V52: =SUM(S52:U52)/3 -> 361 | W52: =V52*91 -> 32851 | X52: =SUM(D52+E52+F52+I52+J52+K52+N52+O52+P52+S52+T52+U52)/12 -> 349.10833 | Y52: =X52*365 -> 127424.54
A53: CRC Offender Supervision | B53: - | C53: - | D53: 0 | E53: 0 | F53: 0 | G53: =SUM(D53:F53)/3 -> 0 | H53: =G53*92 -> 0 | I53: 0 | J53: 0 | K53: 0 | L53: =SUM(I53:K53)/3 -> 0 | M53: =L53*92 -> 0 | N53: 0 | O53: 0 | P53: 0 | Q53: =SUM(N53:P53)/3 -> 0 | R53: =Q53*90 -> 0 | S53: 0 | T53: 0 | U53: 0 | V53: =SUM(S53:U53)/3 -> 0 | W53: =V53*91 -> 0 | X53: =SUM(D53+E53+F53+I53+J53+K53+N53+O53+P53+S53+T53+U53)/12 -> 0 | Y53: =X53*365 -> 0
A54: Treatment Beds | B54: 19 | C54: - | D54: 18 | E54: 17 | F54: 14 | G54: =SUM(D54:F54)/3 -> 16.333333 | H54: =G54*92 -> 1502.6667 | I54: 10.48 | J54: 9 | K54: 23 | L54: =SUM(I54:K54)/3 -> 14.16 | M54: =L54*92 -> 1302.72 | N54: 24 | O54: 22 | P54: 21 | Q54: =SUM(N54:P54)/3 -> 22.333333 | R54: =Q54*90 -> 2010 | S54: 16 | T54: 18 | U54: 18 | V54: =SUM(S54:U54)/3 -> 17.333333 | W54: =V54*91 -> 1577.3333 | X54: =SUM(D54+E54+F54+I54+J54+K54+N54+O54+P54+S54+T54+U54)/12 -> 17.54 | Y54: =X54*365 -> 6402.1
A55: Electronic Monitoring | B55: n/a | C55: - | D55: 182 | E55: 175 | F55: 184 | G55: =SUM(D55:F55)/3 -> 180.33333 | H55: =G55*92 -> 16590.667 | I55: 184 | J55: 193 | K55: 187 | L55: =SUM(I55:K55)/3 -> 188 | M55: =L55*92 -> 17296 | N55: 189 | O55: 190 | P55: 193 | Q55: =SUM(N55:P55)/3 -> 190.66667 | R55: =Q55*90 -> 17160 | S55: 206 | T55: 212 | U55: 212 | V55: =SUM(S55:U55)/3 -> 210 | W55: =V55*91 -> 19110 | X55: =SUM(D55+E55+F55+I55+J55+K55+N55+O55+P55+S55+T55+U55)/12 -> 192.25 | Y55: =X55*365 -> 70171.25
A56: TWO (New) | B56: n/a | C56: - | D56: 0 | E56: 0 | F56: 0 | G56: =SUM(D56:F56)/3 -> 0 | H56: =G56*92 -> 0 | I56: 0 | J56: 0 | K56: 0 | L56: =SUM(I56:K56)/3 -> 0 | M56: =L56*92 -> 0 | N56: 0 | O56: 0 | P56: 0 | Q56: =SUM(N56:P56)/3 -> 0 | R56: =Q56*90 -> 0 | S56: 0 | T56: 0 | U56: 0 | V56: =SUM(S56:U56)/3 -> 0 | W56: =V56*91 -> 0 | X56: =SUM(D56+E56+F56+I56+J56+K56+N56+O56+P56+S56+T56+U56)/12 -> 0 | Y56: =X56*365 -> 0
A57: Pretrial EM Not Reported | B57: n/a | C57: - | D57: 1595 | E57: 1634 | F57: 1655 | G57: =SUM(D57:F57)/3 -> 1628 | H57: =G57*92 -> 149776 | I57: 1576 | J57: 1647 | K57: 1470 | L57: =SUM(I57:K57)/3 -> 1564.3333 | M57: =L57*92 -> 143918.67 | N57: 1607 | O57: 1555 | P57: 1510 | Q57: =SUM(N57:P57)/3 -> 1557.3333 | R57: =Q57*90 -> 140160 | S57: 1473 | T57: 1463 | U57: 1426 | V57: =SUM(S57:U57)/3 -> 1454 | W57: =V57*91 -> 132314 | X57: =SUM(D57+E57+F57+I57+J57+K57+N57+O57+P57+S57+T57+U57)/12 -> 1550.9167 | Y57: =X57*365 -> 566084.58
A58: Colorado | B58: n/a | C58: - | D58: 0 | E58: 0 | F58: 0 | G58: =SUM(D58:F58)/3 -> 0 | H58: =G58*92 -> 0 | I58: 0 | J58: 0 | K58: 0 | L58: =SUM(I58:K58)/3 -> 0 | M58: =L58*92 -> 0 | N58: 0 | O58: 0 | P58: 0 | Q58: =SUM(N58:P58)/3 -> 0 | R58: =Q58*90 -> 0 | S58: 0 | T58: 0 | U58: 0 | V58: =SUM(S58:U58)/3 -> 0 | W58: =V58*91 -> 0 | X58: 0 | Y58: =X58*365 -> 0
A59: Other Out Of State | B59: n/a | C59: - | D59: 8 | E59: 8 | F59: 8 | G59: =SUM(D59:F59)/3 -> 8 | H59: =G59*92 -> 736 | I59: 8 | J59: 8 | K59: 8 | L59: =SUM(I59:K59)/3 -> 8 | M59: =L59*92 -> 736 | N59: 7 | O59: 7 | P59: 7 | Q59: =SUM(N59:P59)/3 -> 7 | R59: =Q59*90 -> 630 | S59: 7 | T59: 7 | U59: 7 | V59: =SUM(S59:U59)/3 -> 7 | W59: =V59*91 -> 637 | X59: =SUM(D59+E59+F59+I59+J59+K59+N59+O59+P59+S59+T59+U59)/12 -> 7.5 | Y59: =X59*365 -> 2737.5
A60: TOTAL OTHER | D60: =SUM(D52:D59) -> 2117 | E60: =SUM(E52:E59) -> 2175 | F60: =SUM(F52:F59) -> 2220.27 | G60: =SUM(D60:F60)/3 -> 2170.7567 | H60: =G60*92 -> 199709.61 | I60: =SUM(I52:I59) -> 2130.51 | J60: =SUM(J52:J59) -> 2175 | K60: =SUM(K52:K59) -> 2027 | L60: =SUM(I60:K60)/3 -> 2110.8367 | M60: =L60*92 -> 194196.97 | N60: =SUM(N52:N59) -> 2165 | O60: =SUM(O52:O59) -> 2138 | P60: =SUM(P52:P59) -> 2112 | Q60: =SUM(N60:P60)/3 -> 2138.3333 | R60: =Q60*90 -> 192450 | S60: =SUM(S52:S59) -> 2069 | T60: =SUM(T52:T59) -> 2058 | U60: =SUM(U52:U59) -> 2021 | V60: =SUM(S60:U60)/3 -> 2049.3333 | W60: =V60*91 -> 186489.33 | X60: =SUM(X52:X59) -> 2117.315 | Y60: =X60*365 -> 772819.97
A61: GRAND TOTAL | D61: =D50+D60 -> 6856.5 | E61: =E50+E60 -> 6843.6 | F61: =F50+F60 -> 6878.17 | G61: =G50+G60 -> 6859.4233 | H61: =SUM(H50+H60) -> 631066.95 | I61: =I50+I60 -> 6732.01 | J61: =J50+J60 -> 6752.9 | K61: =K50+K60 -> 6499.5 | L61: =SUM(I61:K61)/3 -> 6661.47 | M61: =SUM(M50+M60) -> 612855.24 | N61: =N50+N60 -> 6621 | O61: =O50+O60 -> 6610 | P61: =P50+P60 -> 6622 | Q61: =SUM(N61:P61)/3 -> 6617.6667 | R61: =Q61*90 -> 595590 | S61: =S50+S60 -> 6552 | T61: =T50+T60 -> 6549 | U61: =U50+U60 -> 6517 | V61: =SUM(S61:U61)/3 -> 6539.3333 | W61: =SUM(W50+W60) -> 595079.33 | X61: =X50+X60 -> 6669.4733 | Y61: =X61*365 -> 2434357.8
A62: ANNUAL TOTAL MANDAYS
A63: FY2022 | B63: AVERAGE DAILY INMATE POPULATION
B64: Max | C64: Gen Capacity | G64: AVERAGE QTRLY | H64: Total Quarterly Mandays | L64: AVERAGE QTRLY | M64: Total Quarterly Mandays | Q64: AVERAGE QTRLY | R64: Total Quarterly Mandays | V64: AVERAGE QTRLY | W64: Total Quarterly Mandays | X64: ANNUAL AVERAGE DAILY | Y64: ANNUAL TOTAL MANDAYS
A65: Institutions | B65: Capactiy | D65: 44378 | E65: 44409 | F65: 44440 | I65: 44470 | J65: 44501 | K65: 44531 | N65: 44562 | O65: 44593 | P65: 44621 | S65: 44652 | T65: 44682 | U65: 44713
A66: Anchorage Complex | B66: 863 | C66: 829 | D66: 892.4 | E66: 912.6 | F66: 920.5 | G66: =SUM(D66:F66)/3 -> 908.5 | H66: =G66*92 -> 83582 | I66: 929.3 | J66: 821.1 | K66: 805.5 | L66: =SUM(I66:K66)/3 -> 851.96667 | M66: =L66*92 -> 78380.933 | N66: 862 | O66: 894 | P66: 857.3 | Q66: =SUM(N66:P66)/3 -> 871.1 | R66: =Q66*90 -> 78399 | S66: 863 | T66: 881 | U66: 897 | V66: =SUM(S66:U66)/3 -> 880.33333 | W66: =V66*91 -> 80110.333 | X66: =SUM(D66+E66+F66+I66+J66+K66+N66+O66+P66+S66+T66+U66)/12 -> 877.975 | Y66: =X66*365 -> 320460.88
A67: Anvil Mountain CC | B67: 128 | C67: 126 | D67: 145.5 | E67: 149 | F67: 136.2 | G67: =SUM(D67:F67)/3 -> 143.56667 | H67: =G67*92 -> 13208.133 | I67: 136.4 | J67: 145.7 | K67: 141.8 | L67: =SUM(I67:K67)/3 -> 141.3 | M67: =L67*92 -> 12999.6 | N67: 139.9 | O67: 138.35 | P67: 146.3 | Q67: =SUM(N67:P67)/3 -> 141.51667 | R67: =Q67*90 -> 12736.5 | S67: 143 | T67: 147 | U67: 152 | V67: =SUM(S67:U67)/3 -> 147.33333 | W67: =V67*91 -> 13407.333 | X67: =SUM(D67+E67+F67+I67+J67+K67+N67+O67+P67+S67+T67+U67)/12 -> 143.42917 | Y67: =X67*365 -> 52351.646
A68: Fairbanks CC | B68: 259 | C68: 248 | D68: 285.6 | E68: 286.6 | F68: 281.2 | G68: =SUM(D68:F68)/3 -> 284.46667 | H68: =G68*92 -> 26170.933 | I68: 290.8 | J68: 280 | K68: 263.3 | L68: =SUM(I68:K68)/3 -> 278.03333 | M68: =L68*92 -> 25579.067 | N68: 279.8 | O68: 278.17 | P68: 280.1 | Q68: =SUM(N68:P68)/3 -> 279.35667 | R68: =Q68*90 -> 25142.1 | S68: 284 | T68: 283 | U68: 277 | V68: =SUM(S68:U68)/3 -> 281.33333 | W68: =V68*91 -> 25601.333 | X68: =SUM(D68+E68+F68+I68+J68+K68+N68+O68+P68+S68+T68+U68)/12 -> 280.7975 | Y68: =X68*365 -> 102491.09
A69: Goose Creek CC | B69: 1472 | C69: 1408 | D69: 1364.5 | E69: 1367.2 | F69: 1327.2 | G69: =SUM(D69:F69)/3 -> 1352.9667 | H69: =G69*92 -> 124472.93 | I69: 1279.5 | J69: 1370.7 | K69: 1360.3 | L69: =SUM(I69:K69)/3 -> 1336.8333 | M69: =L69*92 -> 122988.67 | N69: 1355.58 | O69: 1339.17 | P69: 1319.48 | Q69: =SUM(N69:P69)/3 -> 1338.0767 | R69: =Q69*90 -> 120426.9 | S69: 1317 | T69: 1243 | U69: 1289 | V69: =SUM(S69:U69)/3 -> 1283 | W69: =V69*91 -> 116753 | X69: =SUM(D69+E69+F69+I69+J69+K69+N69+O69+P69+S69+T69+U69)/12 -> 1327.7192 | Y69: =X69*365 -> 484617.5
A70: Combined Hiland Mtn CC | B70: 404 | C70: 395 | D70: 340.8 | E70: 332.2 | F70: 325.6 | G70: =SUM(D70:F70)/3 -> 332.86667 | H70: =G70*92 -> 30623.733 | I70: 311.8 | J70: 315 | K70: 317.5 | L70: =SUM(I70:K70)/3 -> 314.76667 | M70: =L70*92 -> 28958.533 | N70: 329.61 | O70: 320.21 | P70: 295.9 | Q70: =SUM(N70:P70)/3 -> 315.24 | R70: =Q70*90 -> 28371.6 | S70: 301 | T70: 305 | U70: 320 | V70: =SUM(S70:U70)/3 -> 308.66667 | W70: =V70*91 -> 28088.667 | X70: =SUM(D70+E70+F70+I70+J70+K70+N70+O70+P70+S70+T70+U70)/12 -> 317.885 | Y70: =X70*365 -> 116028.03
A71: Ketchikan CC | B71: 58 | C71: 52 | D71: 56.3 | E71: 51.3 | F71: 47.4 | G71: =SUM(D71:F71)/3 -> 51.666667 | H71: =G71*92 -> 4753.3333 | I71: 46.7 | J71: 42.1 | K71: 47.6 | L71: =SUM(I71:K71)/3 -> 45.466667 | M71: =L71*92 -> 4182.9333 | N71: 48.67 | O71: 54.78 | P71: 59.65 | Q71: =SUM(N71:P71)/3 -> 54.366667 | R71: =Q71*90 -> 4893 | S71: 53 | T71: 56 | U71: 63 | V71: =SUM(S71:U71)/3 -> 57.333333 | W71: =V71*91 -> 5217.3333 | X71: =SUM(D71+E71+F71+I71+J71+K71+N71+O71+P71+S71+T71+U71)/12 -> 52.208333 | Y71: =X71*365 -> 19056.042
A72: Lemon Creek CC | B72: 232 | C72: 226 | D72: 218.2 | E72: 225.1 | F72: 229.8 | G72: =SUM(D72:F72)/3 -> 224.36667 | H72: =G72*92 -> 20641.733 | I72: 208.5 | J72: 202.6 | K72: 207.5 | L72: =SUM(I72:K72)/3 -> 206.2 | M72: =L72*92 -> 18970.4 | N72: 208.54 | O72: 204.5 | P72: 211.7 | Q72: =SUM(N72:P72)/3 -> 208.24667 | R72: =Q72*90 -> 18742.2 | S72: 209 | T72: 213 | U72: 213 | V72: =SUM(S72:U72)/3 -> 211.66667 | W72: =V72*91 -> 19261.667 | X72: =SUM(D72+E72+F72+I72+J72+K72+N72+O72+P72+S72+T72+U72)/12 -> 212.62 | Y72: =X72*365 -> 77606.3
A73: Mat-Su CC | B73: 102 | C73: 98 | D73: 92.5 | E73: 85.2 | F73: 93.3 | G73: =SUM(D73:F73)/3 -> 90.333333 | H73: =G73*92 -> 8310.6667 | I73: 97.1 | J73: 91.9 | K73: 94.6 | L73: =SUM(I73:K73)/3 -> 94.533333 | M73: =L73*92 -> 8697.0667 | N73: 96.9 | O73: 95.39 | P73: 84.55 | Q73: =SUM(N73:P73)/3 -> 92.28 | R73: =Q73*90 -> 8305.2 | S73: 83 | T73: 84 | U73: 95 | V73: =SUM(S73:U73)/3 -> 87.333333 | W73: =V73*91 -> 7947.3333 | X73: =SUM(D73+E73+F73+I73+J73+K73+N73+O73+P73+S73+T73+U73)/12 -> 91.12 | Y73: =X73*365 -> 33258.8
A74: Combined Palmer CC | B74: 116 | C74: 116 | D74: 0 | E74: 0 | F74: 102.4 | G74: =SUM(D74:F74)/3 -> 34.133333 | H74: =G74*92 -> 3140.2667 | I74: 115.5 | J74: 115 | K74: 115 | L74: =SUM(I74:K74)/3 -> 115.16667 | M74: =L74*92 -> 10595.333 | N74: 114.45 | O74: 114 | P74: 133.3 | Q74: =SUM(N74:P74)/3 -> 120.58333 | R74: =Q74*90 -> 10852.5 | S74: 167 | T74: 293 | U74: 302 | V74: =SUM(S74:U74)/3 -> 254 | W74: =V74*91 -> 23114 | X74: =SUM(D74+E74+F74+I74+J74+K74+N74+O74+P74+S74+T74+U74)/12 -> 130.97083 | Y74: =X74*365 -> 47804.354
A75: Pt. MacKenzie | B75: 128 | C75: 128 | D75: 91 | E75: 95.1 | F75: 87.1 | G75: =SUM(D75:F75)/3 -> 91.066667 | H75: =G75*92 -> 8378.1333 | I75: 82 | J75: 82.4 | K75: 76.7 | L75: =SUM(I75:K75)/3 -> 80.366667 | M75: =L75*92 -> 7393.7333 | N75: 79.74 | O75: 72.71 | P75: 62.96 | Q75: =SUM(N75:P75)/3 -> 71.803333 | R75: =Q75*90 -> 6462.3 | S75: 64 | T75: 64 | U75: 60 | V75: =SUM(S75:U75)/3 -> 62.666667 | W75: =V75*91 -> 5702.6667 | X75: =SUM(D75+E75+F75+I75+J75+K75+N75+O75+P75+S75+T75+U75)/12 -> 76.475833 | Y75: =X75*365 -> 27913.679
A76: Spring Creek CC | B76: 551 | C76: 535 | D76: 504 | E76: 498.9 | F76: 482.6 | G76: =SUM(D76:F76)/3 -> 495.16667 | H76: =G76*92 -> 45555.333 | I76: 472.8 | J76: 524.2 | K76: 516.4 | L76: =SUM(I76:K76)/3 -> 504.46667 | M76: =L76*92 -> 46410.933 | N76: 509.93 | O76: 500.82 | P76: 499.4 | Q76: =SUM(N76:P76)/3 -> 503.38333 | R76: =Q76*90 -> 45304.5 | S76: 493 | T76: 369 | U76: 335 | V76: =SUM(S76:U76)/3 -> 399 | W76: =V76*91 -> 36309 | X76: =SUM(D76+E76+F76+I76+J76+K76+N76+O76+P76+S76+T76+U76)/12 -> 475.50417 | Y76: =X76*365 -> 173559.02
A77: Combined Wildwood CC* | B77: =360+116 -> 476 | C77: =354+111 -> 465 | D77: =311.5+130.5 -> 442 | E77: =325.5+108.6 -> 434.1 | F77: =323.4+110.3 -> 433.7 | G77: =SUM(D77:F77)/3 -> 436.6 | H77: =G77*92 -> 40167.2 | I77: =308.5+125 -> 433.5 | J77: =299.5+120.7 -> 420.2 | K77: =301.5+124 -> 425.5 | L77: =SUM(I77:K77)/3 -> 426.4 | M77: =L77*92 -> 39228.8 | N77: =127.48+300.48 -> 427.96 | O77: =126.14+301.35 -> 427.49 | P77: =303.06+112.84 -> 415.9 | Q77: =SUM(N77:P77)/3 -> 423.78333 | R77: =Q77*90 -> 38140.5 | S77: =302+112 -> 414 | T77: =337+126 -> 463 | U77: =343+118.9 -> 461.9 | V77: =SUM(S77:U77)/3 -> 446.3 | W77: =V77*91 -> 40613.3 | X77: =SUM(D77+E77+F77+I77+J77+K77+N77+O77+P77+S77+T77+U77)/12 -> 433.27083 | Y77: =X77*365 -> 158143.85
A78: Yukon-Kuskokwim CC | B78: 200 | C78: 189 | D78: 215.6 | E78: 209.8 | F78: 224 | G78: =SUM(D78:F78)/3 -> 216.46667 | H78: =G78*92 -> 19914.933 | I78: 222.6 | J78: 223.5 | K78: 225.7 | L78: =SUM(I78:K78)/3 -> 223.93333 | M78: =L78*92 -> 20601.867 | N78: 223.23 | O78: 219.07 | P78: 215.5 | Q78: =SUM(N78:P78)/3 -> 219.26667 | R78: =Q78*90 -> 19734 | S78: 225 | T78: 217 | U78: 230 | V78: =SUM(S78:U78)/3 -> 224 | W78: =V78*91 -> 20384 | X78: =SUM(D78+E78+F78+I78+J78+K78+N78+O78+P78+S78+T78+U78)/12 -> 220.91667 | Y78: =X78*365 -> 80634.583
A79: Tents | D79: 0 | E79: 0 | F79: 0 | G79: =SUM(D79:F79)/3 -> 0 | H79: =G79*92 -> 0 | L79: =SUM(I79:K79)/3 -> 0 | M79: =L79*92 -> 0 | N79: 0 | O79: 0 | P79: 0 | Q79: =SUM(N79:P79)/3 -> 0 | R79: =Q79*90 -> 0 | S79: - | T79: - | U79: - | V79: =SUM(S79:U79)/3 -> 0 | W79: =V79*91 -> 0 | X79: 0 | Y79: =X79*365 -> 0
A80: TOTAL INSTITUTIONS | D80: =SUM(D66:D79) -> 4648.4 | E80: =SUM(E66:E79) -> 4647.1 | F80: =SUM(F66:F79) -> 4691 | G80: =SUM(D80:F80)/3 -> 4662.1667 | H80: =G80*92 -> 428919.33 | I80: =SUM(I66:I79) -> 4626.5 | J80: =SUM(J66:J79) -> 4634.4 | K80: =SUM(K66:K79) -> 4597.4 | L80: =SUM(I80:K80)/3 -> 4619.4333 | M80: =L80*92 -> 424987.87 | N80: =SUM(N66:N79) -> 4676.31 | O80: =SUM(O66:O79) -> 4658.66 | P80: =SUM(P66:P79) -> 4582.04 | Q80: =SUM(N80:P80)/3 -> 4639.0033 | R80: =Q80*90 -> 417510.3 | S80: =SUM(S66:S79) -> 4616 | T80: =SUM(T66:T78) -> 4618 | U80: =SUM(U66:U79) -> 4694.9 | V80: =SUM(S80:U80)/3 -> 4642.9667 | W80: =V80*91 -> 422509.97 | X80: =SUM(D80+E80+F80+I80+J80+K80+N80+O80+P80+S80+T80+U80)/12 -> 4640.8925 | Y80: =X80*365 -> 1693925.8
A81: Other | R81: =Q81*90 -> 0 | Y81: =X81*365 -> 0
A82: CRC's | B82: =463+56 -> 519 | C82: - | D82: 292.32 | E82: 265.42 | F82: 263.9 | G82: =SUM(D82:F82)/3 -> 273.88 | H82: =G82*92 -> 25196.96 | I82: 276.65 | J82: 261.97 | K82: 278.58 | L82: =SUM(I82:K82)/3 -> 272.4 | M82: =L82*92 -> 25060.8 | N82: 276.96 | O82: 277 | P82: 338 | Q82: =SUM(N82:P82)/3 -> 297.32 | R82: =Q82*90 -> 26758.8 | S82: 360 | T82: 359 | U82: 331 | V82: =SUM(S82:U82)/3 -> 350 | W82: =V82*91 -> 31850 | X82: =SUM(D82+E82+F82+I82+J82+K82+N82+O82+P82+S82+T82+U82)/12 -> 298.4 | Y82: =X82*365 -> 108916
A83: CRC Offender Supervision | B83: - | C83: - | D83: 0 | E83: 0 | F83: 0 | G83: =SUM(D83:F83)/3 -> 0 | H83: =G83*92 -> 0 | I83: 0 | J83: 0 | K83: 0 | L83: =SUM(I83:K83)/3 -> 0 | M83: =L83*92 -> 0 | N83: 0 | O83: 0 | P83: 0 | Q83: =SUM(N83:P83)/3 -> 0 | R83: =Q83*90 -> 0 | S83: 0 | T83: 0 | U83: 0 | V83: =SUM(S83:U83)/3 -> 0 | W83: =V83*91 -> 0 | X83: =SUM(D83+E83+F83+I83+J83+K83+N83+O83+P83+S83+T83+U83)/12 -> 0 | Y83: =X83*365 -> 0
A84: Treatment Beds | B84: 19 | C84: - | D84: 19.23 | E84: 12.39 | F84: 9 | G84: =SUM(D84:F84)/3 -> 13.54 | H84: =G84*92 -> 1245.68 | I84: 12.81 | J84: 8.67 | K84: 6.26 | L84: =SUM(I84:K84)/3 -> 9.2466667 | M84: =L84*92 -> 850.69333 | N84: 9.93 | O84: 9.93 | P84: 17 | Q84: =SUM(N84:P84)/3 -> 12.286667 | R84: =Q84*90 -> 1105.8 | S84: 16 | T84: 17 | U84: 18 | V84: =SUM(S84:U84)/3 -> 17 | W84: =V84*91 -> 1547 | X84: =SUM(D84+E84+F84+I84+J84+K84+N84+O84+P84+S84+T84+U84)/12 -> 13.018333 | Y84: =X84*365 -> 4751.6917
A85: Electronic Monitoring | B85: n/a | C85: - | D85: 187 | E85: 175 | F85: 172 | G85: 187 | H85: =G85*92 -> 17204 | I85: 183 | J85: 193 | K85: 187 | L85: =SUM(I85:K85)/3 -> 187.66667 | M85: =L85*92 -> 17265.333 | N85: 183 | O85: 175 | P85: 161 | Q85: =SUM(N85:P85)/3 -> 173 | R85: =Q85*90 -> 15570 | S85: 159 | T85: 184 | U85: 194 | V85: =SUM(S85:U85)/3 -> 179 | W85: =V85*91 -> 16289 | X85: =SUM(D85+E85+F85+I85+J85+K85+N85+O85+P85+S85+T85+U85)/12 -> 179.41667 | Y85: =X85*365 -> 65487.083
A86: TWO (New) | B86: n/a | C86: - | D86: 0 | E86: 0 | F86: 0 | G86: =SUM(D86:F86)/3 -> 0 | H86: =G86*92 -> 0 | I86: 0 | J86: 0 | K86: 0 | L86: =SUM(I86:K86)/3 -> 0 | M86: =L86*92 -> 0 | N86: 0 | O86: 0 | P86: 0 | Q86: =SUM(N86:P86)/3 -> 0 | R86: =Q86*90 -> 0 | S86: 0 | T86: 0 | U86: 0 | V86: =SUM(S86:U86)/3 -> 0 | W86: =V86*91 -> 0 | X86: =SUM(D86+E86+F86+I86+J86+K86+N86+O86+P86+S86+T86+U86)/12 -> 0 | Y86: =X86*365 -> 0
A87: Pretrial EM Not Reported | B87: n/a | C87: - | D87: 1645 | E87: 1655 | F87: 1642 | G87: =SUM(D87:F87)/3 -> 1647.3333 | H87: =G87*92 -> 151554.67 | I87: 1651 | J87: 1675 | K87: 1673 | L87: =SUM(I87:K87)/3 -> 1666.3333 | M87: =L87*92 -> 153302.67 | N87: 1694 | O87: 1685 | P87: 1628 | Q87: =SUM(N87:P87)/3 -> 1669 | R87: =Q87*90 -> 150210 | S87: 1621 | T87: 1602 | U87: 1595 | V87: =SUM(S87:U87)/3 -> 1606 | W87: =V87*91 -> 146146 | X87: =SUM(D87+E87+F87+I87+J87+K87+N87+O87+P87+S87+T87+U87)/12 -> 1647.1667 | Y87: =X87*365 -> 601215.83
A88: Colorado | B88: n/a | C88: - | D88: 0 | E88: 0 | F88: 0 | G88: =SUM(D88:F88)/3 -> 0 | H88: =G88*92 -> 0 | I88: 0 | J88: 0 | K88: 0 | L88: =SUM(I88:K88)/3 -> 0 | M88: =L88*92 -> 0 | N88: 0 | O88: 0 | P88: 0 | Q88: =SUM(N88:P88)/3 -> 0 | R88: =Q88*90 -> 0 | S88: 0 | T88: 0 | U88: 0 | V88: =SUM(S88:U88)/3 -> 0 | W88: =V88*91 -> 0 | X88: 0 | Y88: =X88*365 -> 0
A89: Other Out Of State | B89: n/a | C89: - | D89: 9 | E89: 9 | F89: 9 | G89: =SUM(D89:F89)/3 -> 9 | H89: =G89*92 -> 828 | I89: 9 | J89: 9 | K89: 9 | L89: =SUM(I89:K89)/3 -> 9 | M89: =L89*92 -> 828 | N89: 8 | O89: 8 | P89: 8 | Q89: =SUM(N89:P89)/3 -> 8 | R89: =Q89*90 -> 720 | S89: 8 | T89: 8 | U89: 8 | V89: =SUM(S89:U89)/3 -> 8 | W89: =V89*91 -> 728 | X89: =SUM(D89+E89+F89+I89+J89+K89+N89+O89+P89+S89+T89+U89)/12 -> 8.5 | Y89: =X89*365 -> 3102.5
A90: TOTAL OTHER | D90: =SUM(D82:D89) -> 2152.55 | E90: =SUM(E82:E89) -> 2116.81 | F90: =SUM(F82:F89) -> 2095.9 | G90: =SUM(D90:F90)/3 -> 2121.7533 | H90: =G90*92 -> 195201.31 | I90: =SUM(I82:I89) -> 2132.46 | J90: =SUM(J82:J89) -> 2147.64 | K90: =SUM(K82:K89) -> 2153.84 | L90: =SUM(I90:K90)/3 -> 2144.6467 | M90: =L90*92 -> 197307.49 | N90: =SUM(N82:N89) -> 2171.89 | O90: =SUM(O82:O89) -> 2154.93 | P90: =SUM(P82:P89) -> 2152 | Q90: =SUM(N90:P90)/3 -> 2159.6067 | R90: =Q90*90 -> 194364.6 | S90: =SUM(S82:S89) -> 2164 | T90: =SUM(T82:T89) -> 2170 | U90: =SUM(U82:U89) -> 2146 | V90: =SUM(S90:U90)/3 -> 2160 | W90: =V90*91 -> 196560 | X90: =SUM(X82:X89) -> 2146.5017 | Y90: =X90*365 -> 783473.11
A91: GRAND TOTAL | D91: =D80+D90 -> 6800.95 | E91: =E80+E90 -> 6763.91 | F91: =F80+F90 -> 6786.9 | G91: =G80+G90 -> 6783.92 | H91: =SUM(H80+H90) -> 624120.64 | I91: =I80+I90 -> 6758.96 | J91: =J80+J90 -> 6782.04 | K91: =K80+K90 -> 6751.24 | L91: =SUM(I91:K91)/3 -> 6764.08 | M91: =SUM(M80+M90) -> 622295.36 | N91: =N80+N90 -> 6848.2 | O91: =O80+O90 -> 6813.59 | P91: =P80+P90 -> 6734.04 | Q91: =SUM(N91:P91)/3 -> 6798.61 | R91: =Q91*90 -> 611874.9 | S91: =S80+S90 -> 6780 | T91: =T80+T90 -> 6788 | U91: =U80+U90 -> 6840.9 | V91: =SUM(S91:U91)/3 -> 6802.9667 | W91: =SUM(W80+W90) -> 619069.97 | X91: =X80+X90 -> 6787.3942 | Y91: =X91*365 -> 2477398.9
A93: ANNUAL TOTAL MANDAYS
A94: FY2021 | B94: AVERAGE DAILY INMATE POPULATION
B95: Max | C95: Gen Capacity | G95: AVERAGE QTRLY | H95: Total Quarterly Mandays | L95: AVERAGE QTRLY | M95: Total Quarterly Mandays | Q95: AVERAGE QTRLY | R95: Total Quarterly Mandays | V95: AVERAGE QTRLY | W95: Total Quarterly Mandays | X95: ANNUAL AVERAGE DAILY | Y95: ANNUAL TOTAL MANDAYS
A96: Institutions | B96: Capactiy | D96: 44013 | E96: 44044 | F96: 44075 | I96: 44105 | J96: 44136 | K96: 44166 | N96: 44197 | O96: 44228 | P96: 44256 | S96: 44287 | T96: 44317 | U96: 44348
A97: Anchorage Complex | B97: 863 | C97: 829 | D97: 811 | E97: 835.5 | F97: 881.3 | G97: =SUM(D97:F97)/3 -> 842.6 | H97: =G97*92 -> 77519.2 | I97: 873.4 | J97: 934.9 | K97: 970.1 | L97: =SUM(I97:K97)/3 -> 926.13333 | M97: =L97*92 -> 85204.267 | N97: 914.8 | O97: 874.2 | P97: 911.2 | Q97: =SUM(N97:P97)/3 -> 900.06667 | R97: =Q97*90 -> 81006 | S97: 901.3 | T97: 873.2 | U97: 881.5 | V97: =SUM(S97:U97)/3 -> 885.33333 | W97: =V97*91 -> 80565.333 | X97: =SUM(D97+E97+F97+I97+J97+K97+N97+O97+P97+S97+T97+U97)/12 -> 888.53333 | Y97: =X97*365 -> 324314.67
A98: Anvil Mountain CC | B98: 128 | C98: 126 | D98: 142.7 | E98: 136.8 | F98: 144 | G98: =SUM(D98:F98)/3 -> 141.16667 | H98: =G98*92 -> 12987.333 | I98: 142.4 | J98: 153 | K98: 131.7 | L98: =SUM(I98:K98)/3 -> 142.36667 | M98: =L98*92 -> 13097.733 | N98: 132.6 | O98: 136.1 | P98: 127.3 | Q98: =SUM(N98:P98)/3 -> 132 | R98: =Q98*90 -> 11880 | S98: 131.9 | T98: 141.5 | U98: 137 | V98: =SUM(S98:U98)/3 -> 136.8 | W98: =V98*91 -> 12448.8 | X98: =SUM(D98+E98+F98+I98+J98+K98+N98+O98+P98+S98+T98+U98)/12 -> 138.08333 | Y98: =X98*365 -> 50400.417
A99: Fairbanks CC | B99: 259 | C99: 248 | D99: 259.5 | E99: 270.9 | F99: 279.9 | G99: =SUM(D99:F99)/3 -> 270.1 | H99: =G99*92 -> 24849.2 | I99: 283.3 | J99: 268.9 | K99: 276.3 | L99: =SUM(I99:K99)/3 -> 276.16667 | M99: =L99*92 -> 25407.333 | N99: 274.6 | O99: 269.8 | P99: 266 | Q99: =SUM(N99:P99)/3 -> 270.13333 | R99: =Q99*90 -> 24312 | S99: 274.5 | T99: 268.4 | U99: 273 | V99: =SUM(S99:U99)/3 -> 271.96667 | W99: =V99*91 -> 24748.967 | X99: =SUM(D99+E99+F99+I99+J99+K99+N99+O99+P99+S99+T99+U99)/12 -> 272.09167 | Y99: =X99*365 -> 99313.458
A100: Goose Creek CC | B100: 1472 | C100: 1408 | D100: 1217.3 | E100: 1220.5 | F100: 1261.9 | G100: =SUM(D100:F100)/3 -> 1233.2333 | H100: =G100*92 -> 113457.47 | I100: 1348.5 | J100: 1303.5 | K100: 1234.5 | L100: =SUM(I100:K100)/3 -> 1295.5 | M100: =L100*92 -> 119186 | N100: 1261.7 | O100: 1248.1 | P100: 1252 | Q100: =SUM(N100:P100)/3 -> 1253.9333 | R100: =Q100*90 -> 112854 | S100: 1305.4 | T100: 1313.2 | U100: 1330.6 | V100: =SUM(S100:U100)/3 -> 1316.4 | W100: =V100*91 -> 119792.4 | X100: =SUM(D100+E100+F100+I100+J100+K100+N100+O100+P100+S100+T100+U100)/12 -> 1274.7667 | Y100: =X100*365 -> 465289.83
A101: Combined Hiland Mtn CC | B101: 404 | C101: 395 | D101: 280 | E101: 301.2 | F101: 309.2 | G101: =SUM(D101:F101)/3 -> 296.8 | H101: =G101*92 -> 27305.6 | I101: 304.1 | J101: 319.2 | K101: 301.8 | L101: =SUM(I101:K101)/3 -> 308.36667 | M101: =L101*92 -> 28369.733 | N101: 325.3 | O101: 320.5 | P101: 319.3 | Q101: =SUM(N101:P101)/3 -> 321.7 | R101: =Q101*90 -> 28953 | S101: 314.8 | T101: 315.4 | U101: 322.4 | V101: =SUM(S101:U101)/3 -> 317.53333 | W101: =V101*91 -> 28895.533 | X101: =SUM(D101+E101+F101+I101+J101+K101+N101+O101+P101+S101+T101+U101)/12 -> 311.1 | Y101: =X101*365 -> 113551.5
A102: Ketchikan CC | B102: 58 | C102: 52 | D102: 60.2 | E102: 54.9 | F102: 53.8 | G102: =SUM(D102:F102)/3 -> 56.3 | H102: =G102*92 -> 5179.6 | I102: 58.6 | J102: 63 | K102: 63.8 | L102: =SUM(I102:K102)/3 -> 61.8 | M102: =L102*92 -> 5685.6 | N102: 68.5 | O102: 65.4 | P102: 58.7 | Q102: =SUM(N102:P102)/3 -> 64.2 | R102: =Q102*90 -> 5778 | S102: 51.8 | T102: 54.6 | U102: 57.4 | V102: =SUM(S102:U102)/3 -> 54.6 | W102: =V102*91 -> 4968.6 | X102: =SUM(D102+E102+F102+I102+J102+K102+N102+O102+P102+S102+T102+U102)/12 -> 59.225 | Y102: =X102*365 -> 21617.125
A103: Lemon Creek CC | B103: 232 | C103: 226 | D103: 224.4 | E103: 228.6 | F103: 239.9 | G103: =SUM(D103:F103)/3 -> 230.96667 | H103: =G103*92 -> 21248.933 | I103: 238.3 | J103: 223.2 | K103: 219.6 | L103: =SUM(I103:K103)/3 -> 227.03333 | M103: =L103*92 -> 20887.067 | N103: 208.5 | O103: 214.8 | P103: 215.4 | Q103: =SUM(N103:P103)/3 -> 212.9 | R103: =Q103*90 -> 19161 | S103: 214.3 | T103: 224.9 | U103: 225.2 | V103: =SUM(S103:U103)/3 -> 221.46667 | W103: =V103*91 -> 20153.467 | X103: =SUM(D103+E103+F103+I103+J103+K103+N103+O103+P103+S103+T103+U103)/12 -> 223.09167 | Y103: =X103*365 -> 81428.458
...

Sheet CRC Avg Info by FY
A1: COMMUNITY RESIDENTIAL CENTERS | B1: FY2024 AVERAGE YEAR TO DATE INMATE POPULATION | N1: ANNUAL AVERAGE POPULATION | O1: ANNUAL TOTAL MANDAYS
B2: 45108 | C2: 45139 | D2: 45170 | E2: 45200 | F2: 45231 | G2: 45261 | H2: 45292 | I2: 45323 | J2: 45352 | K2: 45383 | L2: 45413 | M2: 45444
A3: Community Residential Centers | B3: ='Qtrly''s-Cntsht Book'!D21 -> 373 | C3: ='Qtrly''s-Cntsht Book'!E21 -> 381 | D3: ='Qtrly''s-Cntsht Book'!F21 -> 384 | E3: ='Qtrly''s-Cntsht Book'!I21 -> 402 | F3: ='Qtrly''s-Cntsht Book'!J21 -> 393 | G3: ='Qtrly''s-Cntsht Book'!K21 -> 373 | H3: ='Qtrly''s-Cntsht Book'!N21 -> 368 | I3: ='Qtrly''s-Cntsht Book'!O21 -> 398 | J3: ='Qtrly''s-Cntsht Book'!P21 -> 387 | K3: ='Qtrly''s-Cntsht Book'!S21 -> 387 | L3: ='Qtrly''s-Cntsht Book'!T21 -> 402 | M3: ='Qtrly''s-Cntsht Book'!U21 -> 396 | N3: =SUM(B3:M3)/12 -> 387 | O3: ='Qtrly''s-Cntsht Book'!Y21 -> 141642
A5: COMMUNITY RESIDENTIAL CENTERS | B5: FY2023 AVERAGE YEAR TO DATE INMATE POPULATION | N5: ANNUAL AVERAGE POPULATION | O5: ANNUAL TOTAL MANDAYS
B6: 44751 | C6: 44782 | D6: 44813 | E6: 44843 | F6: 44874 | G6: 44904 | H6: 44935 | I6: 44966 | J6: 44994 | K6: 45025 | L6: 45055 | M6: 45086
A7: Community Residential Centers | B7: ='Qtrly''s-Cntsht Book'!D52 -> 314 | C7: ='Qtrly''s-Cntsht Book'!E52 -> 341 | D7: ='Qtrly''s-Cntsht Book'!F52 -> 359.27 | E7: ='Qtrly''s-Cntsht Book'!I52 -> 352.03 | F7: ='Qtrly''s-Cntsht Book'!J52 -> 318 | G7: ='Qtrly''s-Cntsht Book'!K52 -> 339 | H7: ='Qtrly''s-Cntsht Book'!N52 -> 338 | I7: ='Qtrly''s-Cntsht Book'!O52 -> 364 | J7: ='Qtrly''s-Cntsht Book'!P52 -> 381 | K7: ='Qtrly''s-Cntsht Book'!S52 -> 367 | L7: ='Qtrly''s-Cntsht Book'!T52 -> 358 | M7: ='Qtrly''s-Cntsht Book'!U52 -> 358 | N7: =SUM(B7:M7)/12 -> 349.10833 | O7: ='Qtrly''s-Cntsht Book'!Y52 -> 127424.54
A9: COMMUNITY RESIDENTIAL CENTERS | B9: FY2022 AVERAGE YEAR TO DATE INMATE POPULATION | N9: ANNUAL AVERAGE POPULATION | O9: ANNUAL TOTAL MANDAYS
B10: 44386 | C10: 44417 | D10: 44448 | E10: 44478 | F10: 44509 | G10: 44539 | H10: 44570 | I10: 44601 | J10: 44629 | K10: 44660 | L10: 44690 | M10: 44721
A11: Community Residential Centers | B11: ='Qtrly''s-Cntsht Book'!D82 -> 292.32 | C11: ='Qtrly''s-Cntsht Book'!E82 -> 265.42 | D11: ='Qtrly''s-Cntsht Book'!F82 -> 263.9 | E11: ='Qtrly''s-Cntsht Book'!I82 -> 276.65 | F11: ='Qtrly''s-Cntsht Book'!J82 -> 261.97 | G11: ='Qtrly''s-Cntsht Book'!K82 -> 278.58 | H11: ='Qtrly''s-Cntsht Book'!N82 -> 276.96 | I11: ='Qtrly''s-Cntsht Book'!O82 -> 277 | J11: ='Qtrly''s-Cntsht Book'!P82 -> 338 | K11: ='Qtrly''s-Cntsht Book'!S82 -> 360 | L11: ='Qtrly''s-Cntsht Book'!T82 -> 359 | M11: ='Qtrly''s-Cntsht Book'!U82 -> 331 | N11: =SUM(B11:M11)/12 -> 298.4 | O11: ='Qtrly''s-Cntsht Book'!Y82 -> 108916
A13: COMMUNITY RESIDENTIAL CENTERS | B13: FY2021 AVERAGE YEAR TO DATE INMATE POPULATION | N13: ANNUAL AVERAGE POPULATION | O13: FY2004 ANNUAL TOTAL MANDAYS
B14: 44021 | C14: 44052 | D14: 44083 | E14: 44113 | F14: 44144 | G14: 44174 | H14: 44205 | I14: 44236 | J14: 44264 | K14: 44295 | L14: 44325 | M14: 44356
A15: Community Residential Centers | B15: ='Qtrly''s-Cntsht Book'!D113 -> 269.77 | C15: ='Qtrly''s-Cntsht Book'!E113 -> 282.77 | D15: ='Qtrly''s-Cntsht Book'!F113 -> 293.97 | E15: ='Qtrly''s-Cntsht Book'!I113 -> 286.71 | F15: ='Qtrly''s-Cntsht Book'!J113 -> 272.07 | G15: ='Qtrly''s-Cntsht Book'!K113 -> 237.19 | H15: ='Qtrly''s-Cntsht Book'!N113 -> 233.81 | I15: ='Qtrly''s-Cntsht Book'!O113 -> 299.96 | J15: ='Qtrly''s-Cntsht Book'!P113 -> 303.29 | K15: ='Qtrly''s-Cntsht Book'!S113 -> 273.54 | L15: ='Qtrly''s-Cntsht Book'!T113 -> 304.71 | M15: ='Qtrly''s-Cntsht Book'!U113 -> 304.2 | N15: =SUM(B15:M15)/12 -> 280.16583 | O15: ='Qtrly''s-Cntsht Book'!Y113 -> 102260.53
A21: Revised: 09/19/24 lj

Sheet COC 2022-2025 COMPARISON
A1: Institutions | B1: 2002 COC | C1: Mandays | D1: Total | F1: 2003 COC | G1: Mandays | H1: Total | I1: 2004 COC | J1: Mandays | K1: Total | L1: 2005 COC | M1: Mandays | N1: Total | O1: 2006 COC | P1: Mandays | Q1: Total | R1: 2007 COC | S1: Mandays | T1: Total | U1: 2008 COC | V1: Mandays | W1: Total | X1: 2009 COC | Y1: Mandays | Z1: Total | AA1: 2010 COC | AB1: Mandays | AC1: Total | AD1: 2011 COC | AE1: Mandays | AF1: Total | AG1: 2012 COC | AH1: Mandays | AI1: Total | AJ1: 2013 COC | AK1: Mandays | AL1: Total | AM1: 2015 COC | AN1: Mandays | AO1: Total | AP1: 2017COC | AQ1: Mandays | AR1: Total | AS1: 2019 COC | AT1: Mandays | AU1: Total | AV1: 2020 COC | AW1: Mandays | AX1: Total | AY1: 2022 COC | AZ1: Mandays | BA1: Total | BB1: 2023 COC | BC1: Mandays | BD1: Total | BE1: 2024 COC | BF1: Mandays | BG1: Total | BH1: 2025 COC | BI1: Mandays | BJ1: Total
A2: Anchorage Complex | B2: 4207448.5 | C2: 26754.5 | D2: 193.5088 | F2: 10007491 | G2: 144625.56 | H2: 106.85322 | I2: 10007491 | J2: 144540 | K2: 105.90032 | L2: 19164084 | M2: 297558 | N2: 99.915962 | O2: 19934909 | P2: 305007.38 | Q2: 95.644882 | R2: 22246649 | S2: 318750.85 | T2: 111.08691 | U2: 24224260 | V2: 353157 | W2: 109.64 | X2: 24473571 | Y2: 356416 | Z2: 109.02 | AA2: 24826079 | AB2: 311948 | AC2: 79.584031 | AD2: 25829995 | AE2: 330692.43 | AF2: 78.108816 | AG2: 26198323 | AH2: 333964.35 | AI2: 78.446466 | AJ2: 28150656 | AK2: 331376.4 | AL2: 84.950697 | AM2: 29509517 | AN2: 322976.94 | AO2: =AM2/AN2 -> 91.367256 | AP2: 30526128 | AQ2: 301420.04 | AR2: =AP2/AQ2 -> 101.27438 | AS2: 32570126 | AT2: 310268 | AU2: =AS2/AT2 -> 104.97417 | AV2: 33571016 | AW2: 309681.51 | AX2: 108.40497 | AY2: 32616972 | AZ2: 324314.67 | BA2: 100.57199 | BB2: 32616972 | BC2: 324314.67 | BD2: 100.57199 | BE2: ='[1]BILLING RATE CALC'!C26 -> 38658393 | BF2: ='[1]BILLING RATE CALC'!D26 -> 288778.88 | BG2: =BE2/BF2 -> 133.86849 | BH2: ='BILLING RATE CALC'!C26 -> 42760025 | BI2: ='BILLING RATE CALC'!D26 -> 287066 | BJ2: =BH2/BI2 -> 148.95538
A3: Anvil Mtn.CC | B3: 3827124.9 | C3: 36429.525 | D3: 141.30305 | F3: 3827124.9 | G3: 38165.586 | H3: 137.93421 | I3: 4077113.6 | J3: 38325 | K3: 143.0461 | L3: 4022696.3 | M3: 39162 | N3: 138.23081 | O3: 4453361.8 | P3: 40348.317 | Q3: 140.65903 | R3: 4921141.9 | S3: 42362.63 | T3: 157.46074 | U3: 5054874.1 | V3: 38831 | W3: 171.22 | X3: 5023661 | Y3: 42158 | Z3: 159.51 | AA3: 5044648.8 | AB3: 49993 | AC3: 100.9071 | AD3: 5649294.1 | AE3: 42563.258 | AF3: 132.72701 | AG3: 5244350.9 | AH3: 41384.308 | AI3: 126.72317 | AJ3: 6006266.8 | AK3: 44895.39 | AL3: 133.7836 | AM3: 6689614.8 | AN3: 44782.458 | AO3: =AM3/AN3 -> 149.38025 | AP3: 6451551 | AQ3: 40615.375 | AR3: =AP3/AQ3 -> 158.84504 | AS3: 6919676.4 | AT3: 45400 | AU3: =AS3/AT3 -> 152.41578 | AV3: 7043154 | AW3: 47985.333 | AX3: 146.77722 | AY3: 7414005.4 | AZ3: 50400.417 | BA3: 147.10207 | BB3: 7414005.4 | BC3: 50400.417 | BD3: 147.10207 | BE3: ='[1]BILLING RATE CALC'!C27 -> 9013820.6 | BF3: ='[1]BILLING RATE CALC'!D27 -> 38629.167 | BG3: =BE3/BF3 -> 233.34235 | BH3: ='BILLING RATE CALC'!C27 -> 9298078.4 | BI3: ='BILLING RATE CALC'!D27 -> 39162 | BJ3: =BH3/BI3 -> 237.42604
A4: Fairbanks CC | B4: 6843374.9 | C4: 76108.583 | D4: 126.1634 | F4: 7166991.1 | G4: 76595.645 | H4: 131.22653 | I4: 7295965.3 | J4: 78110 | K4: 130.06943 | L4: 7181711 | M4: 77958 | N4: 127.63425 | O4: 8221892.4 | P4: 81829.35 | Q4: 130.76219 | R4: 8758697.8 | S4: 103600.08 | T4: 125.83703 | U4: 10231801 | V4: 101283 | W4: 142.06 | X4: 10195356 | Y4: 109736 | Z4: 133.26 | AA4: 9743301 | AB4: 94790 | AC4: 102.78828 | AD4: 10284011 | AE4: 107202.93 | AF4: 95.930318 | AG4: 10008008 | AH4: 101125.68 | AI4: 98.96604 | AJ4: 11263994 | AK4: 101981.63 | AL4: 110.45121 | AM4: 11577122 | AN4: 100018.52 | AO4: =AM4/AN4 -> 115.74978 | AP4: 11556642 | AQ4: 98918.042 | AR4: =AP4/AQ4 -> 116.83048 | AS4: 12690108 | AT4: 98386 | AU4: =AS4/AT4 -> 128.98286 | AV4: 12994397 | AW4: 95268.042 | AX4: 136.39828 | AY4: 12840060 | AZ4: 99313.458 | BA4: 129.28822 | BB4: 12840060 | BC4: 99313.458 | BD4: 129.28822 | BE4: ='[1]BILLING RATE CALC'!C28 -> 15743845 | BF4: ='[1]BILLING RATE CALC'!D28 -> 86669.25 | BG4: =BE4/BF4 -> 181.65434 | BH4: ='BILLING RATE CALC'!C28 -> 15667147 | BI4: ='BILLING RATE CALC'!D28 -> 82167 | BJ4: =BH4/BI4 -> 190.67445
A5: Goose Creek CC | U5: * * * * * * * * * * * * * * * * * * * * * * * * * * * * * * * * * * * * * * * * * * * * * * * * * * * * * * * * * * * * * * * * * * * * * * * * * * * * * * * * * * * * * * * * * * * * * * * * * * * * * * * * * * * * * * * * * * * * * * * * * * * * | X5: * * * * * * * * * * * * | Y5: * * * * * * * * * * * * | Z5: * * * * * * * * * * * * | AA5: * * * * * * * * * * * * | AB5: * * * * * * * * * * * * | AC5: * * * * * * * * * * * * | AD5: ****** | AE5: ***** | AF5: **** | AG5: * * * * * * * * * * * * | AH5: * * * * * * * * * * * * * * | AJ5: 0 | AK5: 0 | AL5: 0 | AM5: 46469735 | AN5: 453733.33 | AO5: =AM5/AN5 -> 102.4164 | AP5: 44848434 | AQ5: 459224.75 | AR5: =AP5/AQ5 -> 97.661186 | AS5: 40528060 | AT5: 486837 | AU5: =AS5/AT5 -> 83.247698 | AV5: 40797542 | AW5: 481404.58 | AX5: 84.746892 | AY5: 47650705 | AZ5: 465289.83 | BA5: 102.4108 | BB5: 47650705 | BC5: 465289.83 | BD5: 102.4108 | BE5: ='[1]BILLING RATE CALC'!C29 -> 50786864 | BF5: ='[1]BILLING RATE CALC'!D29 -> 475950.88 | BG5: =BE5/BF5 -> 106.7061 | BH5: ='BILLING RATE CALC'!C29 -> 51303233 | BI5: ='BILLING RATE CALC'!D29 -> 451827 | BJ5: =BH5/BI5 -> 113.54619
A6: Hiland Mtn.CC | B6: 7142287.1 | C6: 105991.13 | D6: 103.63317 | F6: 7299380 | G6: 103376.09 | H6: 108.2673 | I6: 7299380 | J6: 103295 | K6: 107.32851 | L6: 7398555.7 | M6: 107970 | N6: 104.03561 | O6: 7697246.9 | P6: 113687.98 | Q6: 97.991127 | R6: 8564813.8 | S6: 122196.68 | T6: 111.38408 | U6: 9796565.5 | V6: 121011 | W6: 122 | X6: 9668374.5 | Y6: 140284 | Z6: 109.27 | AA6: 9905372.2 | AB6: 129251 | AC6: 76.636716 | AD6: 10581089 | AE6: 139120.66 | AF6: 76.056916 | AG6: 10367304 | AH6: 146938.35 | AI6: 70.555468 | AJ6: 11545267 | AK6: 151887.25 | AL6: 76.012088 | AM6: 12740802 | AN6: 153873.96 | AO6: =AM6/AN6 -> 82.800245 | AP6: 12729366 | AQ6: 135904.71 | AR6: =AP6/AQ6 -> 93.663904 | AS6: 14155037 | AT6: 113162 | AU6: =AS6/AT6 -> 125.08649 | AV6: 14859856 | AW6: 115078.42 | AX6: 129.12809 | AY6: 15355871 | AZ6: 113551.5 | BA6: 135.23266 | BB6: 15355871 | BC6: 113551.5 | BD6: 135.23266 | BE6: ='[1]BILLING RATE CALC'!C30 -> 19443169 | BF6: ='[1]BILLING RATE CALC'!D30 -> 126782.75 | BG6: =BE6/BF6 -> 153.35816 | BH6: ='BILLING RATE CALC'!C30 -> 20394893 | BI6: ='BILLING RATE CALC'!D30 -> 126575 | BJ6: =BH6/BI6 -> 161.12892
A7: Ketchikan CC | B7: 2759922.4 | C7: 20514.825 | D7: 170.78053 | F7: 2953749.7 | G7: 20327.367 | H7: 182.96637 | I7: 2953749.7 | J7: 20440 | K7: 181.17144 | L7: 2733184.2 | M7: 21594 | N7: 162.08289 | O7: 2914942.7 | P7: 23087.071 | Q7: 156.54477 | R7: 3148961.3 | S7: 23551.899 | T7: 174.99676 | U7: 3501265.6 | V7: 21658 | W7: 202.7 | X7: 3732359.2 | Y7: 21250 | Z7: 215.99 | AA7: 3618116.9 | AB7: 17189 | AC7: 210.49025 | AD7: 3935511.3 | AE7: 22008.04 | AF7: 178.82153 | AG7: 4110405.2 | AH7: 23030.283 | AI7: 178.47827 | AJ7: 4466229.4 | AK7: 23195.555 | AL7: 192.54678 | AM7: 4477204.5 | AN7: 24480.246 | AO7: =AM7/AN7 -> 182.8905 | AP7: 4646328.2 | AQ7: 19545.75 | AR7: =AP7/AQ7 -> 237.71552 | AS7: 4602921.4 | AT7: 18922 | AU7: =AS7/AT7 -> 243.25766 | AV7: 4705407.7 | AW7: 19667.417 | AX7: 239.2489 | AY7: 5178767.9 | AZ7: 21617.125 | BA7: 239.56784 | BB7: 5178767.9 | BC7: 21617.125 | BD7: 239.56784 | BE7: ='[1]BILLING RATE CALC'!C31 -> 5489561.1 | BF7: ='[1]BILLING RATE CALC'!D31 -> 18219.583 | BG7: =BE7/BF7 -> 301.30004 | BH7: ='BILLING RATE CALC'!C31 -> 5870797.4 | BI7: ='BILLING RATE CALC'!D31 -> 18666 | BJ7: =BH7/BI7 -> 314.51824
A8: Lemon Creek CC | B8: 5827761.4 | C8: 61079.708 | D8: 131.65986 | F8: 6041167.7 | G8: 60596.175 | H8: 137.35289 | I8: 6041167.7 | J8: 60590 | K8: 136.36883 | L8: 5955706.8 | M8: 61854 | N8: 131.79796 | O8: 6103915.2 | P8: 65060.946 | Q8: 124.10453 | R8: 6622278 | S8: 72068.946 | T8: 133.18178 | U8: 7491800.2 | V8: 70195 | W8: 147.77 | X8: 7881180.7 | Y8: 75821 | Z8: 144.29 | AA8: 7690593.2 | AB8: 73065 | AC8: 105.25687 | AD8: 8262094.6 | AE8: 77820.738 | AF8: 106.16829 | AG8: 8336468.5 | AH8: 83881.562 | AI8: 99.3838 | AJ8: 9182902.7 | AK8: 85682.125 | AL8: 107.17408 | AM8: 10195510 | AN8: 87468.904 | AO8: =AM8/AN8 -> 116.56154 | AP8: 9970901.7 | AQ8: 81647.458 | AR8: =AP8/AQ8 -> 122.1214 | AS8: 10625942 | AT8: 76084 | AU8: =AS8/AT8 -> 139.66066 | AV8: 10760822 | AW8: 81172.958 | AX8: 132.56659 | AY8: 11282097 | AZ8: 81428.458 | BA8: 138.55227 | BB8: 11282097 | BC8: 81428.458 | BD8: 138.55227 | BE8: ='[1]BILLING RATE CALC'!C32 -> 13135720 | BF8: ='[1]BILLING RATE CALC'!D32 -> 51699.208 | BG8: =BE8/BF8 -> 254.0797 | BH8: ='BILLING RATE CALC'!C32 -> 13901764 | BI8: ='BILLING RATE CALC'!D32 -> 38521.5 | BJ8: =BH8/BI8 -> 360.88325
A9: Mat-Su Pre-Trial | B9: 2699075.6 | C9: 30399.329 | D9: 125.03481 | F9: 2708207.8 | G9: 29603.234 | H9: 129.14087 | I9: 2708207.8 | J9: 29565 | K9: 128.26495 | L9: 2764083.2 | M9: 31842 | N9: 122.31763 | O9: 3048248.6 | P9: 34806.461 | Q9: 117.8632 | R9: 3317571.4 | S9: 36446.102 | T9: 132.32047 | U9: 3707178.2 | V9: 38410 | W9: 137.56 | X9: 3925122.1 | Y9: 41410 | Z9: 135.14 | AA9: 4091395.2 | AB9: 37712 | AC9: 108.49054 | AD9: 4241143.1 | AE9: 38900.118 | AF9: 109.02648 | AG9: 4240361.4 | AH9: 37470.596 | AI9: 113.16504 | AJ9: 4486136.9 | AK9: 35165.585 | AL9: 127.5718 | AM9: 4846980.1 | AN9: 38009.275 | AO9: =AM9/AN9 -> 127.52098 | AP9: 5095669.4 | AQ9: 36630.792 | AR9: =AP9/AQ9 -> 139.10891 | AS9: 6495487.2 | AT9: 31837 | AU9: =AS9/AT9 -> 204.02322 | AV9: 6541858 | AW9: 29838.75 | AX9: 219.24035 | AY9: 7256601.6 | AZ9: 34483.375 | BA9: 210.43768 | BB9: 7256601.6 | BC9: 34483.375 | BD9: 210.43768 | BE9: ='[1]BILLING RATE CALC'!C33 -> 8146283.7 | BF9: ='[1]BILLING RATE CALC'!D33 -> 29914.792 | BG9: =BE9/BF9 -> 272.31624 | BH9: ='BILLING RATE CALC'!C33 -> 8774548.6 | BI9: ='BILLING RATE CALC'!D33 -> 30134 | BJ9: =BH9/BI9 -> 291.18433
A10: Palmer CC | B10: 8207261.6 | C10: 143569.71 | D10: 93.413154 | F10: 8311351.2 | G10: 140173.08 | H10: 96.950848 | I10: 8311351.2 | J10: 140160 | K10: 95.96216 | L10: 8446993.7 | M10: 140544 | N10: 95.613558 | O10: 8922253.4 | P10: 143667.65 | Q10: 92.389534 | R10: 9956649.9 | S10: 148299.5 | T10: 108.43248 | U10: 10900064 | V10: 143253 | W10: 117.13 | X10: 11838881 | Y10: 152147 | Z10: 118.16 | AA10: 12051610 | AB10: 161728 | AC10: 74.517768 | AD10: 12507800 | AE10: 182553.53 | AF10: 68.515795 | AG10: 12108369 | AH10: 183526.56 | AI10: 65.97611 | AJ10: 13367393 | AK10: 183184.52 | AL10: 72.972282 | AM10: 13418699 | AN10: 183310.91 | AO10: =AM10/AN10 -> 73.201859 | AP10: 13075635 | AQ10: 180115.33 | AR10: =AP10/AQ10 -> 72.595901 | AS10: 94820.73 | AT10: 0 | AU10: 0 | AV10: 0 | AW10: 0 | AX10: 0 | AY10: 0 | AZ10: 0 | BA10: 0 | BB10: 0 | BC10: 0 | BD10: 0 | BE10: ='[1]BILLING RATE CALC'!C34 -> 17809539 | BF10: ='[1]BILLING RATE CALC'!D34 -> 163386.17 | BG10: =BE10/BF10 -> 109.00274 | BH10: ='BILLING RATE CALC'!C34 -> 19118157 | BI10: ='BILLING RATE CALC'!D34 -> 178608 | BJ10: =BH10/BI10 -> 107.03976
A11: Pt MacKenzie Farm | I11: 2330932.1 | J11: 34310 | K11: 104.60053 | L11: 2389598.3 | M11: 35136 | N11: 103.5214 | O11: 2644884.7 | P11: 35896.99 | Q11: 103.96595 | R11: 3089261.7 | S11: 35735.507 | T11: 127.74164 | U11: 3626206.7 | V11: 39250 | W11: 133.43 | X11: 3797182.2 | Y11: 44263 | Z11: 126.14 | AA11: 3906004.5 | AB11: 42940 | AC11: 90.964241 | AD11: 3769359.7 | AE11: 42361.596 | AF11: 88.980588 | AG11: 3584193.9 | AH11: 43762.587 | AI11: 81.900867 | AJ11: 3810247 | AK11: 40484.48 | AL11: 94.116238 | AM11: 3051517 | AN11: 32252.008 | AO11: =AM11/AN11 -> 94.61479 | AP11: 206733.59 | AQ11: 1460 | AR11: 0 | AS11: 4294759 | AT11: 31825 | AU11: 0 | AV11: 4773916.4 | AW11: 37306.042 | AX11: 127.96631 | AY11: 5354969.1 | AZ11: 30307.167 | BA11: 176.68986 | BB11: 5354969.1 | BC11: 30307.167 | BD11: 176.68986 | BE11: ='[1]BILLING RATE CALC'!C35 -> 6261926.5 | BF11: ='[1]BILLING RATE CALC'!D35 -> 23469.5 | BG11: =BE11/BF11 -> 266.81124 | BH11: ='BILLING RATE CALC'!C35 -> 6822994.3 | BI11: ='BILLING RATE CALC'!D35 -> 23637.5 | BJ11: =BH11/BI11 -> 288.65127
A12: Spring Creek CC | B12: 13586190 | C12: 188029.75 | D12: 108.50299 | F12: 13814499 | G12: 174111.45 | H12: 117.00021 | I12: 13814499 | J12: 174105 | K12: 116.00893 | L12: 14201185 | M12: 177144 | N12: 115.67889 | O12: 15053553 | P12: 173736.05 | Q12: 116.93222 | R12: 16269860 | S12: 177677.44 | T12: 132.86333 | U12: 18421022 | V12: 172897 | W12: 147.59 | X12: 19526928 | Y12: 196419 | Z12: 139.76 | AA12: 19044803 | AB12: 195304 | AC12: 97.513637 | AD12: 20860193 | AE12: 200418.15 | AF12: 104.08335 | AG12: 21259253 | AH12: 200520 | AI12: 106.02 | AJ12: 23701558 | AK12: 198029.48 | AL12: 119.68701 | AM12: 23895860 | AN12: 168351.08 | AO12: =AM12/AN12 -> 141.94064 | AP12: 22390189 | AQ12: 187704.29 | AR12: =AP12/AQ12 -> 119.28437 | AS12: 22400761 | AT12: 143332 | AU12: =AS12/AT12 -> 156.28583 | AV12: 23899564 | AW12: 166053.71 | AX12: 143.92671 | AY12: 23828615 | AZ12: 186216.92 | BA12: 127.9616 | BB12: 23828615 | BC12: 186216.92 | BD12: 127.9616 | BE12: ='[1]BILLING RATE CALC'!C36 -> 27230886 | BF12: ='[1]BILLING RATE CALC'!D36 -> 144403.12 | BG12: =BE12/BF12 -> 188.57546 | BH12: ='BILLING RATE CALC'!C36 -> 29204790 | BI12: ='BILLING RATE CALC'!D36 -> 143929.5 | BJ12: =BH12/BI12 -> 202.91038
A13: Wildwood CC | B13: 8134816.6 | C13: 130177.86 | D13: 98.73748 | F13: 8641325.7 | G13: 128241.29 | H13: 105.04069 | I13: 8641325.7 | J13: 128115 | K13: 104.11289 | L13: 8271519.8 | M13: 129930 | N13: 99.172782 | O13: 8861688.3 | P13: 129263.53 | Q13: 98.841315 | R13: 9695306.6 | S13: 134469.35 | T13: 113.39418 | U13: 10448269 | V13: 133648 | W13: 119.22 | X13: 10982562 | Y13: 136916 | Z13: 120.56 | AA13: 12067389 | AB13: 132834 | AC13: 90.845634 | AD13: 12779068 | AE13: 139381.94 | AF13: 91.683817 | AG13: 12467852 | AH13: 146610 | AI13: 85.04 | AJ13: 14244441 | AK13: 157539.82 | AL13: 90.418036 | AM13: 15292805 | AN13: 158056.86 | AO13: =AM13/AN13 -> 96.755085 | AP13: 15004487 | AQ13: 146872.96 | AR13: =AP13/AQ13 -> 102.15963 | AS13: 15506331 | AT13: 148795 | AU13: =AS13/AT13 -> 104.21272 | AV13: 16092746 | AW13: 153655.87 | AX13: 104.73239 | AY13: 16939058 | AZ13: 157287.62 | BA13: 107.69479 | BB13: 16939058 | BC13: 157287.62 | BD13: 107.69479 | BE13: ='[1]BILLING RATE CALC'!C37 -> 18702357 | BF13: ='[1]BILLING RATE CALC'!D37 -> 153108.38 | BG13: =BE13/BF13 -> 122.15111 | BH13: ='BILLING RATE CALC'!C37 -> 20195091 | BI13: ='BILLING RATE CALC'!D37 -> 157776.5 | BJ13: =BH13/BI13 -> 127.99809
A14: Yukon Kuskokwim CC | B14: 3868924.8 | C14: 35373.062 | D14: 145.62235 | F14: 4147309.4 | G14: 39512.345 | H14: 142.61973 | I14: 4147309.4 | J14: 39420 | K14: 141.87139 | L14: 4309167.8 | M14: 43920 | N14: 133.62545 | O14: 4247216.1 | P14: 41160.776 | Q14: 133.47211 | R14: 4428785.9 | S14: 42733.592 | T14: 144.93079 | U14: 4844664.5 | V14: 40962 | W14: 159.31 | X14: 5212389.8 | Y14: 39962 | Z14: 170.78 | AA14: 5636452.8 | AB14: 43264 | AC14: 130.28044 | AD14: 5676041.7 | AE14: 46919.837 | AF14: 120.97317 | AG14: 5845332 | AH14: 57401 | AI14: 101.83 | AJ14: 7724430.6 | AK14: 56705.905 | AL14: 136.21916 | AM14: 8442685.9 | AN14: 71491.029 | AO14: =AM14/AN14 -> 118.09434 | AP14: 8415108.7 | AQ14: 67050.5 | AR14: =AP14/AQ14 -> 125.50404 | AS14: 9406646.4 | AT14: 60523 | AU14: =AS14/AT14 -> 155.42267 | AV14: 9772602.4 | AW14: 69207.042 | AX14: 141.20821 | AY14: 9888647.2 | AZ14: 75901.75 | BA14: 130.2822 | BB14: 9888647.2 | BC14: 75901.75 | BD14: 130.2822 | BE14: ='[1]BILLING RATE CALC'!C38 -> 11478695 | BF14: ='[1]BILLING RATE CALC'!D38 -> 60526.125 | BG14: =BE14/BF14 -> 189.6486 | BH14: ='BILLING RATE CALC'!C38 -> 11909251 | BI14: ='BILLING RATE CALC'!D38 -> 49379.5 | BJ14: =BH14/BI14 -> 241.17804
A15: Totals | B15: 80209970 | C15: 1040830.7 | D15: 113.31 | F15: 84520064 | G15: 1096697.2 | H15: 114.96 | I15: 87100985 | J15: 1130770 | K15: 113.69 | L15: 86838486 | M15: 1164612 | N15: 110.08 | O15: 92104112 | P15: 1187552.5 | Q15: 107.42 | R15: 1.0101998e+08 | S15: 1257892.6 | T15: 121.6 | U15: 1.1224797e+08 | V15: 1274555 | W15: 129.11 | X15: 1.1625757e+08 | Y15: 1356782 | Z15: 126.04 | AA15: 1.1762577e+08 | AB15: 1290018 | AC15: 134.21 | AD15: =SUM(AD2:AD14) -> 1.243756e+08 | AE15: =SUM(AE2:AE14) -> 1369943.2 | AF15: 136.44 | AG15: =SUM(AG2:AG14) -> 1.2377022e+08 | AH15: =SUM(AH2:AH14) -> 1399615.3 | AI15: 134.9 | AJ15: =SUM(AJ2:AJ14) -> 1.3794952e+08 | AK15: =SUM(AK2:AK14) -> 1410128.2 | AL15: 147.21 | AM15: =SUM(AM2:AM14) -> 1.9060805e+08 | AN15: =SUM(AN2:AN14) -> 1838805.5 | AO15: 142.66 | AP15: 1.8491717e+08 | AQ15: 1757110 | AR15: 149.62 | AS15: =SUM(AS2:AS14) -> 1.8029067e+08 | AT15: =SUM(AT2:AT14)+1 -> 1565372 | AU15: 168.74 | AV15: 1.8581288e+08 | AW15: 1606319.7 | AX15: 176.23696 | AY15: 1.9560637e+08 | AZ15: 1640112.3 | BA15: 175.99905 | BB15: 1.9560637e+08 | BC15: 1640112.3 | BD15: 175.99905 | BE15: =SUM(BE2:BE14) -> 2.4190106e+08 | BF15: =SUM(BF2:BF14) -> 1661537.8 | BG15: ='[1]BILLING RATE CALC'!J39 -> 202.21197 | BH15: =SUM(BH2:BH14) -> 2.5522077e+08 | BI15: =SUM(BI2:BI14) -> 1627449.5 | BJ15: ='BILLING RATE CALC'!J39 -> 223.69615
AE16: 1369943 | AH16: 1399616 | AJ16: 1.3794952e+08 | AK16: 1410128 | AM16: 1.9060805e+08 | AN16: 1838806 | AP16: 1.8491717e+08 | AQ16: 1757110 | AS16: 1.8029067e+08 | AT16: 1565372 | AV16: 1.8581288e+08 | AW16: 1606319.7 | AY16: 1.9560637e+08 | AZ16: 1640112.3 | BB16: 1.9560637e+08 | BC16: 1640112.3 | BE16: ='[1]BILLING RATE CALC'!C39 -> 2.4190106e+08 | BF16: ='[1]BILLING RATE CALC'!D39 -> 1661537.8 | BH16: ='BILLING RATE CALC'!C39 -> 2.5522077e+08 | BI16: ='BILLING RATE CALC'!D39 -> 1627449.5
A18: The "Total Cost" columns only represent costs associated with the Institutions and does not include other costs. The "Total" column should reflect "Inst. Cost" rate shown on BILLING RATE CALC tab.
A22: Revised: 10/03/24 lj
AC39: ; | AF39: ;

Sheet Sheet1
